Workbook
Name C_: MID(ADDRESS(1,1,1,FALSE),3,1)
Name HeaderAttrRowCount: COUNTA([1]HeaderPrompt!$A:$A)
Name HeaderSheetTypeCode: INDEX(Classification_Attributes!HeaderTypeCodeAll,MATCH(SheetName,Classification_Attributes!HeaderTypeCodeAll,0),1)
Name HeaderSheetTypeCode: INDEX(HeaderTypeCodeAll,MATCH(SheetName,HeaderTypeCodeAll,0),1)
Name HeaderTypeAvaliableAttr: INDIRECT("HeaderPrompt!B"&MATCH(HeaderSheetTypeCode,HeaderTypeCodeAll,0)+1&":B"&MATCH(HeaderSheetTypeCode,HeaderTypeCodeAll,0)+COUNTIF(HeaderTypeCodeAll,HeaderSheetTypeCode))
Name HeaderTypeCode: [1]HeaderPrompt!$A$1
Name HeaderTypeCodeAll: INDIRECT("HeaderPrompt!"&R_&2&C_&COLUMN(HeaderTypeCode)&":"&R_&HeaderAttrRowCount&C_&COLUMN(HeaderTypeCode),FALSE)
Name HeaderTypeCodeAll: INDIRECT("HeaderPrompt!"&R_&2&C_&COLUMN(HeaderTypeCode)&":"&R_&HeaderAttrRowCount&C_&COLUMN(HeaderTypeCode),FALSE)
Name R_: LEFT(ADDRESS(1,1,1,FALSE))
Name SheetName: MID(CELL("filename",INDIRECT("$A$1")),FIND("]",CELL("filename",INDIRECT("$A$1")))+1,255)

Sheet Sheet1
A1: Approval | B1: Article Number*^ | D1: Identifier[en] | E1: Identifier[es_AR] | F1: Description[en] | G1: Description[es_AR]
A2: approved | B2: 30668927 | C2: =B2*1 -> 30668927 | D2: Dermawhite® WF C BC10046 | E2: Dermawhite® WF C BC10046 | F2: <p>Complejo optimizado de&nbsp; extractos de plantas con&nbsp; efecto clareador express</p> | G2: <p>Complejo optimizado de&nbsp; extractos de plantas con&nbsp; efecto clareador express</p>
A3: approved | B3: 30089491 | C3: =B3*1 -> 30089491 | D3: Pluracare® F127 Prill | E3: Pluracare® F127 Prill | F3: <p>Pluracare&reg; F127 Prill es un espesante, gelificante, coemulsionante y agente de cuerpo en dent&iacute;fricos, enjuagues bucales, cremas y emulsiones l&iacute;quidas</p> | G3: <p>Pluracare&reg; F127 Prill es un espesante, gelificante, coemulsionante y agente de cuerpo en dent&iacute;fricos, enjuagues bucales, cremas y emulsiones l&iacute;quidas</p>
A4: approved | B4: 30483790 | C4: =B4*1 -> 30483790 | D4: TINOGARD® TT | E4: TINOGARD® TT
A5: unapproved | B5: 30528720 | C5: =B5*1 -> 30528720 | D5: ISOPROPYL PALMITATE | E5: ISOPROPYL PALMITATE
A6: approved | B6: 30563742 | C6: =B6*1 -> 30563742 | D6: ULTRA FILLING SPHERES® C00487 | E6: ULTRA FILLING SPHERES® C00487 | F6: <p>Microesferas deshidratadas suspendidas al 0,2% en fase oleosa (palmitato de Etilhexilo y Trihidroxiestearina); &Aacute;cido hialur&oacute;nico</p> | G6: <p>Microesferas deshidratadas suspendidas al 0,2% en fase oleosa (palmitato de Etilhexilo y Trihidroxiestearina); &Aacute;cido hialur&oacute;nico</p>
A7: approved | B7: 30756049 | C7: =B7*1 -> 30756049 | D7: SOLUPRAT™ Jabón Líquido | E7: SOLUPRAT™ Jabón Líquido | F7: <p style="margin-left:0cm; margin-right:0cm">La l&iacute;nea <strong>Soluprat &trade;</strong> para el cuidado personal permite satisfacer las principales demandas del mercado de forma &aacute;gil y segura, reduciendo las preocupaciones y tiempo por un nuevo desarrollo. &iexcl;En solo 2 pasos, diluci&oacute;n de la base y personalizaci&oacute;n del producto, tendr&aacute; una formulaci&oacute;n comparable con las principales marcas del mercado!</p> | G7: <p>La l&iacute;nea <strong>Soluprat &trade;</strong> para el cuidado personal permite satisfacer las principales demandas del mercado de forma &aacute;gil y segura, reduciendo las preocupaciones y tiempo por un nuevo desarrollo. &iexcl;En solo 2 pasos, diluci&oacute;n de la base y personalizaci&oacute;n del producto, tendr&aacute; una formulaci&oacute;n comparable con las principales marcas del mercado!</p>
A8: approved | B8: 30677301 | C8: =B8*1 -> 30677301 | D8: Jordapon® SCI Powder | E8: Jordapon® SCI Powder | F8: <p>Isetionato de coco-sodio basado en &aacute;cidos grasos de aceite de coco natural renovable</p> | G8: <p>Isetionato de coco-sodio basado en &aacute;cidos grasos de aceite de coco natural renovable</p>
A9: approved | B9: 30756058 | C9: =B9*1 -> 30756058 | D9: SOLUPRAT™ Ropa Enzimatico | E9: SOLUPRAT™ Ropa Enzimatico | F9: <p>SOLUPRAT&trade; Ropa Enzimatico&nbsp;es la soluci&oacute;n completa de BASF para detergentes l&iacute;quidos que deja el blanco m&aacute;s blanco y colores m&aacute;s brillantes. Una formulaci&oacute;n concentrada, libre de &aacute;cido sulf&oacute;nico,&nbsp; que reduce complejidad y tiempos de proceso en apenas 2 pasos, diluci&oacute;n y personalizaci&oacute;n. SOLUPRAT&trade;, soluci&oacute;n y practicidad para su empresa. Enfocado en eliminar manchas dif&iacute;ciles.</p> | G9: <p>SOLUPRAT&trade; Ropa Enzimatico&nbsp;es la soluci&oacute;n completa de BASF para detergentes l&iacute;quidos que deja el blanco m&aacute;s blanco y colores m&aacute;s brillantes. Una formulaci&oacute;n concentrada, libre de &aacute;cido sulf&oacute;nico,&nbsp; que reduce complejidad y tiempos de proceso en apenas 2 pasos, diluci&oacute;n y personalizaci&oacute;n. SOLUPRAT&trade;, soluci&oacute;n y practicidad para su empresa. Enfocado en eliminar manchas dif&iacute;ciles.</p>
A10: approved | B10: 30061790 | C10: =B10*1 -> 30061790 | D10: PROPYLENGLYCOL USP | E10: PROPYLENGLYCOL USP
A11: unapproved | B11: 30533610 | C11: =B11*1 -> 30533610 | D11: LITCHIDERM LS 9704 | E11: LITCHIDERM LS 9704
A12: approved | B12: 30527783 | C12: =B12*1 -> 30527783 | D12: Emulgade® CM | E12: Emulgade® CM | F12: <p>Emulgade&reg; CM es una emulsi&oacute;n l&iacute;quida concentrada para la preparaci&oacute;n de cremas y lociones, especialmente indicada para toallitas h&uacute;medas.</p> | G12: <p>Emulgade&reg; CM es una emulsi&oacute;n l&iacute;quida concentrada para la preparaci&oacute;n de cremas y lociones, especialmente indicada para toallitas h&uacute;medas.</p>
A13: unapproved | B13: 30043787 | C13: =B13*1 -> 30043787 | D13: POLIGEN WE | F13: POLIGEN WE
A14: approved | B14: 30035116 | C14: =B14*1 -> 30035116 | D14: Uvinul MS 40 | E14: Uvinul MS 40 | F14: <p>Filtro UV de amplio espectro adecuado para aplicaciones de cuidado de la piel, como productos de cuidado facial antienvejecimiento y protectores solares.</p> | G14: <p>Filtro UV de amplio espectro adecuado para aplicaciones de cuidado de la piel, como productos de cuidado facial antienvejecimiento y protectores solares.</p>
A15: approved | B15: 30055079 | C15: =B15*1 -> 30055079 | D15: Uvinul® MC 80 | E15: Uvinul® MC 80
A16: approved | B16: 30658227 | C16: =B16*1 -> 30658227 | D16: Collalift® 18 BC 10014 | E16: Collalift® 18 BC 10014 | F16: <p>Extracto de c&aacute;scara de Khaya senegalensis</p> | G16: <p>Extracto de c&aacute;scara de Khaya senegalensis</p>
A17: unapproved | B17: 30482059 | C17: =B17*1 -> 30482059 | D17: Salcare® SC 91 | E17: Salcare® SC 91 | G17: <p>Polimero com efeito espessante e estabilizante. F&aacute;cil de usar!</p>
A18: approved | B18: 30531250 | C18: =B18*1 -> 30531250 | D18: Cosmedia® SP | E18: Cosmedia® SP | G18: <p>Pol&iacute;mero de sensorial elegante y lujoso em aplicaciones de piel&nbsp;</p>
A19: unapproved | B19: 30531563 | C19: =B19*1 -> 30531563 | D19: DEHYQUART AU | E19: DEHYQUART AU | F19: DEHYQUART AU | G19: DEHYQUART AU
A20: unapproved | B20: 30531383 | C20: =B20*1 -> 30531383 | D20: PLANTAPON LGC SORB | E20: PLANTAPON LGC SORB
A21: approved | B21: 30438349 | C21: =B21*1 -> 30438349 | D21: A00073 SLIM-EXCESS | E21: A00073 SLIM-EXCESS | F21: <p>Hidrolizado de algas rojas</p> | G21: <p>Hidrolizado de algas rojas</p>
A22: approved | B22: 30724608 | C22: =B22*1 -> 30724608 | D22: SOLUPRAT™ Superficies | E22: SOLUPRAT™ Superficies | F22: <p>SOLUPRAT&trade; Superficies es la soluci&oacute;n completa de BASF para todo tipo de limpiadores de superficie que elimina manchas de agua y acelera el secado de superficies. Una formulaci&oacute;n concentrada que reduce complejidad y tiempos de proceso en apenas 2 pasos, diluci&oacute;n y personalizaci&oacute;n. SOLUPRAT&trade;, soluci&oacute;n y practicidad para su empresa.</p> | G22: <p>SOLUPRAT&trade; Superficies es la soluci&oacute;n completa de BASF para todo tipo de limpiadores de superficie que elimina manchas de agua y acelera el secado de superficies. Una formulaci&oacute;n concentrada que reduce complejidad y tiempos de proceso en apenas 2 pasos, diluci&oacute;n y personalizaci&oacute;n. SOLUPRAT&trade;, soluci&oacute;n y practicidad para su empresa.</p>
A23: unapproved | B23: 30528535 | C23: =B23*1 -> 30528535 | D23: Dehyquart® EC-A | E23: Dehyquart® EC-A
A24: unapproved | B24: 30528320 | C24: =B24*1 -> 30528320 | D24: LANETTE 1665 | E24: LANETTE 1665
A25: unapproved | B25: 30531645 | C25: =B25*1 -> 30531645 | D25: HISPAGEL OIL-LV | E25: HISPAGEL OIL-LV | G25: <p>Pol&iacute;mero modificador de reologia e sensorial.</p>
A26: unapproved | B26: 30527880 | C26: =B26*1 -> 30527880 | D26: Cetiol® OE | E26: Cetiol® OE | G26: <p>Emoliente de sensorial seco</p>
A27: approved | B27: 30222192 | C27: =B27*1 -> 30222192 | D27: Sodium Ascorbyl Phosphate | E27: Sodium Ascorbyl Phosphate | F27: <p>Sodium Ascorbyl Phosphate es un ingrediente activo adecuado para una variedad de preparaciones para el cuidado de la piel, para formulaciones de protecci&oacute;n solar, productos antiarrugas, lociones corporales, cremas de d&iacute;a y de noche.</p> | G27: <p>Sodium Ascorbyl Phosphate es un ingrediente activo adecuado para una variedad de preparaciones para el cuidado de la piel, para formulaciones de protecci&oacute;n solar, productos antiarrugas, lociones corporales, cremas de d&iacute;a y de noche.</p>
A28: approved | B28: 30528573 | C28: =B28*1 -> 30528573 | D28: DEHYQUART C 4046 | E28: DEHYQUART C 4046
A29: approved | B29: 30660124 | C29: =B29*1 -> 30660124 | D29: Eumulgin B1 | E29: Eumulgin B1
A30: approved | B30: 30704818 | C30: =B30*1 -> 30704818 | D30: Bix Activ® BC10050 | E30: Bix Activ® BC10050 | F30: <p>Extracto natural de la semilla de Urucum, sin conservantes</p> | G30: <p>Extracto natural de la semilla de Urucum, sin conservantes</p>
A31: approved | B31: 30530562 | C31: =B31*1 -> 30530562 | D31: Eumulgin® LM 23 | E31: Eumulgin® LM 23 | F31: <p>Eumulgin&reg; LM 23 es un emulsionante no i&oacute;nico para la fabricaci&oacute;n de diversas emulsiones O / W</p> | G31: <p>Eumulgin&reg; LM 23 es un emulsionante no i&oacute;nico para la fabricaci&oacute;n de diversas emulsiones O / W</p>
A32: approved | B32: 30035086 | C32: =B32*1 -> 30035086 | D32: Luviskol K30 PLV. | E32: Luviskol K30 PLV.
A33: approved | B33: 30538100 | C33: =B33*1 -> 30538100 | D33: Dehyquart® S18 NA | E33: Dehyquart® S18 NA
A34: approved | B34: 30528587 | C34: =B34*1 -> 30528587 | D34: Glucopon® 225 DK | E34: Glucopon® 225 DK | F34: <p>Alquilpoligluc&oacute;sido de origen natural al 70%. De alto poder de detergencia y estabilidad alcalina superior. En combinaci&oacute;n con otros surfactantes primarios como Texapon N 70 y Maranil DB 50 se sinergiza potencializando el desempe&ntilde;o y disminuyendo la irritabilidad. Protege las superficies y es compatible con todo tipo de ingredientes como otros tensoactivos, enzimas, pol&iacute;meros entre otros.</p> | G34: <p>Alquilpoligluc&oacute;sido de origen natural al 70%. De alto poder de detergencia y estabilidad alcalina superior. En combinaci&oacute;n con otros surfactantes primarios como Texapon N 70 y Maranil DB 50 se sinergiza potencializando el desempe&ntilde;o y disminuyendo la irritabilidad. Protege las superficies y es compatible con todo tipo de ingredientes como otros tensoactivos, enzimas, pol&iacute;meros entre otros.</p>
A35: unapproved | B35: 30535838 | C35: =B35*1 -> 30535838 | D35: Cosmedia® Ultragel 300 | E35: Cosmedia® Ultragel 300 | G35: <p>Pol&iacute;mero cati&ocirc;nico excelente para condicionamento</p>
A36: unapproved | B36: 30537412 | C36: =B36*1 -> 30537412 | D36: EMULGADE BB | E36: EMULGADE BB
A37: approved | B37: 30528377 | C37: =B37*1 -> 30528377 | D37: Lamesoft® PO 65 | E37: Lamesoft® PO 65
A38: unapproved | B38: 30528569 | C38: =B38*1 -> 30528569 | D38: DEHYDOL® LS 3 DEO N | E38: DEHYDOL® LS 3 DEO N
A39: approved | B39: 30527807 | C39: =B39*1 -> 30527807 | D39: Lanette® W | E39: Lanette® W | F39: <p>Lanette&reg; W es una crema base autoemulsionante ani&oacute;nica para emulsiones O/ W cosm&eacute;ticas para el cuidado de la piel y el cabello</p> | G39: <p>Lanette&reg; W es una crema base autoemulsionante ani&oacute;nica para emulsiones O/ W cosm&eacute;ticas para el cuidado de la piel y el cabello</p>
A40: approved | B40: 30516313 | C40: =B40*1 -> 30516313 | D40: Sokalan® HP 20 | E40: Sokalan® HP 20 | F40: <p>Es un pol&iacute;mero multifuncional cati&oacute;nico para la industria de detergentes y limpiadores. Ayuda a eliminar las manchas dif&iacute;ciles y ofrece beneficios de limpieza, brillo y cuidado del color. Este producto se puede formular f&aacute;cilmente en monodosis l&iacute;quidas transparentes altamente concentradas que brindan soluciones vers&aacute;tiles para productos innovadores.</p> | G40: <p>Es un pol&iacute;mero multifuncional cati&oacute;nico para la industria de detergentes y limpiadores. Ayuda a eliminar las manchas dif&iacute;ciles y ofrece beneficios de limpieza, brillo y cuidado del color. Este producto se puede formular f&aacute;cilmente en monodosis l&iacute;quidas transparentes altamente concentradas que brindan soluciones vers&aacute;tiles para productos innovadores.</p>
A41: unapproved | B41: 30475058 | C41: =B41*1 -> 30475058 | D41: RHEOVIS CDE | E41: RHEOVIS CDE | F41: RHEOVIS CDE | G41: RHEOVIS CDE
A42: approved | B42: 30527973 | C42: =B42*1 -> 30527973 | D42: Isopropyl Myristate | E42: Isopropyl Myristate
A43: approved | B43: 30035139 | C43: =B43*1 -> 30035139 | D43: BISABOLOL RAC | E43: BISABOLOL RAC | F43: <p>Bisabolol rac. Es un ingrediente activo que tiene varias funciones, como proteger y curar la piel de los efectos del estr&eacute;s diario. Especialmente indicado para pieles sensibles, cuidado de beb&eacute;s, aplicaciones para despu&eacute;s del afeitado y para despu&eacute;s del sol.</p> | G43: <p>Bisabolol rac. Es un ingrediente activo que tiene varias funciones, como proteger y curar la piel de los efectos del estr&eacute;s diario. Especialmente indicado para pieles sensibles, cuidado de beb&eacute;s, aplicaciones para despu&eacute;s del afeitado y para despu&eacute;s del sol.</p>
A44: approved | B44: 30703421 | C44: =B44*1 -> 30703421 | D44: D-Panthenol Care | E44: D-Panthenol Care
A45: approved | B45: 30534736 | C45: =B45*1 -> 30534736 | D45: Euperlan PO/N | E45: Euperlan PO/N
A46: approved | B46: 30528457 | C46: =B46*1 -> 30528457 | D46: Dehyquart® A-CA | E46: Dehyquart® A-CA | F46: <p>Agente acondicionador para cremas y emulsiones acondicionadoras del cabello.</p> | G46: <p>Agente acondicionador para cremas y emulsiones acondicionadoras del cabello.</p>
A47: approved | B47: 30099817 | C47: =B47*1 -> 30099817 | D47: Sokalan® CP5 LB | E47: Sokalan® CP5 LB | F47: <p>Es un copol&iacute;mero de &aacute;cido metaclico y &aacute;cido acr&iacute;lico. Los agentes dispersantes polim&eacute;ricos tienen el potencial de inhibir la formaci&oacute;n de incrustaciones y escamas. Este es el resultado de su capacidad para dispersar s&oacute;lidos en suspensi&oacute;n. Aumenta la detergencia superando las deficiencias observadas cuando se eliminan los fosfatos de las f&oacute;rmulas.</p> | G47: <p>Es un copol&iacute;mero de &aacute;cido metaclico y &aacute;cido acr&iacute;lico. Los agentes dispersantes polim&eacute;ricos tienen el potencial de inhibir la formaci&oacute;n de incrustaciones y escamas. Este es el resultado de su capacidad para dispersar s&oacute;lidos en suspensi&oacute;n. Aumenta la detergencia superando las deficiencias observadas cuando se eliminan los fosfatos de las f&oacute;rmulas.</p>
A48: unapproved | B48: 30531446 | C48: =B48*1 -> 30531446 | D48: Hispagel® 200 | E48: Hispagel® 200
A49: approved | B49: 30538226 | C49: =B49*1 -> 30538226 | D49: Hyalurosmooth® LS 8998 | E49: Hyalurosmooth® LS 8998 | F49: <p>Hyalurosmooth&reg; LS 8998 interrumpe el ciclo de estr&eacute;s, reequilibra los reguladores de cortisol y restaura la s&iacute;ntesis de col&aacute;geno y &aacute;cido hialur&oacute;nico, aumenta la hidrataci&oacute;n y el brillo de la piel en un panel de voluntarios mentalmente estresados, posee un efecto film&oacute;geno sobre el cabello humano y mejora de la peinabilidad.</p> | G49: <p>Hyalurosmooth&reg; LS 8998 interrumpe el ciclo de estr&eacute;s, reequilibra los reguladores de cortisol y restaura la s&iacute;ntesis de col&aacute;geno y &aacute;cido hialur&oacute;nico, aumenta la hidrataci&oacute;n y el brillo de la piel en un panel de voluntarios mentalmente estresados, posee un efecto film&oacute;geno sobre el cabello humano y mejora de la peinabilidad.</p>
A50: unapproved | B50: 30537278 | C50: =B50*1 -> 30537278 | D50: Gluadin® R Benz | E50: Gluadin® R Benz
A51: unapproved | B51: 30536723 | C51: =B51*1 -> 30536723 | D51: MELLIDYN LS 9834 | E51: MELLIDYN LS 9834
A52: unapproved | B52: 30535722 | C52: =B52*1 -> 30535722 | D52: DEHYPOUND GL | E52: DEHYPOUND GL | F52: DEHYPOUND GL | G52: DEHYPOUND GL
A53: approved | B53: 30476426 | C53: =B53*1 -> 30476426 | D53: Cibafast® H Liquid | E53: Cibafast® H Liquid
A54: unapproved | B54: 30499501 | C54: =B54*1 -> 30499501 | D54: DL-A-TOCOPHEROL CARE | E54: DL-A-TOCOPHEROL CARE
A55: approved | B55: 30044948 | C55: =B55*1 -> 30044948 | D55: Lutensol® AO 7 | E55: Lutensol® AO 7 | F55: <p>Es un tensioactivo no i&oacute;nico. Se basa en un alcohol iso-C13 saturado y con 7 moles de OE. Se utiliza principalmente para formulaciones de lava platos, limpieza de superficies duras, servicio de alimentaci&oacute;n e higiene de la cocina, lavander&iacute;a comercial, limpieza y saneamiento institucional y cuidado de veh&iacute;culos y transporte.</p> | G55: <p>Es un tensioactivo no i&oacute;nico. Se basa en un alcohol iso-C13 saturado y con 7 moles de OE. Se utiliza principalmente para formulaciones de lava platos, limpieza de superficies duras, servicio de alimentaci&oacute;n e higiene de la cocina, lavander&iacute;a comercial, limpieza y saneamiento institucional y cuidado de veh&iacute;culos y transporte</p>
A56: approved | B56: 30044111 | C56: =B56*1 -> 30044111 | D56: PLURONIC PE 10100 | E56: PLURONIC PE 10100 | F56: <p>Tensioactivos no ionico de baja formacion de espuma.</p> | G56: <p>Tensioactivos no ionico de baja formacion de espuma.</p>
A57: approved | B57: 30528593 | C57: =B57*1 -> 30528593 | D57: Texapon® CP-G 95 | E57: Texapon® CP-G 95
A58: approved | B58: 30540890 | C58: =B58*1 -> 30540890 | D58: Maranil® A 30 S | E58: Maranil® A 30 S | F58: <p>Tensioactivos para detergentes y limpiadores</p> | G58: <p>Tensioactivos para detergentes y limpiadores</p>
A59: approved | B59: 30720260 | C59: =B59*1 -> 30720260 | D59: SOLUPRAT™ Ropa | E59: SOLUPRAT™ Ropa | F59: <p>SOLUPRAT&trade; Ropa es la soluci&oacute;n completa de BASF para detergentes l&iacute;quidos. Una formulaci&oacute;n concentrada que reduce complejidad y tiempos de proceso en apenas 2 pasos, diluci&oacute;n y personalizaci&oacute;n. SOLUPRAT&trade;, soluci&oacute;n y practicidad para su empresa.</p> | G59: <p>SOLUPRAT&trade; Ropa es la soluci&oacute;n completa de BASF para detergentes l&iacute;quidos. Una formulaci&oacute;n concentrada que reduce complejidad y tiempos de proceso en apenas 2 pasos, diluci&oacute;n y personalizaci&oacute;n. SOLUPRAT&trade;, soluci&oacute;n y practicidad para su empresa.</p>
A60: approved | B60: 30528404 | C60: =B60*1 -> 30528404 | D60: EUPERLAN PK 771 BENZ | E60: EUPERLAN PK 771 BENZ
A61: approved | B61: 30534100 | C61: =B61*1 -> 30534100 | D61: DEHYQUART S18 NA | E61: DEHYQUART S18 NA | F61: <p>Surfactante nacarado utilizado en la fabricaci&oacute;n de productos de cuidado del cabello, en particular en los acondicionadores para el cabello.</p> | G61: <p>Surfactante nacarado utilizado en la fabricaci&oacute;n de productos de cuidado del cabello, en particular en los acondicionadores para el cabello.</p>
A62: unapproved | B62: 30071072 | C62: =B62*1 -> 30071072 | D62: Luvigel® EM | E62: Luvigel® EM
A63: approved | B63: 30035019 | C63: =B63*1 -> 30035019 | D63: Luviskol® VA 64 W | E63: Luviskol® VA 64 W | F63: <p>Luviskol&reg; VA 64 W se utiliza en geles para peinar, mousses, pumpsprays y otros formatos</p> | G63: <p>Luviskol&reg; VA 64 W se utiliza en geles para peinar, mousses, pumpsprays y otros formatos</p>
A64: approved | B64: 30731503 | C64: =B64*1 -> 30731503 | D64: Cutina® HR Flakes | E64: Cutina® HR Flakes
A65: approved | B65: 30536738 | C65: =B65*1 -> 30536738 | D65: Rheocare TTA | E65: Rheocare TTA | F65: <p>Aditivo reol&oacute;gico, proporciona propiedades espesantes, estabilizantes y de suspensi&oacute;n en sistemas tensioactivos, ideal para formulaciones transparentes</p> | G65: <p>Aditivo reol&oacute;gico, proporciona propiedades espesantes, estabilizantes y de suspensi&oacute;n en sistemas tensioactivos, ideal para formulaciones transparentes</p>
A66: approved | B66: 30539423 | C66: =B66*1 -> 30539423 | D66: Comperlan KDB | E66: Comperlan KDB
A67: approved | B67: 30530851 | C67: =B67*1 -> 30530851 | D67: TEXAPON® N 25 | E67: TEXAPON® N 25
A68: unapproved | B68: 30527928 | C68: =B68*1 -> 30527928 | D68: Dehymuls® PGPH | E68: Dehymuls® PGPH
A69: approved | B69: 30744252 | C69: =B69*1 -> 30744252 | D69: Myritol® 312 LB | E69: Myritol® 312 LB | F69: <p>Myritol&reg; 312 LB es un triglic&eacute;rido, un emoliente tradicional de extensi&oacute;n media para aplicaciones cosm&eacute;ticas modernas. Se trata de un aceite transparente, ligeramente amarillento, polar, inodoro con un peso molecular medio.</p> | G69: <p>Myritol&reg; 312 LB es un triglic&eacute;rido, un emoliente tradicional de extensi&oacute;n media para aplicaciones cosm&eacute;ticas modernas. Se trata de un aceite transparente, ligeramente amarillento, polar, inodoro con un peso molecular medio.</p>
A70: approved | B70: 30528182 | C70: =B70*1 -> 30528182 | D70: HD-Ocenol® 80/85 V | E70: HD-Ocenol® 80/85 V | F70: <p>Alcohol graso insaturado, el producto es de base vegetal.</p> | G70: <p>Alcohol graso insaturado, el producto es de base vegetal.</p>
A71: unapproved | B71: 30527787 | C71: =B71*1 -> 30527787 | D71: Myritol 331 | E71: Myritol 331
A72: approved | B72: 30607709 | C72: =B72*1 -> 30607709 | D72: Comperlan® 100 | E72: Comperlan® 100
A73: approved | B73: 30528219 | C73: =B73*1 -> 30528219 | D73: LANETTE D | E73: LANETTE D
A74: approved | B74: 30527826 | C74: =B74*1 -> 30527826 | D74: CEGESOFT C 24 | E74: CEGESOFT C 24 | F74: <p>Emoliente de media esparcibilidad para todo tipo de aplicaciones de cuidado de la piel.</p> | G74: <p>Emoliente de media esparcibilidad para todo tipo de aplicaciones de cuidado de la piel.</p>
A75: approved | B75: 30532278 | C75: =B75*1 -> 30532278 | D75: Eumulgin® SG | E75: Eumulgin® SG | F75: <p>Eumulgin&reg; SG es un emulsionante ani&oacute;nico con muy buena compatibilidad con electrolitos y filtros solares hidrosolubles para la preparaci&oacute;n de diversas emulsiones cosm&eacute;ticas O/W.</p> | G75: <p>Eumulgin&reg; SG es un emulsionante ani&oacute;nico con muy buena compatibilidad con electrolitos y filtros solares hidrosolubles para la preparaci&oacute;n de diversas emulsiones cosm&eacute;ticas O/W.</p>
A76: approved | B76: 30597825 | C76: =B76*1 -> 30597825 | D76: Cetiol® Ultimate | E76: Cetiol® Ultimate | F76: <p>Cetiol&reg; Ultimate es un hidrocarburo de base natural como alternativa a las siliconas en todas las aplicaciones para el cuidado de la piel. Debido a su volatilidad y r&aacute;pida capacidad de untar, forma texturas suaves y secas para cremas y lociones cosm&eacute;ticas.</p> | G76: <p>Cetiol&reg; Ultimate es un hidrocarburo de base natural como alternativa a las siliconas en todas las aplicaciones para el cuidado de la piel. Debido a su volatilidad y r&aacute;pida capacidad de untar, forma texturas suaves y secas para cremas y lociones cosm&eacute;ticas.</p>
A77: unapproved | B77: 30533295 | C77: =B77*1 -> 30533295 | D77: Emulgade® Sucro | E77: Emulgade® Sucro
A78: unapproved | B78: 30585063 | C78: =B78*1 -> 30585063 | D78: Texapon® DMX DM | E78: Texapon® DMX DM
A79: approved | B79: 30527906 | C79: =B79*1 -> 30527906 | D79: Myritol® 318 | E79: Myritol® 318 | F79: <p>Myritol&reg; 318 es un emoliente de dispersi&oacute;n media adecuado para todo tipo de aplicaciones cosm&eacute;ticas para el cuidado de la piel.</p> | G79: <p>Myritol&reg; 318 es un emoliente de dispersi&oacute;n media adecuado para todo tipo de aplicaciones cosm&eacute;ticas para el cuidado de la piel.</p>
A80: approved | B80: 30527812 | C80: =B80*1 -> 30527812 | D80: CUTINA® GMS V | E80: CUTINA® GMS V
A81: approved | B81: 30527896 | C81: =B81*1 -> 30527896 | D81: EUTANOL® G | E81: EUTANOL® G
A82: approved | B82: 30528604 | C82: =B82*1 -> 30528604 | D82: Glucopon® 425 N / HH | E82: Glucopon® 425 N / HH | F82: <p>Glucopon&reg; 425 N / HH es una soluci&oacute;n acuosa que proporciona humectaci&oacute;n, penetraci&oacute;n y detergencia para productos de limpieza de superficies.</p> | G82: <p>Glucopon&reg; 425 N / HH es una soluci&oacute;n acuosa que proporciona humectaci&oacute;n, penetraci&oacute;n y detergencia para productos de limpieza de superficies.</p>
A83: approved | B83: 30729767 | C83: =B83*1 -> 30729767 | D83: SOLUPRAT™ Detergente Vegano | E83: SOLUPRAT™ Detergente Vegano | F83: <p>SOLUPRAT&trade; Lozas Vegano&nbsp;es la soluci&oacute;n completa de BASF para lavalozas l&iacute;quido, que evita el resecamiento de las manos. Una formulaci&oacute;n concentrada que reduce complejidad y tiempos de proceso en apenas dos pasos: diluci&oacute;n y personalizaci&oacute;n. SOLUPRAT&trade;, soluci&oacute;n y practicidad para su empresa.</p> | G83: <p>SOLUPRAT&trade; Lozas Premium es la soluci&oacute;n completa de BASF para lavalozas l&iacute;quido, que evita el resecamiento de las manos. Una formulaci&oacute;n concentrada que reduce complejidad y tiempos de proceso en apenas dos pasos: diluci&oacute;n y personalizaci&oacute;n. SOLUPRAT&trade;, soluci&oacute;n y practicidad para su empresa.</p>
A84: approved | B84: 30538582 | C84: =B84*1 -> 30538582 | D84: Trichogen VEG UL LS 9922 | E84: Trichogen VEG UL LS 9922 | F84: <p>Activo utlilizado en el cuidado del cuero cabelludo, Suavizado de cut&iacute;culas, Fortalecimiento del cabello, Aplicaciones para el cabello con permanente, Aplicaciones para el cabello estresado, Aplicaciones para el cabello decolorado, Mejora sensorial del cabello, Estimulaci&oacute;n / inhibici&oacute;n del crecimiento del cabello, Estimulaci&oacute;n del crecimiento del cabello</p> | G84: <p>Activo utlilizado en el cuidado del cuero cabelludo, Suavizado de cut&iacute;culas, Fortalecimiento del cabello, Aplicaciones para el cabello con permanente, Aplicaciones para el cabello estresado, Aplicaciones para el cabello decolorado, Mejora sensorial del cabello, Estimulaci&oacute;n / inhibici&oacute;n del crecimiento del cabello, Estimulaci&oacute;n del crecimiento del cabello</p>
A85: approved | B85: 30530938 | C85: =B85*1 -> 30530938 | D85: Sebaryl® FL LS 9088 | E85: Sebaryl® FL LS 9088 | F85: <p>Sebaryl&reg; FL LS 9088 biorregula la secreci&oacute;n seb&aacute;cea al inhibir la 5&alpha;-reductasa y, adem&aacute;s, act&uacute;a a otros niveles para controlar la producci&oacute;n de sebo y reducir el aspecto brillante de la piel grasa. No provoca ninguna reacci&oacute;n como la hipersecreci&oacute;n seb&aacute;cea ni tiene efecto rebote.</p> | G85: <p>Sebaryl&reg; FL LS 9088 biorregula la secreci&oacute;n seb&aacute;cea al inhibir la 5&alpha;-reductasa y, adem&aacute;s, act&uacute;a a otros niveles para controlar la producci&oacute;n de sebo y reducir el aspecto brillante de la piel grasa. No provoca ninguna reacci&oacute;n como la hipersecreci&oacute;n seb&aacute;cea ni tiene efecto rebote.</p>
A86: unapproved | B86: 30099691 | C86: =B86*1 -> 30099691 | D86: POLIGEN MV | E86: POLIGEN MV | F86: POLIGEN MV | G86: POLIGEN MV
A87: unapproved | B87: 30482021 | C87: =B87*1 -> 30482021 | D87: TINOGARD® HS | E87: TINOGARD® HS
A88: unapproved | B88: 30535493 | C88: =B88*1 -> 30535493 | D88: Plantapon® SF | E88: Plantapon® SF
A89: approved | B89: 30527936 | C89: =B89*1 -> 30527936 | D89: Eumulgin B 2 | E89: Eumulgin B 2
A90: unapproved | B90: 30528249 | C90: =B90*1 -> 30528249 | D90: LANETTE O | E90: LANETTE O | F90: <p>Viscosity enhancer</p> | G90: <p>Viscosity enhancer</p>
A91: approved | B91: 30035024 | C91: =B91*1 -> 30035024 | D91: LUVISKOL VA73E | E91: LUVISKOL VA73E | F91: <p>Agente de peinado adecuado para geles para el cabello, cremas para el cabello, espumas, aerosoles en bomba y preparaciones l&iacute;quidas para el cabello.</p> | G91: <p>Agente de peinado adecuado para geles para el cabello, cremas para el cabello, espumas, aerosoles en bomba y preparaciones l&iacute;quidas para el cabello.</p>
A92: approved | B92: 30528345 | C92: =B92*1 -> 30528345 | D92: TEXAPON® N 70 | E92: TEXAPON® N 70 | F92: <p>Texapon&reg; N 70 es un surfactante ani&oacute;nico adecuado para champ&uacute;s, preparaciones para la ducha y el ba&ntilde;o y limpiadores para la piel.</p> | G92: <p>Texapon&reg; N 70 es un surfactante ani&oacute;nico adecuado para champ&uacute;s, preparaciones para la ducha y el ba&ntilde;o y limpiadores para la piel.</p>
A93: approved | B93: 30528344 | C93: =B93*1 -> 30528344 | D93: CUTINA AGS | E93: CUTINA AGS | F93: <p>Agente perlado y opacificante para formulaciones limpiadoras, champ&uacute;s, preparaciones para ducha y ba&ntilde;o, jabones l&iacute;quidos, limpieza facial.</p> | G93: <p>Agente perlado y opacificante para formulaciones limpiadoras, champ&uacute;s, preparaciones para ducha y ba&ntilde;o, jabones l&iacute;quidos, limpieza facial.</p>
A94: approved | B94: 30580767 | C94: =B94*1 -> 30580767 | D94: Vibracolor® Moonlight Blue | E94: Vibracolor® Moonlight Blue
A95: unapproved | B95: 30537422 | C95: =B95*1 -> 30537422 | D95: EUMULGIN® PRISMA | E95: EUMULGIN® PRISMA
A96: approved | B96: 30531040 | C96: =B96*1 -> 30531040 | D96: Elestab® HP 100 | E96: Elestab® HP 100 | F96: <p>Antimicrobiano sint&eacute;tico</p> | G96: <p>Antimicrobiano sint&eacute;tico</p>
A97: approved | B97: 30528664 | C97: =B97*1 -> 30528664 | D97: TEXAPON® T 42 | E97: TEXAPON® T 42
A98: approved | B98: 30499495 | C98: =B98*1 -> 30499495 | D98: Vit A Palmitate Care (1.7 TOC.) | E98: Vit A Palmitate Care (1.7 TOC.)
A99: unapproved | B99: 30530574 | C99: =B99*1 -> 30530574 | D99: EUPERLAN PK 810 IS | E99: EUPERLAN PK 810 IS | G99: <p>Pearlizer agent</p>
A100: approved | B100: 30459417 | C100: =B100*1 -> 30459417 | D100: BETAPUR® A00067 | E100: BETAPUR® A00067 | F100: <p>Extracto de flor de Boldo&nbsp; para purificaci&oacute;n de la piel</p> | G100: <p>Extracto de flor de Boldo&nbsp; para purificaci&oacute;n de la piel</p>
...

Sheet Classification_Attributes
A1: classificationClass | B1: Identifier | C1: Name | D1: Feature EN | E1: Feature PT | F1: Feature Descriptor Type | G1: Value EN | H1: Value PT
A2: EL:DcxsaClassification:1.0 | B2: EL | C2: Emollients classification | D2: Appearance | E2: Aspecto | F2: Value list | G2: Liquid | H2: Líquido
A3: EL:DcxsaClassification:1.0 | B3: EL | C3: Emollients classification | D3: Application | E3: Aplicação | F3: Value list | G3: After Sun | H3: Pós-Sol
A4: EL:DcxsaClassification:1.0 | B4: EL | C4: Emollients classification | D4: Application | E4: Aplicação | F4: Value list | G4: Antiperspirants & Deodorants | H4: Antitranspirantes/Desodorantes
A5: EL:DcxsaClassification:1.0 | B5: EL | C5: Emollients classification | D5: Application | E5: Aplicação | F5: Value list | G5: Baby Care and Cleansing | H5: Bebês - Limpeza e Cuidados
A6: EL:DcxsaClassification:1.0 | B6: EL | C6: Emollients classification | D6: Application | E6: Aplicação | F6: Value list | G6: Body Care | H6: Corporal
A7: EL:DcxsaClassification:1.0 | B7: EL | C7: Emollients classification | D7: Application | E7: Aplicação | F7: Value list | G7: Conditioning | H7: Condicionador
A8: EL:DcxsaClassification:1.0 | B8: EL | C8: Emollients classification | D8: Application | E8: Aplicação | F8: Value list | G8: Face Care | H8: Facial
A9: EL:DcxsaClassification:1.0 | B9: EL | C9: Emollients classification | D9: Application | E9: Aplicação | F9: Value list | G9: Face Cleansing | H9: Limpeza Facial
A10: EL:DcxsaClassification:1.0 | B10: EL | C10: Emollients classification | D10: Application | E10: Aplicação | F10: Value list | G10: Hair | H10: Cabelo
A11: EL:DcxsaClassification:1.0 | B11: EL | C11: Emollients classification | D11: Application | E11: Aplicação | F11: Value list | G11: Hair Coloring | H11: Cabelo (Coloração)
A12: EL:DcxsaClassification:1.0 | B12: EL | C12: Emollients classification | D12: Application | E12: Aplicação | F12: Value list | G12: Liquid Soap | H12: Sabonete Líquido
... A230: UV:DcxsaClassification:1.0 | B230: UV | C230: UV-Filter classification | D230: Use level | E230: Dosagem de uso recomendada (%) | F230: Value list | G230: Max. 5 | H230: Max. 5

Sheet DCXSA_Products
A1: Article Number*^ | B1: SBU | C1: Identifier[en] | D1: INCI Name[en] To be checked whether BASIS attribute or not | E1: Description[en] | F1: Description[pt] | G1: Description[es] | H1: Benefícios ao consumidor | I1: Supercategories+ IGNORE | J1: Has Sample Product | K1: Approval IGNORE | L1: Product Type IGNORE | M1: classificationClass >> Function (NOT FINAL) --> COLUMN D in categories sheet | N1: Active matter Grey means they do not have this attribute | O1: Appearance (NOT FINAL) | P1: Market Segment (NOT FINAL) | Q1: Application (NOT FINAL) | R1: Aqueous System Efficiency | S1: Chemistry | T1: Commercial name --> IGNORE | U1: Contain EO/PO | V1: Contain sulfate? | W1: Dose of use | X1: Emulsifier capacity | Y1: Emulsifier type | Z1: Emulsifying Capacity | AA1: Filter Absorption | AB1: Filter Type | AC1: Foaming performance | AD1: Molecular weight | AE1: Need to be solubilized | AF1: Origin | AG1: Packaging | AH1: pH Range | AI1: Phase in application | AJ1: Polarity | AK1: Process | AL1: Refractive index | AM1: Spreading rate (mm2/min) | AN1: Surfactant System Efficiency | AO1: Technical name IGNORE | AP1: Type | AQ1: Use level | AR1: Vegetable Index | AS1: Viscosity capacity | AT1: Water/Ethanol System Efficiency | AU1: OBS
A2: 30527825 | B2: EMB | C2: Cetiol® B | D2: Dibutyl Adipate | E2: Fast spreading emollient especially suitable for suncare formulations due to excellent solubilizing capacities for crystalline UV-filters. | F2: Emoliente de alta espalhabilidade, ideal para formulações de proteção solar devido à excelente capacidade de solubilização de filtros UV cristalinos. | G2: Emoliente de alta espalhabilidade, ideal para fórmulas de protección solar devido a una excelente capacidad de solubilización de filtros UV cristalinos. | H2: Excelente sensorial / Excellent sensory | I2: ART:dcxsaProductCatalog:Online,MS:dcxsaProductCatalog:Online,PF:dcxsaProductCatalog:Online,AP:dcxsaProductCatalog:Online,PG:dcxsaProductCatalog:Online,FU:dcxsaProductCatalog:Online,MS_810:dcxsaProductCatalog:Online,MS_500:dcxsaProductCatalog:Online,AP_1700:dcxsaProductCatalog:Online,AP_300:dcxsaProductCatalog:Online,AP_1500:dcxsaProductCatalog:Online,AP_600:dcxsaProductCatalog:Online,AP_1800:dcxsaProductCatalog:Online,AP_800:dcxsaProductCatalog:Online,AP_400:dcxsaProductCatalog:Online,AP_1000:dcxsaProductCatalog:Online,PG_900:dcxsaProductCatalog:Online,FU_1100:dcxsaProductCatalog:Online,Emollients:dcxsaProductCatalog:Online,Emollients:dcxsaProductCatalog:Online,EL:DcxsaClassification:1.0,PG_4200:dcxsaProductCatalog:Online,AP_500:dcxsaProductCatalog:Online,FU_5200:dcxsaProductCatalog:Online | K2: approved | L2: PRODUCT | M2: Emoliente | O2: Liquid | P2: Sun Care; Skin Rinse-off; Body Care; Face Care | Q2: After Sun; Baby Care and Cleansing; Body Care; Face Care; Face Cleansing; Make-up; Self Tanning; Sun Protection | S2: Ester | T2: Cetiol® B | AG2: Tambor de aço 175kg | AJ2: High | AK2: Cold Process | AL2: 1435 | AM2: 1000 | AQ2: 2 - 10 | AR2: 0.5 | AU2: Cadastrado
A3: 30527869 | B3: EMB | C3: Cetiol® CC | D3: Dicaprylyl Carbonate | E3: Fast spreading emollient for all cosmetic applications with a velvet, dry skin feel, especially suitable for suncare formulations due to outstanding solubilizing capacities for crystalline UV-filters. | F3: Emoliente de alta espalhabilidade para todas as aplicações cosméticas, proporciona um toque aveludado e sem pegajosidade, ideal para formulações de proteção solar devido às excelentes capacidades de solubilização de filtros UV cristalinos. | G3: Emoliente para todas las aplicaciones cosméticas, brinda una sensación aterciopelada y no pegajosa, ideal para formulaciones de protección solar debido a las excelentes capacidades de solubilización de los filtros UV cristalinos. | H3: Excelente sensorial / Excellent sensory | I3: ART:dcxsaProductCatalog:Online,MS:dcxsaProductCatalog:Online,PF:dcxsaProductCatalog:Online,AP:dcxsaProductCatalog:Online,PG:dcxsaProductCatalog:Online,FU:dcxsaProductCatalog:Online,MS_810:dcxsaProductCatalog:Online,MS_100:dcxsaProductCatalog:Online,MS_500:dcxsaProductCatalog:Online,MS_310:dcxsaProductCatalog:Online,MS_700:dcxsaProductCatalog:Online,AP_1700:dcxsaProductCatalog:Online,AP_100:dcxsaProductCatalog:Online,AP_300:dcxsaProductCatalog:Online,AP_1500:dcxsaProductCatalog:Online,AP_600:dcxsaProductCatalog:Online,AP_700:dcxsaProductCatalog:Online,AP_1800:dcxsaProductCatalog:Online,AP_800:dcxsaProductCatalog:Online,AP_1600:dcxsaProductCatalog:Online,AP_400:dcxsaProductCatalog:Online,AP_1000:dcxsaProductCatalog:Online,PG_900:dcxsaProductCatalog:Online,FU_1100:dcxsaProductCatalog:Online,Emollients:dcxsaProductCatalog:Online,Emollients:dcxsaProductCatalog:Online,EL:DcxsaClassification:1.0,PG_4200:dcxsaProductCatalog:Online,AP_500:dcxsaProductCatalog:Online,FU_5200:dcxsaProductCatalog:Online | K3: approved | L3: PRODUCT | M3: Emoliente | O3: Liquid | P3: Sun Care; AP/Deo; Skin Rinse-off; Body Care; Face Care; Hair Conditioning/Shampoo; Others | Q3: After Sun; Antiperspirants & Deodorants; Baby Care and Cleansing; Body Care; Conditioning; Face Care; Face Cleansing; Make-up; Personal Care Wipes; Self Tanning; Sun Protection | S3: Ester | T3: Cetiol® CC | AG3: Bombona de aço ou plástica 10kg ou Tambor de aço 175kg | AJ3: Medium | AK3: Cold Process | AL3: 1436 | AM3: 1600 | AQ3: 2 - 15 | AR3: 2 | AU3: Cadastrado
A4: 30527880 | B4: EMB | C4: Cetiol® OE | D4: Dicapryll Ether | E4: Fast spreading emollient with a dry skin feel for all cosmetic applications. Due to its ether structure it is hydrolysis stable and therefore particularly suitable for deo/antiperspirant and hair remover formulations. | F4: Emoliente de alta espalhabilidade, com um sensorial final sem pegajosidade, ideal para todas as aplicações cosméticas. Devido à sua estrutura de éter, é estável à hidrólise e, portanto, particularmente adequado para formulações deo/antitranspirantes e produtos depilatórios. | G4: Emoliente de alta extensión, con un sensorial final sin pegajosidad, ideal para todas las aplicaciones cosméticas. Debido a su estructura de éter, es estable a la hidrólisis y, por lo tanto, particularmente adecuado para formulaciones deo / antitranspirantes y productos depilatorios. | H4: Excelente sensorial / Excellent sensory | I4: ART:dcxsaProductCatalog:Online,MS:dcxsaProductCatalog:Online,PF:dcxsaProductCatalog:Online,AP:dcxsaProductCatalog:Online,PG:dcxsaProductCatalog:Online,FU:dcxsaProductCatalog:Online,MS_810:dcxsaProductCatalog:Online,MS_100:dcxsaProductCatalog:Online,MS_500:dcxsaProductCatalog:Online,MS_310:dcxsaProductCatalog:Online,MS_200:dcxsaProductCatalog:Online,MS_700:dcxsaProductCatalog:Online,AP_1700:dcxsaProductCatalog:Online,AP_100:dcxsaProductCatalog:Online,AP_300:dcxsaProductCatalog:Online,AP_1500:dcxsaProductCatalog:Online,AP_600:dcxsaProductCatalog:Online,AP_700:dcxsaProductCatalog:Online,AP_1800:dcxsaProductCatalog:Online,AP_800:dcxsaProductCatalog:Online,AP_500:dcxsaProductCatalog:Online,AP_1600:dcxsaProductCatalog:Online,AP_400:dcxsaProductCatalog:Online,AP_1000:dcxsaProductCatalog:Online,PG_900:dcxsaProductCatalog:Online,FU_1100:dcxsaProductCatalog:Online,Emollients:dcxsaProductCatalog:Online,Emollients:dcxsaProductCatalog:Online,Emollients:dcxsaProductCatalog:Online,EL:DcxsaClassification:1.0,PG_4200:dcxsaProductCatalog:Online,FU_5200:dcxsaProductCatalog:Online | K4: approved | L4: PRODUCT | M4: Emoliente | O4: Liquid | P4: Sun Care; AP/Deo; Skin Rinse-off; Body Care; Face Care; Hair Coloring; Hair Conditioning/Shampoo | Q4: After Sun; Antiperspirants & Deodorants; Baby Care and Cleansing; Body Care; Conditioning; Face Care; Face Cleansing; Hair Coloring; Make-up; Personal Care Wipes; Self Tanning; Sun Protection | S4: Ether ( future) | T4: Cetiol® OE | AG4: Bombona plástica 10kg ou Tambor de aço 165kg | AJ4: Low | AK4: Cold Process | AL4: 1433 | AM4: 1600 | AQ4: 2 - 15 | AR4: 3 | AU4: Cadastrado
A5: 30527906 | B5: EMB | C5: Myritol® 318 | D5: Caprylic/ Capric Triglyceride | E5: Medium spreading emollient suitable for all kind of cosmetic skin care applications. | F5: Emoliente de média espalhabilidade adequado para todos os tipos de aplicações cosméticas de cuidados com a pele. | G5: =SUBSTITUTE(SUBSTITUTE(SUBSTITUTE(SUBSTITUTE(SUBSTITUTE(SUBSTITUTE(SUBSTITUTE(SUBSTITUTE(SUBSTITUTE(SUBSTITUTE(SUBSTITUTE(SUBSTITUTE(SUBSTITUTE(SUBSTITUTE(SUBSTITUTE(SUBSTITUTE(SUBSTITUTE(SUBSTITUTE(SUBSTITUTE(SUBSTITUTE(SUBSTITUTE(SUBSTITUTE(SUBSTITUTE(VLOOKUP(A5,Sheet1!$C:$G,5,0),'De para simbolos'!$A$2,'De para simbolos'!$B$2),'De para simbolos'!$A$3,'De para simbolos'!$B$3),'De para simbolos'!$A$4,'De para simbolos'!$B$4),'De para simbolos'!$A$5,'De para simbolos'!$B$5),'De para simbolos'!$A$6,'De para simbolos'!$B$6),'De para simbolos'!$A$7,'De para simbolos'!$B$7),'De para simbolos'!$A$8,'De para simbolos'!$B$8),'De para simbolos'!$A$9,'De para simbolos'!$B$9),'De para simbolos'!$A$10,'De para simbolos'!$B$10),'De para simbolos'!$A$11,'De para simbolos'!$B$11),'De para simbolos'!$A$12,'De para simbolos'!$B$12),'De para simbolos'!$A$13,'De para simbolos'!$B$13),'De para simbolos'!$A$14,'De para simbolos'!$B$14),'De para simbolos'!$A$15,'De para simbolos'!$B$15),'De para simbolos'!$A$16,'De para simbolos'!$B$16),'De para simbolos'!$A$17,'De para simbolos'!$B$17),'De para simbolos'!$A$18,'De para simbolos'!$B$18),'De para simbolos'!$A$19,'De para simbolos'!$B$19),'De para simbolos'!$A$20,'De para simbolos'!$B$20),'De para simbolos'!$A$21,'De para simbolos'!$B$21),'De para simbolos'!$A$22,'De para simbolos'!$B$22),'De para simbolos'!$A$23,'De para simbolos'!$B$23),'De para simbolos'!$A$24,'De para simbolos'!$B$24) -> Myritol® 318 es un emoliente de dispersión media adecuado para todo tipo de aplicaciones cosméticas para el cuidado de la piel. | H5: Excelente sensorial / Excellent sensory | I5: MS_310:dcxsaProductCatalog:Online,MS:dcxsaProductCatalog:Online,ART:dcxsaProductCatalog:Online,PF:dcxsaProductCatalog:Online,MS_700:dcxsaProductCatalog:Online,MS_500:dcxsaProductCatalog:Online,MS_810:dcxsaProductCatalog:Online,AP_300:dcxsaProductCatalog:Online,AP_400:dcxsaProductCatalog:Online,AP_600:dcxsaProductCatalog:Online,AP:dcxsaProductCatalog:Online,AP_800:dcxsaProductCatalog:Online,AP_1000:dcxsaProductCatalog:Online,AP_1500:dcxsaProductCatalog:Online,AP_1600:dcxsaProductCatalog:Online,AP_1700:dcxsaProductCatalog:Online,AP_1800:dcxsaProductCatalog:Online,PG_900:dcxsaProductCatalog:Online,PG:dcxsaProductCatalog:Online,Emollients:dcxsaProductCatalog:Online,FU_1100:dcxsaProductCatalog:Online,FU:dcxsaProductCatalog:Online,Emollients:dcxsaProductCatalog:Online,EL:DcxsaClassification:1.0 | J5: true | K5: unapproved | L5: PRODUCT | M5: Emoliente | O5: Liquid | P5: Sun Care; AP/Deo; Skin Rinse-off; Body Care; Face Care; Others | Q5: After Sun; Baby Care and Cleansing; Body Care; Face Care; Face Cleansing; Make-up; Personal Care Wipes; Self Tanning; Sun Protection | S5: Triglyceride | T5: Myritol® 318 | AG5: Tambor de aço 190kg | AJ5: High | AK5: Cold Process | AL5: 1449 | AM5: 550 | AQ5: 2 - 15 | AR5: 3 | AU5: Cadastrado
A6: 30527925 | B6: EMB | C6: Cetiol® 868 | D6: Ethylhexyl Stearate | E6: Medium spreading emollient for all kind of cosmetic applications. | F6: Emoliente de média espalhabilidade para todos os tipos de aplicações cosméticas. | G6: Emoliente de esparcibilidad media para todo tipo de aplicaciones cosméticas. | H6: Excelente sensorial / Excellent sensory | I6: MS_700:dcxsaProductCatalog:Online,AP_1700:dcxsaProductCatalog:Online,MS_310:dcxsaProductCatalog:Online,PG_900:dcxsaProductCatalog:Online,MS_500:dcxsaProductCatalog:Online,AP_300:dcxsaProductCatalog:Online,AP_700:dcxsaProductCatalog:Online,AP_1800:dcxsaProductCatalog:Online,AP_400:dcxsaProductCatalog:Online,AP_1000:dcxsaProductCatalog:Online,FU_1100:dcxsaProductCatalog:Online,PF:dcxsaProductCatalog:Online,FU:dcxsaProductCatalog:Online,MS:dcxsaProductCatalog:Online,ART:dcxsaProductCatalog:Online,PG:dcxsaProductCatalog:Online,AP:dcxsaProductCatalog:Online,MS_810:dcxsaProductCatalog:Online,Emollients:dcxsaProductCatalog:Online,EL:DcxsaClassification:1.0 | K6: approved | L6: PRODUCT | M6: Emoliente | O6: Liquid | P6: Sun Care; Skin Rinse-off; Body Care; Face Care; Others | Q6: After Sun; Baby Care and Cleansing; Body Care; Face Care; Face Cleansing; Make-up; Personal Care Wipes; Self Tanning; Sun Protection | S6: Ester | T6: Cetiol® 868 | AG6: Tambor de aço 175kg | AJ6: Medium | AK6: Cold Process | AL6: 1448 | AM6: 800 | AQ6: 2 - 15 | AR6: 1 | AU6: Informacão não localizada no MIP, para colocar na Categorization na aba 3* can be used for ( Personal Care Wipes e shower/bath )
A7: 30527973 | B7: EMB | C7: Isopropyl Myristate | D7: Isopropyl Myristate | E7: Fast spreading emollient suitable for all cosmetic applications. | F7: Emoliente de alta espalhabilidade adequado para todas as aplicações cosméticas. | G7: Emoliente de esparcibilidad media para todo tipo de aplicaciones cosméticas. | H7: Excelente sensorial / Excellent sensory | I7: MS_700:dcxsaProductCatalog:Online,AP_1700:dcxsaProductCatalog:Online,MS_310:dcxsaProductCatalog:Online,AP_1500:dcxsaProductCatalog:Online,PG_900:dcxsaProductCatalog:Online,MS_500:dcxsaProductCatalog:Online,AP_300:dcxsaProductCatalog:Online,AP_700:dcxsaProductCatalog:Online,AP_1800:dcxsaProductCatalog:Online,AP_400:dcxsaProductCatalog:Online,AP_1000:dcxsaProductCatalog:Online,FU_1100:dcxsaProductCatalog:Online,Emollients:dcxsaProductCatalog:Online,PF:dcxsaProductCatalog:Online,FU:dcxsaProductCatalog:Online,MS:dcxsaProductCatalog:Online,ART:dcxsaProductCatalog:Online,AP:dcxsaProductCatalog:Online,PG:dcxsaProductCatalog:Online,MS_810:dcxsaProductCatalog:Online,EL:DcxsaClassification:1.0 | K7: approved | L7: PRODUCT | M7: Emoliente | O7: Liquid | P7: Sun Care; AP/Deo; Skin Rinse-off; Body Care; Face Care; Hair Conditioning/Shampoo; Others | Q7: After Sun; Antiperspirants & Deodorants; Baby Care and Cleansing; Body Care; Face Care; Face Cleansing; Make-up; Personal Care Wipes; Self Tanning; Sun Protection | S7: Ester | T7: Isopropyl Myristate | AG7: Tambor de aço 175kg | AJ7: Medium | AK7: Cold Process | AL7: 1440 | AM7: 1200 | AQ7: 2 - 15 | AR7: 2 | AU7: Cadastrado
A8: 30528395 | B8: EMB | C8: Cetiol® HE | D8: PEG-7 Glyceryl Cocoate | E8: Hydrophilic oil preferably suited as a lipid layer enhancer in surfactant cleansing preparations and as a solubility promoter for essential oils and active agents. | F8: Óleo hidrofílico intensificador da camada lipídica em formulações de limpeza, também promove a solubilidade de óleos essenciais e ativos. | G8: Aceite hidrofílico que realza la capa lipídica en formulaciones de limpieza, también promueve la solubilidad de los aceites esenciales y activos. | H8: Excelente sensorial / Excellent sensory | I8: ART:dcxsaProductCatalog:Online,MS:dcxsaProductCatalog:Online,PF:dcxsaProductCatalog:Online,AP:dcxsaProductCatalog:Online,PG:dcxsaProductCatalog:Online,FU:dcxsaProductCatalog:Online,MS_500:dcxsaProductCatalog:Online,MS_700:dcxsaProductCatalog:Online,MS_310:dcxsaProductCatalog:Online,MS_410:dcxsaProductCatalog:Online,AP_300:dcxsaProductCatalog:Online,AP_2300:dcxsaProductCatalog:Online,AP_800:dcxsaProductCatalog:Online,AP_1100:dcxsaProductCatalog:Online,AP_1600:dcxsaProductCatalog:Online,AP_1200:dcxsaProductCatalog:Online,AP_200:dcxsaProductCatalog:Online,AP_1300:dcxsaProductCatalog:Online,PG_2700:dcxsaProductCatalog:Online,PG_300:dcxsaProductCatalog:Online,FU_3300:dcxsaProductCatalog:Online,FU_3400:dcxsaProductCatalog:Online,EL:DcxsaClassification:1.0 | K8: approved | L8: PRODUCT | M8: Emoliente | O8: Liquid | P8: Skin Rinse-off; Face Care; Others; Hair Conditioning/Shampoo; Hair Styling | Q8: Baby Care and Cleansing; Face Cleansing; Liquid Soap; Personal Care Wipes; Shampoo; Shower/Bath Products | S8: Ester | T8: Cetiol® HE | AG8: Bombona plástica 25kg ou Tambor plástico 25kg ou Tambor de aço 200kg | AK8: Cold Process | AM8: n/a | AQ8: 0,5 - 1,0 | AR8: 1 | AU8: Informacão não localizada no MIP, para colocar na Categorization na aba 3* can be used for ( Personal Care Wipes e shower/bath )
A9: 30528720 | B9: EMB | C9: ISOPROPYL PALMITATE | D9: Isopropyl Palmitate | E9: Fast spreading emollient suitable for all cosmetic applications. | F9: Emoliente de alta espalhabilidade adequado para todas as aplicações cosméticas. | G9: Emoliente de esparcibilidad media para todo tipo de aplicaciones cosméticas. | H9: Excelente sensorial / Excellent sensory | I9: ART:dcxsaProductCatalog:Online,MS:dcxsaProductCatalog:Online,PF:dcxsaProductCatalog:Online,AP:dcxsaProductCatalog:Online,PG:dcxsaProductCatalog:Online,FU:dcxsaProductCatalog:Online,MS_810:dcxsaProductCatalog:Online,MS_100:dcxsaProductCatalog:Online,MS_500:dcxsaProductCatalog:Online,MS_700:dcxsaProductCatalog:Online,AP_1700:dcxsaProductCatalog:Online,AP_100:dcxsaProductCatalog:Online,AP_300:dcxsaProductCatalog:Online,AP_1500:dcxsaProductCatalog:Online,AP_600:dcxsaProductCatalog:Online,AP_1800:dcxsaProductCatalog:Online,AP_800:dcxsaProductCatalog:Online,AP_1600:dcxsaProductCatalog:Online,AP_400:dcxsaProductCatalog:Online,AP_1000:dcxsaProductCatalog:Online,PG_900:dcxsaProductCatalog:Online,FU_1100:dcxsaProductCatalog:Online,Emollients:dcxsaProductCatalog:Online,Emollients:dcxsaProductCatalog:Online,EL:DcxsaClassification:1.0 | K9: approved | L9: PRODUCT | M9: Emoliente | O9: Liquid | P9: Sun Care; AP/Deo; Skin Rinse-off; Body Care; Face Care; Others | Q9: After Sun; Antiperspirants & Deodorants; Baby Care and Cleansing; Body Care; Face Care; Face Cleansing; Make-up; Personal Care Wipes; Self Tanning; Sun Protection | S9: Ester | T9: Isopropyl Palmitate | AG9: Tambor de aço 175kg | AJ9: Medium | AK9: Cold Process | AL9: 1439 | AM9: 1000 | AQ9: 2 - 15 | AR9: 2 | AU9: Cadastrado
A10: 30531263 | B10: EMB | C10: Cetiol® AB | D10: C 12-15 Alkyl Benzoate | E10: Medium spreading emollient with good solubilizing properties for crystalline UV-filters. | F10: Emoliente de média espalhabilidade com boas propriedades solubilizantes para filtros UV cristalinos. | G10: =SUBSTITUTE(SUBSTITUTE(SUBSTITUTE(SUBSTITUTE(SUBSTITUTE(SUBSTITUTE(SUBSTITUTE(SUBSTITUTE(SUBSTITUTE(SUBSTITUTE(SUBSTITUTE(SUBSTITUTE(SUBSTITUTE(SUBSTITUTE(SUBSTITUTE(SUBSTITUTE(SUBSTITUTE(SUBSTITUTE(SUBSTITUTE(SUBSTITUTE(SUBSTITUTE(SUBSTITUTE(SUBSTITUTE(VLOOKUP(A10,Sheet1!$C:$G,5,0),'De para simbolos'!$A$2,'De para simbolos'!$B$2),'De para simbolos'!$A$3,'De para simbolos'!$B$3),'De para simbolos'!$A$4,'De para simbolos'!$B$4),'De para simbolos'!$A$5,'De para simbolos'!$B$5),'De para simbolos'!$A$6,'De para simbolos'!$B$6),'De para simbolos'!$A$7,'De para simbolos'!$B$7),'De para simbolos'!$A$8,'De para simbolos'!$B$8),'De para simbolos'!$A$9,'De para simbolos'!$B$9),'De para simbolos'!$A$10,'De para simbolos'!$B$10),'De para simbolos'!$A$11,'De para simbolos'!$B$11),'De para simbolos'!$A$12,'De para simbolos'!$B$12),'De para simbolos'!$A$13,'De para simbolos'!$B$13),'De para simbolos'!$A$14,'De para simbolos'!$B$14),'De para simbolos'!$A$15,'De para simbolos'!$B$15),'De para simbolos'!$A$16,'De para simbolos'!$B$16),'De para simbolos'!$A$17,'De para simbolos'!$B$17),'De para simbolos'!$A$18,'De para simbolos'!$B$18),'De para simbolos'!$A$19,'De para simbolos'!$B$19),'De para simbolos'!$A$20,'De para simbolos'!$B$20),'De para simbolos'!$A$21,'De para simbolos'!$B$21),'De para simbolos'!$A$22,'De para simbolos'!$B$22),'De para simbolos'!$A$23,'De para simbolos'!$B$23),'De para simbolos'!$A$24,'De para simbolos'!$B$24) -> Cetiol® AB es un emoliente de dispersión media con buenas propiedades solubilizantes para filtros UV cristalinos. | H10: Excelente sensorial / Excellent sensory | I10: ART:dcxsaProductCatalog:Online,MS:dcxsaProductCatalog:Online,PF:dcxsaProductCatalog:Online,AP:dcxsaProductCatalog:Online,PG:dcxsaProductCatalog:Online,FU:dcxsaProductCatalog:Online,MS_810:dcxsaProductCatalog:Online,MS_500:dcxsaProductCatalog:Online,AP_1700:dcxsaProductCatalog:Online,AP_300:dcxsaProductCatalog:Online,AP_1500:dcxsaProductCatalog:Online,AP_600:dcxsaProductCatalog:Online,AP_800:dcxsaProductCatalog:Online,AP_400:dcxsaProductCatalog:Online,AP_1000:dcxsaProductCatalog:Online,PG_900:dcxsaProductCatalog:Online,FU_1100:dcxsaProductCatalog:Online,Emollients:dcxsaProductCatalog:Online,Emollients:dcxsaProductCatalog:Online,EL:DcxsaClassification:1.0,PG_4000:dcxsaProductCatalog:Online,MS_100:dcxsaProductCatalog:Online,AP_100:dcxsaProductCatalog:Online,AP_300:dcxsaProductCatalog:Online,AP_500:dcxsaProductCatalog:Online,MS_500:dcxsaProductCatalog:Online,FU_5000:dcxsaProductCatalog:Online | K10: approved | L10: PRODUCT | M10: Emoliente | O10: Liquid | P10: Sun Care; Skin Rinse-off; Body Care; Face Care | Q10: After Sun; Baby Care and Cleansing; Body Care; Face Care; Face Cleansing; Make-up; Self Tanning; Sun Protection | S10: Ester | T10: Cetiol® AB | AG10: Tambor de aço 175kg | AJ10: High | AK10: Cold Process | AL10: 1485 | AM10: 400 | AQ10: 2 - 10 | AR10: 0.5 | AU10: Cadastrado
A11: 30532172 | B11: EMB | C11: Cetiol® LDO | D11: Dicaprylyl Ether (and) Lauryl Alcohol | E11: Emollient mixture preferably suited as a lipid layer enhancer in surfactant cleansing preparations like shower baths and as an emollient additive for shampoos. | F11: Mistura de emolientes que atua como intensificador da camada lipídica em formulações de limpeza. | G11: =SUBSTITUTE(SUBSTITUTE(SUBSTITUTE(SUBSTITUTE(SUBSTITUTE(SUBSTITUTE(SUBSTITUTE(SUBSTITUTE(SUBSTITUTE(SUBSTITUTE(SUBSTITUTE(SUBSTITUTE(SUBSTITUTE(SUBSTITUTE(SUBSTITUTE(SUBSTITUTE(SUBSTITUTE(SUBSTITUTE(SUBSTITUTE(SUBSTITUTE(SUBSTITUTE(SUBSTITUTE(SUBSTITUTE(VLOOKUP(A11,Sheet1!$C:$G,5,0),'De para simbolos'!$A$2,'De para simbolos'!$B$2),'De para simbolos'!$A$3,'De para simbolos'!$B$3),'De para simbolos'!$A$4,'De para simbolos'!$B$4),'De para simbolos'!$A$5,'De para simbolos'!$B$5),'De para simbolos'!$A$6,'De para simbolos'!$B$6),'De para simbolos'!$A$7,'De para simbolos'!$B$7),'De para simbolos'!$A$8,'De para simbolos'!$B$8),'De para simbolos'!$A$9,'De para simbolos'!$B$9),'De para simbolos'!$A$10,'De para simbolos'!$B$10),'De para simbolos'!$A$11,'De para simbolos'!$B$11),'De para simbolos'!$A$12,'De para simbolos'!$B$12),'De para simbolos'!$A$13,'De para simbolos'!$B$13),'De para simbolos'!$A$14,'De para simbolos'!$B$14),'De para simbolos'!$A$15,'De para simbolos'!$B$15),'De para simbolos'!$A$16,'De para simbolos'!$B$16),'De para simbolos'!$A$17,'De para simbolos'!$B$17),'De para simbolos'!$A$18,'De para simbolos'!$B$18),'De para simbolos'!$A$19,'De para simbolos'!$B$19),'De para simbolos'!$A$20,'De para simbolos'!$B$20),'De para simbolos'!$A$21,'De para simbolos'!$B$21),'De para simbolos'!$A$22,'De para simbolos'!$B$22),'De para simbolos'!$A$23,'De para simbolos'!$B$23),'De para simbolos'!$A$24,'De para simbolos'!$B$24) -> Emoliente condicionante para Shampoo. | H11: Excelente sensorial / Excellent sensory | I11: Emollients:dcxsaProductCatalog:Online,AP_800:dcxsaProductCatalog:Online,AP_1100:dcxsaProductCatalog:Online,AP_1200:dcxsaProductCatalog:Online,AP_300:dcxsaProductCatalog:Online,PG_900:dcxsaProductCatalog:Online,FU_1100:dcxsaProductCatalog:Online,Emollients:dcxsaProductCatalog:Online,MS_1210:dcxsaProductCatalog:Online,EL:DcxsaClassification:1.0 | K11: unapproved | L11: PRODUCT | M11: Emoliente | O11: Liquid | P11: Skin Rinse-off; Body Care; Hair Conditioning/Shampoo; Others | Q11: Baby Care and Cleansing; Face Cleansing; Liquid Soap; Personal Care Wipes; Shampoo; Shower/Bath Products | S11: Ester | T11: Cetiol® LDO | AG11: Tambor de aço 170kg | AK11: Cold Process | AM11: n/a | AQ11: 0,5 - 1,0 | AR11: 3 | AU11: Informacão não localizada no MIP, para colocar na Categorization na aba 3* can be used for ( Personal Care Wipes e shower/bath )
A12: 30535766 | B12: EMB | C12: Cetiol® Sensoft | D12: Propylheptyl Caprylate | E12: Fast spreading emollient with a multi-dimensional softness for all cosmetic applications (happy emollient), good performance of wetting powder. | F12: Emoliente de alta espalhabilidade com maciez multidimensional para todas as aplicações cosméticas (emoliente feliz), ótimo desempenho como umectante para pós. | G12: =SUBSTITUTE(SUBSTITUTE(SUBSTITUTE(SUBSTITUTE(SUBSTITUTE(SUBSTITUTE(SUBSTITUTE(SUBSTITUTE(SUBSTITUTE(SUBSTITUTE(SUBSTITUTE(SUBSTITUTE(SUBSTITUTE(SUBSTITUTE(SUBSTITUTE(SUBSTITUTE(SUBSTITUTE(SUBSTITUTE(SUBSTITUTE(SUBSTITUTE(SUBSTITUTE(SUBSTITUTE(SUBSTITUTE(VLOOKUP(A12,Sheet1!$C:$G,5,0),'De para simbolos'!$A$2,'De para simbolos'!$B$2),'De para simbolos'!$A$3,'De para simbolos'!$B$3),'De para simbolos'!$A$4,'De para simbolos'!$B$4),'De para simbolos'!$A$5,'De para simbolos'!$B$5),'De para simbolos'!$A$6,'De para simbolos'!$B$6),'De para simbolos'!$A$7,'De para simbolos'!$B$7),'De para simbolos'!$A$8,'De para simbolos'!$B$8),'De para simbolos'!$A$9,'De para simbolos'!$B$9),'De para simbolos'!$A$10,'De para simbolos'!$B$10),'De para simbolos'!$A$11,'De para simbolos'!$B$11),'De para simbolos'!$A$12,'De para simbolos'!$B$12),'De para simbolos'!$A$13,'De para simbolos'!$B$13),'De para simbolos'!$A$14,'De para simbolos'!$B$14),'De para simbolos'!$A$15,'De para simbolos'!$B$15),'De para simbolos'!$A$16,'De para simbolos'!$B$16),'De para simbolos'!$A$17,'De para simbolos'!$B$17),'De para simbolos'!$A$18,'De para simbolos'!$B$18),'De para simbolos'!$A$19,'De para simbolos'!$B$19),'De para simbolos'!$A$20,'De para simbolos'!$B$20),'De para simbolos'!$A$21,'De para simbolos'!$B$21),'De para simbolos'!$A$22,'De para simbolos'!$B$22),'De para simbolos'!$A$23,'De para simbolos'!$B$23),'De para simbolos'!$A$24,'De para simbolos'!$B$24) -> Emoliente de rápida difusión con suavidad multidimensional para todas las aplicaciones cosméticas (emoliente feliz), buen comportamiento de polvo humectante. | H12: Excelente sensorial / Excellent sensory | I12: ART:dcxsaProductCatalog:Online,MS:dcxsaProductCatalog:Online,PF:dcxsaProductCatalog:Online,AP:dcxsaProductCatalog:Online,PG:dcxsaProductCatalog:Online,FU:dcxsaProductCatalog:Online,MS_810:dcxsaProductCatalog:Online,MS_100:dcxsaProductCatalog:Online,MS_500:dcxsaProductCatalog:Online,MS_700:dcxsaProductCatalog:Online,AP_1700:dcxsaProductCatalog:Online,AP_100:dcxsaProductCatalog:Online,AP_300:dcxsaProductCatalog:Online,AP_1500:dcxsaProductCatalog:Online,AP_600:dcxsaProductCatalog:Online,AP_1800:dcxsaProductCatalog:Online,AP_800:dcxsaProductCatalog:Online,AP_1600:dcxsaProductCatalog:Online,AP_400:dcxsaProductCatalog:Online,AP_1000:dcxsaProductCatalog:Online,PG_900:dcxsaProductCatalog:Online,FU_1100:dcxsaProductCatalog:Online,Emollients:dcxsaProductCatalog:Online,Emollients:dcxsaProductCatalog:Online,EL:DcxsaClassification:1.0,PG_4200:dcxsaProductCatalog:Online,FU_5200:dcxsaProductCatalog:Online | K12: approved | L12: PRODUCT | M12: Emoliente | O12: Liquid | P12: Sun Care; AP/Deo; Skin Rinse-off; Body Care; Face Care; Others | Q12: After Sun; Antiperspirants & Deodorants; Baby Care and Cleansing; Body Care; Face Care; Face Cleansing; Make-up; Personal Care Wipes; Self Tanning; Sun Protection | S12: Ester | T12: Cetiol® Sensoft | AG12: Bombona plástica 10kg ou Tambor de aço 175kg | AJ12: Medium | AK12: Cold Process | AL12: 1444 | AM12: 1900 | AQ12: 2 - 15 | AR12: 1 | AU12: Cadastrado
A13: 30597825 | B13: EMB | C13: CETIOL® ULTIMATE | D13: Undecane (and) Tridecane | E13: Natural-based hydrocarbon as an alternative for silicones in all skin care applications. Due to its volatility and fast spreadability it forms dry, smooth textures for cosmetic creams and lotions. | F13: Hidrocarboneto de base natural como alternativa aos silicones em todas as aplicações de cuidados com a pele. Devido à sua alta volatilidade e alta espalhabilidade, proporciona texturas secas e suaves para cremes e loções cosméticas. | G13: =SUBSTITUTE(SUBSTITUTE(SUBSTITUTE(SUBSTITUTE(SUBSTITUTE(SUBSTITUTE(SUBSTITUTE(SUBSTITUTE(SUBSTITUTE(SUBSTITUTE(SUBSTITUTE(SUBSTITUTE(SUBSTITUTE(SUBSTITUTE(SUBSTITUTE(SUBSTITUTE(SUBSTITUTE(SUBSTITUTE(SUBSTITUTE(SUBSTITUTE(SUBSTITUTE(SUBSTITUTE(SUBSTITUTE(VLOOKUP(A13,Sheet1!$C:$G,5,0),'De para simbolos'!$A$2,'De para simbolos'!$B$2),'De para simbolos'!$A$3,'De para simbolos'!$B$3),'De para simbolos'!$A$4,'De para simbolos'!$B$4),'De para simbolos'!$A$5,'De para simbolos'!$B$5),'De para simbolos'!$A$6,'De para simbolos'!$B$6),'De para simbolos'!$A$7,'De para simbolos'!$B$7),'De para simbolos'!$A$8,'De para simbolos'!$B$8),'De para simbolos'!$A$9,'De para simbolos'!$B$9),'De para simbolos'!$A$10,'De para simbolos'!$B$10),'De para simbolos'!$A$11,'De para simbolos'!$B$11),'De para simbolos'!$A$12,'De para simbolos'!$B$12),'De para simbolos'!$A$13,'De para simbolos'!$B$13),'De para simbolos'!$A$14,'De para simbolos'!$B$14),'De para simbolos'!$A$15,'De para simbolos'!$B$15),'De para simbolos'!$A$16,'De para simbolos'!$B$16),'De para simbolos'!$A$17,'De para simbolos'!$B$17),'De para simbolos'!$A$18,'De para simbolos'!$B$18),'De para simbolos'!$A$19,'De para simbolos'!$B$19),'De para simbolos'!$A$20,'De para simbolos'!$B$20),'De para simbolos'!$A$21,'De para simbolos'!$B$21),'De para simbolos'!$A$22,'De para simbolos'!$B$22),'De para simbolos'!$A$23,'De para simbolos'!$B$23),'De para simbolos'!$A$24,'De para simbolos'!$B$24) -> Cetiol® Ultimate es un hidrocarburo de base natural como alternativa a las siliconas en todas las aplicaciones para el cuidado de la piel. Debido a su volatilidad y rápida capacidad de untar, forma texturas suaves y secas para cremas y lociones cosméticas. | H13: Excelente sensorial, Alternativa ao silicone, Beleza transparente, Cosméticos naturais / Transparent beauty; Excellent sensory; Alternative to silicone | I13: ART:dcxsaProductCatalog:Online,PF:dcxsaProductCatalog:Online,MS_700:dcxsaProductCatalog:Online,MS_500:dcxsaProductCatalog:Online,MS_810:dcxsaProductCatalog:Online,AP_300:dcxsaProductCatalog:Online,AP_400:dcxsaProductCatalog:Online,AP_600:dcxsaProductCatalog:Online,AP:dcxsaProductCatalog:Online,AP_800:dcxsaProductCatalog:Online,AP_1000:dcxsaProductCatalog:Online,AP_1500:dcxsaProductCatalog:Online,AP_1600:dcxsaProductCatalog:Online,AP_1700:dcxsaProductCatalog:Online,AP_1800:dcxsaProductCatalog:Online,PG_900:dcxsaProductCatalog:Online,PG:dcxsaProductCatalog:Online,FU_1100:dcxsaProductCatalog:Online,Emollients:dcxsaProductCatalog:Online,EL:DcxsaClassification:1.0,FU_5900:dcxsaProductCatalog:Online,PG_5100:dcxsaProductCatalog:Online,FU:dcxsaProductCatalog:Online,MS:dcxsaProductCatalog:Online,Emollients:dcxsaProductCatalog:Online | K13: approved | L13: PRODUCT | M13: Emoliente | O13: Liquid | P13: Sun Care; Skin Rinse-off; Body Care; Face Care; Others | S13: Hydrocarbon | T13: Cetiol® Ultimate | AJ13: Low | AK13: Cold Process | AL13: 1419 | AM13: >2500 | AQ13: 2 - 15 | AR13: 3 | AU13: Informações faltando cadastrar no PIM, Application
A14: 30527834 | B14: EMB | C14: Lameform® TGI | D14: Polyglyceryl-3 Diisostearate | E14: Nonionic W/O emulsifier for creams and lotions. | F14: Emulsificante não-iônico para cremes e loções do tipo a/O. | G14: Emulsionante no iónico para cremas y lociones tipo W/O. | I14: ART:dcxsaProductCatalog:Online,MS:dcxsaProductCatalog:Online,PF:dcxsaProductCatalog:Online,AP:dcxsaProductCatalog:Online,PG:dcxsaProductCatalog:Online,FU:dcxsaProductCatalog:Online,MS_810:dcxsaProductCatalog:Online,MS_500:dcxsaProductCatalog:Online,MS_700:dcxsaProductCatalog:Online,AP_1700:dcxsaProductCatalog:Online,AP_300:dcxsaProductCatalog:Online,AP_1500:dcxsaProductCatalog:Online,AP_1800:dcxsaProductCatalog:Online,AP_1600:dcxsaProductCatalog:Online,AP_400:dcxsaProductCatalog:Online,AP_1000:dcxsaProductCatalog:Online,PG_1000:dcxsaProductCatalog:Online,FU_1200:dcxsaProductCatalog:Online,Emulsifier:dcxsaProductCatalog:Online,EM:DcxsaClassification:1.0 | K14: unapproved | L14: PRODUCT | M14: Emulsionante O/A | N14: aprox 100 | O14: Liquid | P14: Sun Care; Skin Rinse-off; Body Care; Face Care; Others | Q14: After Sun; Baby Care and Cleansing; Body Care; Face Care; Personal Care Wipes; Self Tanning; Sun Protection | T14: Lameform® TGI | Y14: W/O Emulsifier | Z14: ** | AG14: Tambor de plástico 190kg | AK14: Cold Process | AQ14: 1 -2 | AR14: 3 | AU14: Informacão não localizada no PIM, para colocar na Categorization na aba 3* can be used for ( Personal Care Wipes e shower/bath )
A15: 30527866 | B15: EMB | C15: EMULGADE® PL 68/50 | D15: Cetearyl Glucoside (and) Cetearyl Alcohol | E15: Nonionic, self emulsifying cream base suitable for all kind of cosmetic O/W emulsions. | F15: Base auto emulsionante, não-iônica, aplicável a todo tipo de emulsões cosméticas do tipo O/W. | G15: =SUBSTITUTE(SUBSTITUTE(SUBSTITUTE(SUBSTITUTE(SUBSTITUTE(SUBSTITUTE(SUBSTITUTE(SUBSTITUTE(SUBSTITUTE(SUBSTITUTE(SUBSTITUTE(SUBSTITUTE(SUBSTITUTE(SUBSTITUTE(SUBSTITUTE(SUBSTITUTE(SUBSTITUTE(SUBSTITUTE(SUBSTITUTE(SUBSTITUTE(SUBSTITUTE(SUBSTITUTE(SUBSTITUTE(VLOOKUP(A15,Sheet1!$C:$G,5,0),'De para simbolos'!$A$2,'De para simbolos'!$B$2),'De para simbolos'!$A$3,'De para simbolos'!$B$3),'De para simbolos'!$A$4,'De para simbolos'!$B$4),'De para simbolos'!$A$5,'De para simbolos'!$B$5),'De para simbolos'!$A$6,'De para simbolos'!$B$6),'De para simbolos'!$A$7,'De para simbolos'!$B$7),'De para simbolos'!$A$8,'De para simbolos'!$B$8),'De para simbolos'!$A$9,'De para simbolos'!$B$9),'De para simbolos'!$A$10,'De para simbolos'!$B$10),'De para simbolos'!$A$11,'De para simbolos'!$B$11),'De para simbolos'!$A$12,'De para simbolos'!$B$12),'De para simbolos'!$A$13,'De para simbolos'!$B$13),'De para simbolos'!$A$14,'De para simbolos'!$B$14),'De para simbolos'!$A$15,'De para simbolos'!$B$15),'De para simbolos'!$A$16,'De para simbolos'!$B$16),'De para simbolos'!$A$17,'De para simbolos'!$B$17),'De para simbolos'!$A$18,'De para simbolos'!$B$18),'De para simbolos'!$A$19,'De para simbolos'!$B$19),'De para simbolos'!$A$20,'De para simbolos'!$B$20),'De para simbolos'!$A$21,'De para simbolos'!$B$21),'De para simbolos'!$A$22,'De para simbolos'!$B$22),'De para simbolos'!$A$23,'De para simbolos'!$B$23),'De para simbolos'!$A$24,'De para simbolos'!$B$24) -> Emulgade® PL 68/50 es una crema base autoemulsionante no iónica apta para todo tipo de emulsiones cosméticas O/W. | H15: Excelente sensorial / Excellent sensory | I15: MS:dcxsaProductCatalog:Online,ART:dcxsaProductCatalog:Online,PF:dcxsaProductCatalog:Online,MS_500:dcxsaProductCatalog:Online,MS_810:dcxsaProductCatalog:Online,AP_300:dcxsaProductCatalog:Online,AP_400:dcxsaProductCatalog:Online,AP_600:dcxsaProductCatalog:Online,AP:dcxsaProductCatalog:Online,AP_800:dcxsaProductCatalog:Online,AP_1000:dcxsaProductCatalog:Online,AP_1500:dcxsaProductCatalog:Online,AP_1700:dcxsaProductCatalog:Online,AP_1800:dcxsaProductCatalog:Online,PG_600:dcxsaProductCatalog:Online,PG:dcxsaProductCatalog:Online,FU_700:dcxsaProductCatalog:Online,FU:dcxsaProductCatalog:Online,EM:DcxsaClassification:1.0,EM:DcxsaClassification:1.0,FU_5400:dcxsaProductCatalog:Online,StockLevel:dcxsaProductCatalog:Online,PG_4400:dcxsaProductCatalog:Online | J15: true | K15: unapproved | L15: PRODUCT | M15: Emulsionante O/A | N15: aprox. 50 | O15: Pellets | P15: Sun Care; Skin Rinse-off; Body Care; Face Care | Q15: After Sun; Baby Care and Cleansing; Body Care; Face Care; Face Cleansing; Make-up; Self Tanning; Sun Protection | T15: Emulgade® PL 6850 | Y15: O/W Emulsifier | Z15: ** | AK15: Hot process | AQ15: 2 – 4 | AR15: 3 | AU15: Cadastrado
A16: 30527928 | B16: EMB | C16: Dehymuls® PGPH | D16: Polyglyceryl-2 Dipolyhydroxystearate | E16: W/O-emulsifier for the preparation of all kind of W/O-emulsions. | F16: Emulsionante A/O ideal para emulsões do tipo A/O. | G16: Emulsionante ideal para emulsiones tipo W/O. | H16: Excelente sensorial / Excellent sensory | I16: MS_100:dcxsaProductCatalog:Online,MS:dcxsaProductCatalog:Online,ART:dcxsaProductCatalog:Online,PF:dcxsaProductCatalog:Online,MS_500:dcxsaProductCatalog:Online,MS_810:dcxsaProductCatalog:Online,AP_100:dcxsaProductCatalog:Online,AP_300:dcxsaProductCatalog:Online,AP_400:dcxsaProductCatalog:Online,AP_600:dcxsaProductCatalog:Online,AP:dcxsaProductCatalog:Online,AP_1000:dcxsaProductCatalog:Online,AP_1500:dcxsaProductCatalog:Online,AP_1700:dcxsaProductCatalog:Online,AP_1800:dcxsaProductCatalog:Online,PG:dcxsaProductCatalog:Online,PG_1000:dcxsaProductCatalog:Online,Emulsifier:dcxsaProductCatalog:Online,FU_1200:dcxsaProductCatalog:Online,FU:dcxsaProductCatalog:Online,EM:DcxsaClassification:1.0 | K16: unapproved | L16: PRODUCT | M16: Emulsionante A/O | N16: aprox 100 | O16: Liquid | P16: Sun Care; AP/Deo; Skin Rinse-off; Body Care; Face Care | Q16: After Sun; Antiperspirants & Deodorants; Baby Care and Cleansing; Body Care; Face Care; Make-up; Self Tanning; Sun Protection | T16: Dehymuls® PGPH | Y16: W/O Emulsifier | Z16: *** | AG16: Tambor de plástico 190kg | AK16: Cold Process | AQ16: 3 - 5 | AR16: 3 | AU16: Cadastrado
A17: 30535931 | B17: EMB | C17: ACTIWHITE LS 9808 | D17: Water (and) Glycerin (and) Sucrose Dilaurate (and) Polysorbate 20 (and) Pisum Sativum (Pea) Extract | F17: Actiwhite® é um ativo extraído da ervilha que reduz manchas e uniformiza o tom da pele, com eficácia superior à hidriquinona e a vantagem de ser de origem natural e não ser fotossensível. | G17: Actiwhite® es un activo extraído del guisante que reduce las manchas y unifica el tono de la piel, con una eficacia superior a la hidroxiquinona y la ventaja de ser de origen natural y no ser fotosensible. | H17: Tratamento de manchas / Stain treatment | M17: Ativo | O17: #N/A | P17: #N/A | AU17: Informações faltando cadastrar no PIM, Application/ classificationClass / Description[es] Ingles
A18: 30533295 | B18: EMB | C18: Emulgade® Sucro | D18: Sucrose Polystearate (and) Hydrogenated Polyisobutene | E18: Very mild, sucrose based, nonionic emulsifier, delivers velvety textures and provides moisturizing benefits, synergy effect in formulations with Eumulgin® SG, suitable for various skincare applications. | F18: Eumulsioante não ionico de excelente sensorial | G18: Emulsionante no iónico a base de sacarosa, muy suave, brinda texturas aterciopeladas y beneficios humectantes, efecto sinérgico en formulaciones con Eumulgin® SG, apto para diversas aplicaciones de cuidado de la piel. | H18: Excelente sensorial / Excellent sensory | I18: ART:dcxsaProductCatalog:Online,MS:dcxsaProductCatalog:Online,PF:dcxsaProductCatalog:Online,AP:dcxsaProductCatalog:Online,PG:dcxsaProductCatalog:Online,FU:dcxsaProductCatalog:Online,MS_810:dcxsaProductCatalog:Online,MS_500:dcxsaProductCatalog:Online,AP_1700:dcxsaProductCatalog:Online,AP_300:dcxsaProductCatalog:Online,AP_1500:dcxsaProductCatalog:Online,AP_600:dcxsaProductCatalog:Online,AP_2300:dcxsaProductCatalog:Online,AP_800:dcxsaProductCatalog:Online,AP_400:dcxsaProductCatalog:Online,AP_1000:dcxsaProductCatalog:Online,PG_600:dcxsaProductCatalog:Online,FU_700:dcxsaProductCatalog:Online,Emulsifier:dcxsaProductCatalog:Online,EM:DcxsaClassification:1.0 | K18: approved | L18: PRODUCT | M18: Emulsionante O/A | N18: 78 - 85 | O18: Pellets | P18: Sun Care; Skin Rinse-off; Body Care; Face Care | Q18: After Sun; Baby Care and Cleansing; Body Care; Face Care; Face Cleansing; Make-up; Self Tanning; Sun Protection | T18: Emulgade® Sucro | Y18: O/W Emulsifier | Z18: ** | AG18: Saco plástico 25kg | AK18: Hot process | AQ18: 1 - 5 | AR18: 2 | AU18: Cadastrado
A19: 30537422 | B19: EMB | C19: EUMULGIN® PRISMA | D19: Disodium Cetearyl Sulfosuccinate | E19: Anionic O/W emulsifier suitable for various applications, especially sun care formulations. | F19: Emulsificante aniônico O/W ideal para diversas aplicações cosméticas, especialmente formulações de proteção solar. | G19: Emulsionante aniónico O/W ideal para diversas aplicaciones cosméticas, especialmente formulaciones de protección solar. | H19: Excelente sensorial / Excellent sensory | I19: MS_100:dcxsaProductCatalog:Online,MS:dcxsaProductCatalog:Online,ART:dcxsaProductCatalog:Online,PF:dcxsaProductCatalog:Online,MS_500:dcxsaProductCatalog:Online,MS_810:dcxsaProductCatalog:Online,AP_100:dcxsaProductCatalog:Online,AP_300:dcxsaProductCatalog:Online,AP_400:dcxsaProductCatalog:Online,AP_600:dcxsaProductCatalog:Online,AP:dcxsaProductCatalog:Online,AP_800:dcxsaProductCatalog:Online,AP_1000:dcxsaProductCatalog:Online,AP_1500:dcxsaProductCatalog:Online,AP_1700:dcxsaProductCatalog:Online,AP_1800:dcxsaProductCatalog:Online,PG:dcxsaProductCatalog:Online,PG_1200:dcxsaProductCatalog:Online,Emulsifier:dcxsaProductCatalog:Online,FU:dcxsaProductCatalog:Online,FU_1300:dcxsaProductCatalog:Online,EM:DcxsaClassification:1.0,PG_4400:dcxsaProductCatalog:Online,MS_1210:dcxsaProductCatalog:Online,AP_100:dcxsaProductCatalog:Online,AP_500:dcxsaProductCatalog:Online,MS_310:dcxsaProductCatalog:Online,FU_5400:dcxsaProductCatalog:Online | K19: approved | L19: PRODUCT | M19: Emulsionante O/A | N19: min. 95 | O19: Powder | P19: Sun Care; AP/Deo; Skin Rinse-off; Body Care; Face Care | Q19: After Sun; Antiperspirants & Deodorants; Baby Care and Cleansing; Body Care; Face Care; Face Cleansing; Make-up; Self Tanning; Sun Protection | T19: Eumulgin™ Prisma | Y19: O/W Emulsifier | Z19: *** | AG19: Tambor de papelão 10kg | AK19: Hot process | AQ19: 0,25 - 1,5 | AR19: 2 | AU19: Cadastrado
A20: 30537089 | B20: EMB | C20: ACTIWHITE® PW LS 9860 | D20: Maltodextrin (and) Sucrose Dilaurate (and) Sodium Cocoyl Glutamate (and) Pisum Sativum (Pea) Extract | F20: Actiwhite® é um ativo extraído da ervilha que reduz manchas e uniformiza o tom da pele, com eficácia superior à hidriquinona e a vantagem de ser de origem natural e não ser fotossensível. | G20: =SUBSTITUTE(SUBSTITUTE(SUBSTITUTE(SUBSTITUTE(SUBSTITUTE(SUBSTITUTE(SUBSTITUTE(SUBSTITUTE(SUBSTITUTE(SUBSTITUTE(SUBSTITUTE(SUBSTITUTE(SUBSTITUTE(SUBSTITUTE(SUBSTITUTE(SUBSTITUTE(SUBSTITUTE(SUBSTITUTE(SUBSTITUTE(SUBSTITUTE(SUBSTITUTE(SUBSTITUTE(SUBSTITUTE(VLOOKUP(A20,Sheet1!$C:$G,5,0),'De para simbolos'!$A$2,'De para simbolos'!$B$2),'De para simbolos'!$A$3,'De para simbolos'!$B$3),'De para simbolos'!$A$4,'De para simbolos'!$B$4),'De para simbolos'!$A$5,'De para simbolos'!$B$5),'De para simbolos'!$A$6,'De para simbolos'!$B$6),'De para simbolos'!$A$7,'De para simbolos'!$B$7),'De para simbolos'!$A$8,'De para simbolos'!$B$8),'De para simbolos'!$A$9,'De para simbolos'!$B$9),'De para simbolos'!$A$10,'De para simbolos'!$B$10),'De para simbolos'!$A$11,'De para simbolos'!$B$11),'De para simbolos'!$A$12,'De para simbolos'!$B$12),'De para simbolos'!$A$13,'De para simbolos'!$B$13),'De para simbolos'!$A$14,'De para simbolos'!$B$14),'De para simbolos'!$A$15,'De para simbolos'!$B$15),'De para simbolos'!$A$16,'De para simbolos'!$B$16),'De para simbolos'!$A$17,'De para simbolos'!$B$17),'De para simbolos'!$A$18,'De para simbolos'!$B$18),'De para simbolos'!$A$19,'De para simbolos'!$B$19),'De para simbolos'!$A$20,'De para simbolos'!$B$20),'De para simbolos'!$A$21,'De para simbolos'!$B$21),'De para simbolos'!$A$22,'De para simbolos'!$B$22),'De para simbolos'!$A$23,'De para simbolos'!$B$23),'De para simbolos'!$A$24,'De para simbolos'!$B$24) -> #N/A | H20: Tratamento de manchas / Stain treatment | M20: Ativo | O20: Powder | P20: Body Care; Face Care | AU20: Informações faltando cadastrar no PIM, Application/ classificationClass / Description[es] Espanhol e Ingles
A21: 30499500 | B21: EMB | C21: VITAMIN E-ACETATE CARE | D21: Tocopheryl Acetate | E21: Active agent suitable as anti-oxidant for cosmetic emulsions, such as sunscreen preparations, body lotions, hand and facial creams. | F21: Ativo indicado como antioxidante para emulsões cosméticas, como protetores solares, loções corporais, cremes para mãos e rosto. | G21: Activo indicado como antioxidante para emulsiones cosméticas, como fotoprotectores, lociones corporales, cremas para manos y rostro. | H21: Pró-idade, | I21: MS_310:dcxsaProductCatalog:Online,MS:dcxsaProductCatalog:Online,ART:dcxsaProductCatalog:Online,MS_600:dcxsaProductCatalog:Online,PF:dcxsaProductCatalog:Online,MS_700:dcxsaProductCatalog:Online,MS_500:dcxsaProductCatalog:Online,MS_810:dcxsaProductCatalog:Online,AP_300:dcxsaProductCatalog:Online,AP_400:dcxsaProductCatalog:Online,AP_600:dcxsaProductCatalog:Online,AP_700:dcxsaProductCatalog:Online,AP:dcxsaProductCatalog:Online,AP_800:dcxsaProductCatalog:Online,AP_900:dcxsaProductCatalog:Online,AP_1000:dcxsaProductCatalog:Online,AP_1500:dcxsaProductCatalog:Online,AP_1600:dcxsaProductCatalog:Online,AP_1700:dcxsaProductCatalog:Online,AP_1800:dcxsaProductCatalog:Online,PG:dcxsaProductCatalog:Online,PG_3100:dcxsaProductCatalog:Online,FU:dcxsaProductCatalog:Online,FU_3800:dcxsaProductCatalog:Online,Others:dcxsaProductCatalog:Online,MS_1210:dcxsaProductCatalog:Online | J21: true | K21: approved | L21: PRODUCT | M21: Vitamina | O21: Liquid | P21: Sun Care; Skin Rinse-off; Body Care; Face Care; Hair Conditioning/Shampoo; Others; Oral Care | T21: VITAMIN E-ACETATE CARE | AU21: Informações faltando cadastrar no PIM, Application/ classificationClass / Benefícios ao cosumidor
A22: 30530375 | B22: EMB | C22: AH-CARE® G-60 | D22: Water (and) Glycolic Acid (and) Arginine | F22: AH-Care® G-60 é um ativo composto por um complexo de ácido glicólico com o aminoácido arginina, desenvolvido para ser tolerado por todos os tipos de pele. Possui eficácia esfoliante do ácido glicólico (renovação celular, redução de manchas, iluminação), mas com ação significativamente menos irritante, sem sensação de coceira e desconforto. | G22: =SUBSTITUTE(SUBSTITUTE(SUBSTITUTE(SUBSTITUTE(SUBSTITUTE(SUBSTITUTE(SUBSTITUTE(SUBSTITUTE(SUBSTITUTE(SUBSTITUTE(SUBSTITUTE(SUBSTITUTE(SUBSTITUTE(SUBSTITUTE(SUBSTITUTE(SUBSTITUTE(SUBSTITUTE(SUBSTITUTE(SUBSTITUTE(SUBSTITUTE(SUBSTITUTE(SUBSTITUTE(SUBSTITUTE(VLOOKUP(A22,Sheet1!$C:$G,5,0),'De para simbolos'!$A$2,'De para simbolos'!$B$2),'De para simbolos'!$A$3,'De para simbolos'!$B$3),'De para simbolos'!$A$4,'De para simbolos'!$B$4),'De para simbolos'!$A$5,'De para simbolos'!$B$5),'De para simbolos'!$A$6,'De para simbolos'!$B$6),'De para simbolos'!$A$7,'De para simbolos'!$B$7),'De para simbolos'!$A$8,'De para simbolos'!$B$8),'De para simbolos'!$A$9,'De para simbolos'!$B$9),'De para simbolos'!$A$10,'De para simbolos'!$B$10),'De para simbolos'!$A$11,'De para simbolos'!$B$11),'De para simbolos'!$A$12,'De para simbolos'!$B$12),'De para simbolos'!$A$13,'De para simbolos'!$B$13),'De para simbolos'!$A$14,'De para simbolos'!$B$14),'De para simbolos'!$A$15,'De para simbolos'!$B$15),'De para simbolos'!$A$16,'De para simbolos'!$B$16),'De para simbolos'!$A$17,'De para simbolos'!$B$17),'De para simbolos'!$A$18,'De para simbolos'!$B$18),'De para simbolos'!$A$19,'De para simbolos'!$B$19),'De para simbolos'!$A$20,'De para simbolos'!$B$20),'De para simbolos'!$A$21,'De para simbolos'!$B$21),'De para simbolos'!$A$22,'De para simbolos'!$B$22),'De para simbolos'!$A$23,'De para simbolos'!$B$23),'De para simbolos'!$A$24,'De para simbolos'!$B$24) -> #N/A | H22: Renovação epidérmica; Epidermal renewel | M22: Ativo | O22: Liquid | P22: Face Care | AU22: Informações faltando cadastrar no PIM, Application/ classificationClass / Description[es] Espanhol e Ingles
A23: 30531250 | B23: EMB | C23: Cosmedia® SP | D23: Sodium Polyacrylate | E23: Thickening polymer with emulsifying and suspending capabilities without additional emulsifier. Presents outstanding sensorial impact, recommended for skin care emulsions, especially when elegant after-feel is expected. | F23: Polímero espessante com capacidade de emulsificação e suspensão sem necessidade de um emulsificante adicional. Apresenta excelente impacto sensorial, recomendado para emulsões de cuidados com a pele, principalmente quando se espera um toque final elegante. | G23: =SUBSTITUTE(SUBSTITUTE(SUBSTITUTE(SUBSTITUTE(SUBSTITUTE(SUBSTITUTE(SUBSTITUTE(SUBSTITUTE(SUBSTITUTE(SUBSTITUTE(SUBSTITUTE(SUBSTITUTE(SUBSTITUTE(SUBSTITUTE(SUBSTITUTE(SUBSTITUTE(SUBSTITUTE(SUBSTITUTE(SUBSTITUTE(SUBSTITUTE(SUBSTITUTE(SUBSTITUTE(SUBSTITUTE(VLOOKUP(A23,Sheet1!$C:$G,5,0),'De para simbolos'!$A$2,'De para simbolos'!$B$2),'De para simbolos'!$A$3,'De para simbolos'!$B$3),'De para simbolos'!$A$4,'De para simbolos'!$B$4),'De para simbolos'!$A$5,'De para simbolos'!$B$5),'De para simbolos'!$A$6,'De para simbolos'!$B$6),'De para simbolos'!$A$7,'De para simbolos'!$B$7),'De para simbolos'!$A$8,'De para simbolos'!$B$8),'De para simbolos'!$A$9,'De para simbolos'!$B$9),'De para simbolos'!$A$10,'De para simbolos'!$B$10),'De para simbolos'!$A$11,'De para simbolos'!$B$11),'De para simbolos'!$A$12,'De para simbolos'!$B$12),'De para simbolos'!$A$13,'De para simbolos'!$B$13),'De para simbolos'!$A$14,'De para simbolos'!$B$14),'De para simbolos'!$A$15,'De para simbolos'!$B$15),'De para simbolos'!$A$16,'De para simbolos'!$B$16),'De para simbolos'!$A$17,'De para simbolos'!$B$17),'De para simbolos'!$A$18,'De para simbolos'!$B$18),'De para simbolos'!$A$19,'De para simbolos'!$B$19),'De para simbolos'!$A$20,'De para simbolos'!$B$20),'De para simbolos'!$A$21,'De para simbolos'!$B$21),'De para simbolos'!$A$22,'De para simbolos'!$B$22),'De para simbolos'!$A$23,'De para simbolos'!$B$23),'De para simbolos'!$A$24,'De para simbolos'!$B$24) -> Polímero de sensorial elegante y lujoso em aplicaciones de piel | H23: Excelente sensorial / Excellent sensory | I23: ART:dcxsaProductCatalog:Online,MS:dcxsaProductCatalog:Online,PF:dcxsaProductCatalog:Online,AP:dcxsaProductCatalog:Online,PG:dcxsaProductCatalog:Online,FU:dcxsaProductCatalog:Online,MS_810:dcxsaProductCatalog:Online,MS_500:dcxsaProductCatalog:Online,MS_700:dcxsaProductCatalog:Online,AP_300:dcxsaProductCatalog:Online,AP_1500:dcxsaProductCatalog:Online,AP_1600:dcxsaProductCatalog:Online,AP_1800:dcxsaProductCatalog:Online,AP_800:dcxsaProductCatalog:Online,AP_600:dcxsaProductCatalog:Online,AP_1000:dcxsaProductCatalog:Online,AP_1700:dcxsaProductCatalog:Online,PG_2500:dcxsaProductCatalog:Online,PG_1800:dcxsaProductCatalog:Online,FU_2800:dcxsaProductCatalog:Online,FU_2100:dcxsaProductCatalog:Online,Polymer:dcxsaProductCatalog:Online,Polymer:dcxsaProductCatalog:Online,PM:DcxsaClassification:1.0,PG_5000:dcxsaProductCatalog:Online,FU_5800:dcxsaProductCatalog:Online | K23: approved | L23: PRODUCT | M23: Polímero Emulsionante | N23: > 88 | O23: Powder | P23: Sun Care; Skin Rinse-off; Body Care; Face Care; Others | Q23: After Sun; Baby Care and Cleansing; Body Care; Face Care; Face Cleansing; Make-up; Personal Care Wipes; Sun Protection | T23: Cosmedia® SP | U23: FALSE | X23: *** | AG23: Saco de papel 25kg | AH23: 6,0 - 12,0 | AK23: Cold Process | AQ23: 0,2 - 1,5 % | AR23: 0,5 | AS23: ** | AU23: Cadastrado
A24: 30530376 | B24: EMB | C24: AH-CARE® L-65 | D24: Water (and) Lactic Acid (and) Arginine | F24: AH-Care® L-65 é um ativo composto por um complexo de ácido lático com o aminoácido arginina, desenvolvido para ser tolerado por todos os tipos de pele. Possui eficácia esfoliante do ácido lático (renovação celular, redução de manchas, iluminação), mas com ação significativamente menos irritante, sem sensação de coceira e desconforto. | G24: =SUBSTITUTE(SUBSTITUTE(SUBSTITUTE(SUBSTITUTE(SUBSTITUTE(SUBSTITUTE(SUBSTITUTE(SUBSTITUTE(SUBSTITUTE(SUBSTITUTE(SUBSTITUTE(SUBSTITUTE(SUBSTITUTE(SUBSTITUTE(SUBSTITUTE(SUBSTITUTE(SUBSTITUTE(SUBSTITUTE(SUBSTITUTE(SUBSTITUTE(SUBSTITUTE(SUBSTITUTE(SUBSTITUTE(VLOOKUP(A24,Sheet1!$C:$G,5,0),'De para simbolos'!$A$2,'De para simbolos'!$B$2),'De para simbolos'!$A$3,'De para simbolos'!$B$3),'De para simbolos'!$A$4,'De para simbolos'!$B$4),'De para simbolos'!$A$5,'De para simbolos'!$B$5),'De para simbolos'!$A$6,'De para simbolos'!$B$6),'De para simbolos'!$A$7,'De para simbolos'!$B$7),'De para simbolos'!$A$8,'De para simbolos'!$B$8),'De para simbolos'!$A$9,'De para simbolos'!$B$9),'De para simbolos'!$A$10,'De para simbolos'!$B$10),'De para simbolos'!$A$11,'De para simbolos'!$B$11),'De para simbolos'!$A$12,'De para simbolos'!$B$12),'De para simbolos'!$A$13,'De para simbolos'!$B$13),'De para simbolos'!$A$14,'De para simbolos'!$B$14),'De para simbolos'!$A$15,'De para simbolos'!$B$15),'De para simbolos'!$A$16,'De para simbolos'!$B$16),'De para simbolos'!$A$17,'De para simbolos'!$B$17),'De para simbolos'!$A$18,'De para simbolos'!$B$18),'De para simbolos'!$A$19,'De para simbolos'!$B$19),'De para simbolos'!$A$20,'De para simbolos'!$B$20),'De para simbolos'!$A$21,'De para simbolos'!$B$21),'De para simbolos'!$A$22,'De para simbolos'!$B$22),'De para simbolos'!$A$23,'De para simbolos'!$B$23),'De para simbolos'!$A$24,'De para simbolos'!$B$24) -> #N/A | H24: Renovação epidérmica; Epidermal renewel | M24: Ativo | O24: Liquid | P24: Body Care; Face Care | AU24: Informações faltando cadastrar no PIM, Application/ classificationClass / Description[es] Espanhol e Ingles
A25: 30562023 | B25: EMB | C25: AMC ADVANCED MOISTURE COMPLEX NP | D25: Glycerin (and) Water (and) Sodium PCA (and) Urea (and) Trehalose (and) Hexylene Glycol (and) Polyquaternium- 51 (and) Triacetin (and) Caprylyl Glycol (and) Sodium Hyaluronate | F25: AMC é um ativo hidratante que possui propriedades de ligação de água intensas, fortalece a barreira da pele e proporciona benefícios que são superiores ao ácido hialurônico. | G25: =SUBSTITUTE(SUBSTITUTE(SUBSTITUTE(SUBSTITUTE(SUBSTITUTE(SUBSTITUTE(SUBSTITUTE(SUBSTITUTE(SUBSTITUTE(SUBSTITUTE(SUBSTITUTE(SUBSTITUTE(SUBSTITUTE(SUBSTITUTE(SUBSTITUTE(SUBSTITUTE(SUBSTITUTE(SUBSTITUTE(SUBSTITUTE(SUBSTITUTE(SUBSTITUTE(SUBSTITUTE(SUBSTITUTE(VLOOKUP(A25,Sheet1!$C:$G,5,0),'De para simbolos'!$A$2,'De para simbolos'!$B$2),'De para simbolos'!$A$3,'De para simbolos'!$B$3),'De para simbolos'!$A$4,'De para simbolos'!$B$4),'De para simbolos'!$A$5,'De para simbolos'!$B$5),'De para simbolos'!$A$6,'De para simbolos'!$B$6),'De para simbolos'!$A$7,'De para simbolos'!$B$7),'De para simbolos'!$A$8,'De para simbolos'!$B$8),'De para simbolos'!$A$9,'De para simbolos'!$B$9),'De para simbolos'!$A$10,'De para simbolos'!$B$10),'De para simbolos'!$A$11,'De para simbolos'!$B$11),'De para simbolos'!$A$12,'De para simbolos'!$B$12),'De para simbolos'!$A$13,'De para simbolos'!$B$13),'De para simbolos'!$A$14,'De para simbolos'!$B$14),'De para simbolos'!$A$15,'De para simbolos'!$B$15),'De para simbolos'!$A$16,'De para simbolos'!$B$16),'De para simbolos'!$A$17,'De para simbolos'!$B$17),'De para simbolos'!$A$18,'De para simbolos'!$B$18),'De para simbolos'!$A$19,'De para simbolos'!$B$19),'De para simbolos'!$A$20,'De para simbolos'!$B$20),'De para simbolos'!$A$21,'De para simbolos'!$B$21),'De para simbolos'!$A$22,'De para simbolos'!$B$22),'De para simbolos'!$A$23,'De para simbolos'!$B$23),'De para simbolos'!$A$24,'De para simbolos'!$B$24) -> #N/A | H25: Hidratante | M25: Ativo | O25: Liquid | P25: Body Care; Face Care | AU25: Informações faltando cadastrar no PIM, Application/ classificationClass / Description[es] Espanhol, Portugues e Ingles / Benefícios ao cosumidor
A26: 30346395 | B26: EMB | C26: AMC ADVANCED MOISTURE COMPLEX | D26: Glycerin (and) Water (and) Sodium PCA (and) Urea (and) Trehalose (and) Triacetin (and) Sodium Hyaluronate (and) Polyquaternium- 51 | F26: AMC é um ativo hidratante que possui propriedades de ligação de água intensas, fortalece a barreira da pele e proporciona benefícios que são superiores ao ácido hialurônico. | G26: =SUBSTITUTE(SUBSTITUTE(SUBSTITUTE(SUBSTITUTE(SUBSTITUTE(SUBSTITUTE(SUBSTITUTE(SUBSTITUTE(SUBSTITUTE(SUBSTITUTE(SUBSTITUTE(SUBSTITUTE(SUBSTITUTE(SUBSTITUTE(SUBSTITUTE(SUBSTITUTE(SUBSTITUTE(SUBSTITUTE(SUBSTITUTE(SUBSTITUTE(SUBSTITUTE(SUBSTITUTE(SUBSTITUTE(VLOOKUP(A26,Sheet1!$C:$G,5,0),'De para simbolos'!$A$2,'De para simbolos'!$B$2),'De para simbolos'!$A$3,'De para simbolos'!$B$3),'De para simbolos'!$A$4,'De para simbolos'!$B$4),'De para simbolos'!$A$5,'De para simbolos'!$B$5),'De para simbolos'!$A$6,'De para simbolos'!$B$6),'De para simbolos'!$A$7,'De para simbolos'!$B$7),'De para simbolos'!$A$8,'De para simbolos'!$B$8),'De para simbolos'!$A$9,'De para simbolos'!$B$9),'De para simbolos'!$A$10,'De para simbolos'!$B$10),'De para simbolos'!$A$11,'De para simbolos'!$B$11),'De para simbolos'!$A$12,'De para simbolos'!$B$12),'De para simbolos'!$A$13,'De para simbolos'!$B$13),'De para simbolos'!$A$14,'De para simbolos'!$B$14),'De para simbolos'!$A$15,'De para simbolos'!$B$15),'De para simbolos'!$A$16,'De para simbolos'!$B$16),'De para simbolos'!$A$17,'De para simbolos'!$B$17),'De para simbolos'!$A$18,'De para simbolos'!$B$18),'De para simbolos'!$A$19,'De para simbolos'!$B$19),'De para simbolos'!$A$20,'De para simbolos'!$B$20),'De para simbolos'!$A$21,'De para simbolos'!$B$21),'De para simbolos'!$A$22,'De para simbolos'!$B$22),'De para simbolos'!$A$23,'De para simbolos'!$B$23),'De para simbolos'!$A$24,'De para simbolos'!$B$24) -> #N/A | H26: Hidratante | M26: Ativo | O26: #N/A | P26: #N/A | AU26: Informações faltando cadastrar no PIM, Application/ classificationClass / Description[es] Espanhol, Portugues e Ingles ; Benefícios ao cosumidor
A27: 30530994 | B27: EMB | C27: ANASENSYL® LS 9322 | D27: Mannitol (and) Ammonium Glycyrrhizate (and) Caffeine (and) Zinc Gluconate (and) Aesculus Hippocastanum Seed Extract | F27: Anasensyll® é um ativo composto por um complexo sinérgico de ingredientes com potente ação calmante e anti-inflamatória. Eficácia comprovada na redução da irritação e vermelhidão em aplicações pós-barba. | G27: =SUBSTITUTE(SUBSTITUTE(SUBSTITUTE(SUBSTITUTE(SUBSTITUTE(SUBSTITUTE(SUBSTITUTE(SUBSTITUTE(SUBSTITUTE(SUBSTITUTE(SUBSTITUTE(SUBSTITUTE(SUBSTITUTE(SUBSTITUTE(SUBSTITUTE(SUBSTITUTE(SUBSTITUTE(SUBSTITUTE(SUBSTITUTE(SUBSTITUTE(SUBSTITUTE(SUBSTITUTE(SUBSTITUTE(VLOOKUP(A27,Sheet1!$C:$G,5,0),'De para simbolos'!$A$2,'De para simbolos'!$B$2),'De para simbolos'!$A$3,'De para simbolos'!$B$3),'De para simbolos'!$A$4,'De para simbolos'!$B$4),'De para simbolos'!$A$5,'De para simbolos'!$B$5),'De para simbolos'!$A$6,'De para simbolos'!$B$6),'De para simbolos'!$A$7,'De para simbolos'!$B$7),'De para simbolos'!$A$8,'De para simbolos'!$B$8),'De para simbolos'!$A$9,'De para simbolos'!$B$9),'De para simbolos'!$A$10,'De para simbolos'!$B$10),'De para simbolos'!$A$11,'De para simbolos'!$B$11),'De para simbolos'!$A$12,'De para simbolos'!$B$12),'De para simbolos'!$A$13,'De para simbolos'!$B$13),'De para simbolos'!$A$14,'De para simbolos'!$B$14),'De para simbolos'!$A$15,'De para simbolos'!$B$15),'De para simbolos'!$A$16,'De para simbolos'!$B$16),'De para simbolos'!$A$17,'De para simbolos'!$B$17),'De para simbolos'!$A$18,'De para simbolos'!$B$18),'De para simbolos'!$A$19,'De para simbolos'!$B$19),'De para simbolos'!$A$20,'De para simbolos'!$B$20),'De para simbolos'!$A$21,'De para simbolos'!$B$21),'De para simbolos'!$A$22,'De para simbolos'!$B$22),'De para simbolos'!$A$23,'De para simbolos'!$B$23),'De para simbolos'!$A$24,'De para simbolos'!$B$24) -> #N/A | H27: Anti-inflamatório; Calmante / Anti-inflamatory | M27: Ativo | O27: Powder | P27: Face Care | AU27: Informações faltando cadastrar no PIM, Application/ classificationClass / Description[es] Espanhol e Ingles
A28: 30534881 | B28: EMB | C28: ARGANYL® LS 9781 | D28: Water (and) Glycerin (and) Argania Spinosa Leaf Extract | F28: Arganyl® é um ativo extraído da folha de Argan com forte ação Antioxidante que protege a matriz celular e as macromoléculas da pele, como o colágeno, da ação dos radicais livres, evitando o envelhecimento precoce e deixando a pele mais macia e elástica. Possui testes que comprovam ação anti-glicante, proteção contra agentes poluentes e contra os danos causados pela luz azul. | G28: =SUBSTITUTE(SUBSTITUTE(SUBSTITUTE(SUBSTITUTE(SUBSTITUTE(SUBSTITUTE(SUBSTITUTE(SUBSTITUTE(SUBSTITUTE(SUBSTITUTE(SUBSTITUTE(SUBSTITUTE(SUBSTITUTE(SUBSTITUTE(SUBSTITUTE(SUBSTITUTE(SUBSTITUTE(SUBSTITUTE(SUBSTITUTE(SUBSTITUTE(SUBSTITUTE(SUBSTITUTE(SUBSTITUTE(VLOOKUP(A28,Sheet1!$C:$G,5,0),'De para simbolos'!$A$2,'De para simbolos'!$B$2),'De para simbolos'!$A$3,'De para simbolos'!$B$3),'De para simbolos'!$A$4,'De para simbolos'!$B$4),'De para simbolos'!$A$5,'De para simbolos'!$B$5),'De para simbolos'!$A$6,'De para simbolos'!$B$6),'De para simbolos'!$A$7,'De para simbolos'!$B$7),'De para simbolos'!$A$8,'De para simbolos'!$B$8),'De para simbolos'!$A$9,'De para simbolos'!$B$9),'De para simbolos'!$A$10,'De para simbolos'!$B$10),'De para simbolos'!$A$11,'De para simbolos'!$B$11),'De para simbolos'!$A$12,'De para simbolos'!$B$12),'De para simbolos'!$A$13,'De para simbolos'!$B$13),'De para simbolos'!$A$14,'De para simbolos'!$B$14),'De para simbolos'!$A$15,'De para simbolos'!$B$15),'De para simbolos'!$A$16,'De para simbolos'!$B$16),'De para simbolos'!$A$17,'De para simbolos'!$B$17),'De para simbolos'!$A$18,'De para simbolos'!$B$18),'De para simbolos'!$A$19,'De para simbolos'!$B$19),'De para simbolos'!$A$20,'De para simbolos'!$B$20),'De para simbolos'!$A$21,'De para simbolos'!$B$21),'De para simbolos'!$A$22,'De para simbolos'!$B$22),'De para simbolos'!$A$23,'De para simbolos'!$B$23),'De para simbolos'!$A$24,'De para simbolos'!$B$24) -> #N/A | H28: Antissinais/ Anti-Signals | M28: Ativo | O28: Liquid | P28: Sun Care; Face Care | AU28: Informações faltando cadastrar no PIM, Application/ classificationClass / Description[es] Espanhol e Ingles
A29: 30061790 | B29: EMB | C29: 1,2-Propylene Glycol Care | D29: Propylene Glycol | E29: Multifunctional ingredient for all personal care applications, e.g. mouthwashes, toothpastes, ointments, skin creams, shampoos and perfumes. | F29: Ingrediente multifuncional para todas as aplicações de cuidados pessoais, ex. enxaguantes bucais, cremes dentais, pomadas, cremes para a pele, xampus e perfumes. | G29: Ingrediente multifuncional para todas las aplicaciones de cuidado personal, enjuagues bucales, dentífricos, ungüentos, cremas para la piel, champús y perfumes.. | I29: ART:dcxsaProductCatalog:Online,PF:dcxsaProductCatalog:Online | J29: false | K29: approved | L29: PRODUCT | M29: Umectante | O29: Liquid | P29: Sun Care; Body Care; Face Care; Others; Oral Care | AU29: Informações faltando cadastrar no PIM, Application/ classificationClass
A30: 30535632 | B30: EMB | C30: ARLYPON® TT | D30: PEG / PPG-120 / 10 Trimethylolpropane Trioleate (and) Laureth-2 | E30: Highly efficient thickening agent for surfactant formulations, especially suitable for difficult to thicken ethersulfate-free or ethersulfate-poor systems. | F30: Agente espessante altamente eficiente para formulações surfactantes, especialmente adequado para sistemas sem sulfato ou baixas concentrações ativo de difícil espessamento. | G30: Agente espesante de alta eficacia para formulaciones de tensioactivos, especialmente adecuado para sistemas libres de etersulfato o bajos en etersulfato que son difíciles de espesar. | I30: MS_310:dcxsaProductCatalog:Online,MS:dcxsaProductCatalog:Online,ART:dcxsaProductCatalog:Online,PF:dcxsaProductCatalog:Online,MS_500:dcxsaProductCatalog:Online,AP_200:dcxsaProductCatalog:Online,AP_300:dcxsaProductCatalog:Online,AP:dcxsaProductCatalog:Online,AP_1100:dcxsaProductCatalog:Online,AP_800:dcxsaProductCatalog:Online,AP_1200:dcxsaProductCatalog:Online,PG:dcxsaProductCatalog:Online,PG_1300:dcxsaProductCatalog:Online,FU:dcxsaProductCatalog:Online,FU_1400:dcxsaProductCatalog:Online,Emulsifier:dcxsaProductCatalog:Online | J30: true | K30: approved | L30: PRODUCT | M30: Espessante | O30: Liquid | P30: Skin Rinse-off; Face Care; Hair Conditioning/Shampoo | AU30: Informações faltando cadastrar no PIM, Application/ classificationClass / Benefícios ao consumidor
A31: 30537142 | B31: EMB | C31: ARGANYL® PW LS 9830 | D31: Argania Spinosa Leaf Extract (and) Maltodextrin | F31: Arganyl® é um ativo extraído da folha de Argan com forte ação Antioxidante que protege a matriz celular e as macromoléculas da pele, como o colágeno, da ação dos radicais livres, evitando o envelhecimento precoce e deixando a pele mais macia e elástica. Possui testes que comprovam ação anti-glicante, proteção contra agentes poluentes e contra os danos causados pela luz azul. | G31: =SUBSTITUTE(SUBSTITUTE(SUBSTITUTE(SUBSTITUTE(SUBSTITUTE(SUBSTITUTE(SUBSTITUTE(SUBSTITUTE(SUBSTITUTE(SUBSTITUTE(SUBSTITUTE(SUBSTITUTE(SUBSTITUTE(SUBSTITUTE(SUBSTITUTE(SUBSTITUTE(SUBSTITUTE(SUBSTITUTE(SUBSTITUTE(SUBSTITUTE(SUBSTITUTE(SUBSTITUTE(SUBSTITUTE(VLOOKUP(A31,Sheet1!$C:$G,5,0),'De para simbolos'!$A$2,'De para simbolos'!$B$2),'De para simbolos'!$A$3,'De para simbolos'!$B$3),'De para simbolos'!$A$4,'De para simbolos'!$B$4),'De para simbolos'!$A$5,'De para simbolos'!$B$5),'De para simbolos'!$A$6,'De para simbolos'!$B$6),'De para simbolos'!$A$7,'De para simbolos'!$B$7),'De para simbolos'!$A$8,'De para simbolos'!$B$8),'De para simbolos'!$A$9,'De para simbolos'!$B$9),'De para simbolos'!$A$10,'De para simbolos'!$B$10),'De para simbolos'!$A$11,'De para simbolos'!$B$11),'De para simbolos'!$A$12,'De para simbolos'!$B$12),'De para simbolos'!$A$13,'De para simbolos'!$B$13),'De para simbolos'!$A$14,'De para simbolos'!$B$14),'De para simbolos'!$A$15,'De para simbolos'!$B$15),'De para simbolos'!$A$16,'De para simbolos'!$B$16),'De para simbolos'!$A$17,'De para simbolos'!$B$17),'De para simbolos'!$A$18,'De para simbolos'!$B$18),'De para simbolos'!$A$19,'De para simbolos'!$B$19),'De para simbolos'!$A$20,'De para simbolos'!$B$20),'De para simbolos'!$A$21,'De para simbolos'!$B$21),'De para simbolos'!$A$22,'De para simbolos'!$B$22),'De para simbolos'!$A$23,'De para simbolos'!$B$23),'De para simbolos'!$A$24,'De para simbolos'!$B$24) -> #N/A | H31: Antissinais / Anti-Signals | M31: Ativo | O31: Powder | P31: Sun Care; Face Care | AU31: Informações faltando cadastrar no PIM, Application/ classificationClass / Description[es] Espanhol e Ingles
A32: 30537037 | B32: EMB | C32: ASEBIOL® LS 9853 | D32: Water (and) Pyridoxine HCl (and) Niacinamide (and) Glycerin (and) Panthenol (and) Hydrolyzed Yeast Protein (and) Threonine (and) Allantoin (and) Biotin | F32: Asebiol® é um complexo de ativos com potente eficácia no controle da oleosidade. Composto por aminoácidos e peptídeos sulfurados reguladores do sebo, vitaminas do complexo B, pantenol e alantoína. | G32: =SUBSTITUTE(SUBSTITUTE(SUBSTITUTE(SUBSTITUTE(SUBSTITUTE(SUBSTITUTE(SUBSTITUTE(SUBSTITUTE(SUBSTITUTE(SUBSTITUTE(SUBSTITUTE(SUBSTITUTE(SUBSTITUTE(SUBSTITUTE(SUBSTITUTE(SUBSTITUTE(SUBSTITUTE(SUBSTITUTE(SUBSTITUTE(SUBSTITUTE(SUBSTITUTE(SUBSTITUTE(SUBSTITUTE(VLOOKUP(A32,Sheet1!$C:$G,5,0),'De para simbolos'!$A$2,'De para simbolos'!$B$2),'De para simbolos'!$A$3,'De para simbolos'!$B$3),'De para simbolos'!$A$4,'De para simbolos'!$B$4),'De para simbolos'!$A$5,'De para simbolos'!$B$5),'De para simbolos'!$A$6,'De para simbolos'!$B$6),'De para simbolos'!$A$7,'De para simbolos'!$B$7),'De para simbolos'!$A$8,'De para simbolos'!$B$8),'De para simbolos'!$A$9,'De para simbolos'!$B$9),'De para simbolos'!$A$10,'De para simbolos'!$B$10),'De para simbolos'!$A$11,'De para simbolos'!$B$11),'De para simbolos'!$A$12,'De para simbolos'!$B$12),'De para simbolos'!$A$13,'De para simbolos'!$B$13),'De para simbolos'!$A$14,'De para simbolos'!$B$14),'De para simbolos'!$A$15,'De para simbolos'!$B$15),'De para simbolos'!$A$16,'De para simbolos'!$B$16),'De para simbolos'!$A$17,'De para simbolos'!$B$17),'De para simbolos'!$A$18,'De para simbolos'!$B$18),'De para simbolos'!$A$19,'De para simbolos'!$B$19),'De para simbolos'!$A$20,'De para simbolos'!$B$20),'De para simbolos'!$A$21,'De para simbolos'!$B$21),'De para simbolos'!$A$22,'De para simbolos'!$B$22),'De para simbolos'!$A$23,'De para simbolos'!$B$23),'De para simbolos'!$A$24,'De para simbolos'!$B$24) -> #N/A | H32: Controle de oleosidade; Oil Control | M32: Ativo | O32: Liquid | P32: Body Care; Face Care | AU32: Informações faltando cadastrar no PIM, Application/ classificationClass / Description[es] Espanhol e Ingles
A33: 30314588 | B33: EMB | C33: BETA-HYDROXYDE® ACSD G00011 | D33: Salicylic Acid (and) Acacia Senegal Gum | F33: Beta-Hydroxyde® ACSD é um ativo queratolítico, obtido a partir da associação do ácido salicílico com goma arábica, que proporciona um controle de oleosidade suave e efetivo, que não irrita a pele. Reduz o tamanho dos poros e equilibra a microbiota, sendo facilmente solubilizado e incorporado às formulações. | G33: =SUBSTITUTE(SUBSTITUTE(SUBSTITUTE(SUBSTITUTE(SUBSTITUTE(SUBSTITUTE(SUBSTITUTE(SUBSTITUTE(SUBSTITUTE(SUBSTITUTE(SUBSTITUTE(SUBSTITUTE(SUBSTITUTE(SUBSTITUTE(SUBSTITUTE(SUBSTITUTE(SUBSTITUTE(SUBSTITUTE(SUBSTITUTE(SUBSTITUTE(SUBSTITUTE(SUBSTITUTE(SUBSTITUTE(VLOOKUP(A33,Sheet1!$C:$G,5,0),'De para simbolos'!$A$2,'De para simbolos'!$B$2),'De para simbolos'!$A$3,'De para simbolos'!$B$3),'De para simbolos'!$A$4,'De para simbolos'!$B$4),'De para simbolos'!$A$5,'De para simbolos'!$B$5),'De para simbolos'!$A$6,'De para simbolos'!$B$6),'De para simbolos'!$A$7,'De para simbolos'!$B$7),'De para simbolos'!$A$8,'De para simbolos'!$B$8),'De para simbolos'!$A$9,'De para simbolos'!$B$9),'De para simbolos'!$A$10,'De para simbolos'!$B$10),'De para simbolos'!$A$11,'De para simbolos'!$B$11),'De para simbolos'!$A$12,'De para simbolos'!$B$12),'De para simbolos'!$A$13,'De para simbolos'!$B$13),'De para simbolos'!$A$14,'De para simbolos'!$B$14),'De para simbolos'!$A$15,'De para simbolos'!$B$15),'De para simbolos'!$A$16,'De para simbolos'!$B$16),'De para simbolos'!$A$17,'De para simbolos'!$B$17),'De para simbolos'!$A$18,'De para simbolos'!$B$18),'De para simbolos'!$A$19,'De para simbolos'!$B$19),'De para simbolos'!$A$20,'De para simbolos'!$B$20),'De para simbolos'!$A$21,'De para simbolos'!$B$21),'De para simbolos'!$A$22,'De para simbolos'!$B$22),'De para simbolos'!$A$23,'De para simbolos'!$B$23),'De para simbolos'!$A$24,'De para simbolos'!$B$24) -> #N/A | H33: Controle de oleosidade; Oil Control | M33: Ativo | O33: Powder | P33: Body Care; Face Care | AU33: Informações faltando cadastrar no PIM, Application/ classificationClass / Description[es] Espanhol e Ingles
A34: 30459417 | B34: EMB | C34: BETAPUR® A00067 | D34: Water (and) Butylene Glycol (and) Peumus Boldus Leaf Extract (and) Pentylene Glycol (and) Xanthan Gum | F34: Betapur® é um ativo purificante e calmante extraído do boldo que equilibra a microbiota e estimula o sistema de defesa da pele, com mecanismo de estímulo à síntese de beta-defensinas. Ação anti-inflamatória que reduz manchas vermelhas e homogeiniza o tom da pele. | H34: Anti-inflamatório; Calmante; Modulação do microbioma; Controle de oleosidade; / Microbiome modulation; Oil control; Anti-inflamatory | M34: Ativo | O34: Liquid | P34: Body Care; Face Care | AU34: Informações faltando cadastrar no PIM, Application/ classificationClass / Description[es] Espanhol e Ingles
A35: 30536684 | B35: EMB | C35: BIOPHYTEX® LS 9832 | D35: Water, Butylene Glycol, Panthenol, Escin, Glycerin, Ruscus Aculeatus Root Extract, Ammonium Glycyrrhizate, Centella Asiatica Extract, Hydrolized Yeast Protein, Calendula Officinalis Flower Extract. | F35: Biophytex® é um ativo obtido a partir de um complexo botânico calmante, rico em flavonóides, que melhora a circulação e clareia olheiras, iluminando a região dos olhos. Também melhora a rosácea, reduzindo a vermelhidão. | G35: =SUBSTITUTE(SUBSTITUTE(SUBSTITUTE(SUBSTITUTE(SUBSTITUTE(SUBSTITUTE(SUBSTITUTE(SUBSTITUTE(SUBSTITUTE(SUBSTITUTE(SUBSTITUTE(SUBSTITUTE(SUBSTITUTE(SUBSTITUTE(SUBSTITUTE(SUBSTITUTE(SUBSTITUTE(SUBSTITUTE(SUBSTITUTE(SUBSTITUTE(SUBSTITUTE(SUBSTITUTE(SUBSTITUTE(VLOOKUP(A35,Sheet1!$C:$G,5,0),'De para simbolos'!$A$2,'De para simbolos'!$B$2),'De para simbolos'!$A$3,'De para simbolos'!$B$3),'De para simbolos'!$A$4,'De para simbolos'!$B$4),'De para simbolos'!$A$5,'De para simbolos'!$B$5),'De para simbolos'!$A$6,'De para simbolos'!$B$6),'De para simbolos'!$A$7,'De para simbolos'!$B$7),'De para simbolos'!$A$8,'De para simbolos'!$B$8),'De para simbolos'!$A$9,'De para simbolos'!$B$9),'De para simbolos'!$A$10,'De para simbolos'!$B$10),'De para simbolos'!$A$11,'De para simbolos'!$B$11),'De para simbolos'!$A$12,'De para simbolos'!$B$12),'De para simbolos'!$A$13,'De para simbolos'!$B$13),'De para simbolos'!$A$14,'De para simbolos'!$B$14),'De para simbolos'!$A$15,'De para simbolos'!$B$15),'De para simbolos'!$A$16,'De para simbolos'!$B$16),'De para simbolos'!$A$17,'De para simbolos'!$B$17),'De para simbolos'!$A$18,'De para simbolos'!$B$18),'De para simbolos'!$A$19,'De para simbolos'!$B$19),'De para simbolos'!$A$20,'De para simbolos'!$B$20),'De para simbolos'!$A$21,'De para simbolos'!$B$21),'De para simbolos'!$A$22,'De para simbolos'!$B$22),'De para simbolos'!$A$23,'De para simbolos'!$B$23),'De para simbolos'!$A$24,'De para simbolos'!$B$24) -> #N/A | H35: Antissinais;Antioxidante;Anti-inflamatório;Redução de olheiras / Anti-inflamatory; Anti-signals; Anti-signals ;Reduce dark circles | M35: Ativo | O35: Liquid | P35: Body Care; Face Care | AU35: Informações faltando cadastrar no PIM, Application/ classificationClass / Description[es] Espanhol e Ingles
A36: 30452307 | B36: EMB | C36: BIOWHITE | D36: Saxifraga Sarmentosa Extract, Vitis Vinifera (Grape) Fruit Extract, Butylene Glycol, Water, Morus Bombycis Root Extract, Scutellaria Baicalensis Root Extract, Disodium EDTA | F36: Combinação de extrato de plantas com alto poder e ação de despigmentação de manchas | G36: =SUBSTITUTE(SUBSTITUTE(SUBSTITUTE(SUBSTITUTE(SUBSTITUTE(SUBSTITUTE(SUBSTITUTE(SUBSTITUTE(SUBSTITUTE(SUBSTITUTE(SUBSTITUTE(SUBSTITUTE(SUBSTITUTE(SUBSTITUTE(SUBSTITUTE(SUBSTITUTE(SUBSTITUTE(SUBSTITUTE(SUBSTITUTE(SUBSTITUTE(SUBSTITUTE(SUBSTITUTE(SUBSTITUTE(VLOOKUP(A36,Sheet1!$C:$G,5,0),'De para simbolos'!$A$2,'De para simbolos'!$B$2),'De para simbolos'!$A$3,'De para simbolos'!$B$3),'De para simbolos'!$A$4,'De para simbolos'!$B$4),'De para simbolos'!$A$5,'De para simbolos'!$B$5),'De para simbolos'!$A$6,'De para simbolos'!$B$6),'De para simbolos'!$A$7,'De para simbolos'!$B$7),'De para simbolos'!$A$8,'De para simbolos'!$B$8),'De para simbolos'!$A$9,'De para simbolos'!$B$9),'De para simbolos'!$A$10,'De para simbolos'!$B$10),'De para simbolos'!$A$11,'De para simbolos'!$B$11),'De para simbolos'!$A$12,'De para simbolos'!$B$12),'De para simbolos'!$A$13,'De para simbolos'!$B$13),'De para simbolos'!$A$14,'De para simbolos'!$B$14),'De para simbolos'!$A$15,'De para simbolos'!$B$15),'De para simbolos'!$A$16,'De para simbolos'!$B$16),'De para simbolos'!$A$17,'De para simbolos'!$B$17),'De para simbolos'!$A$18,'De para simbolos'!$B$18),'De para simbolos'!$A$19,'De para simbolos'!$B$19),'De para simbolos'!$A$20,'De para simbolos'!$B$20),'De para simbolos'!$A$21,'De para simbolos'!$B$21),'De para simbolos'!$A$22,'De para simbolos'!$B$22),'De para simbolos'!$A$23,'De para simbolos'!$B$23),'De para simbolos'!$A$24,'De para simbolos'!$B$24) -> #N/A | H36: Tratamento de manchas; / Stain treatment | M36: Ativo | O36: #N/A | P36: #N/A | AU36: Informações faltando cadastrar no PIM, Application/ classificationClass / Description[es] Espanhol, Portugues e Ingles
A37: 30035139 | B37: EMB | C37: BISABOLOL RAC. | D37: Bisabolol | E37: Active ingredient with various functions, such as protecting and healing the skin from the effects of daily stress. Especially suitable for sensitive skin, baby care, after-shave, and after-sun applications. | F37: Ingrediente ativo multifuncional, protege e recupera a pele dos efeitos do estresse diário. Adequado para tratamento de pele sensíveis, cuidados com o bebê, pós-barba e pós-sol. | G37: =SUBSTITUTE(SUBSTITUTE(SUBSTITUTE(SUBSTITUTE(SUBSTITUTE(SUBSTITUTE(SUBSTITUTE(SUBSTITUTE(SUBSTITUTE(SUBSTITUTE(SUBSTITUTE(SUBSTITUTE(SUBSTITUTE(SUBSTITUTE(SUBSTITUTE(SUBSTITUTE(SUBSTITUTE(SUBSTITUTE(SUBSTITUTE(SUBSTITUTE(SUBSTITUTE(SUBSTITUTE(SUBSTITUTE(VLOOKUP(A37,Sheet1!$C:$G,5,0),'De para simbolos'!$A$2,'De para simbolos'!$B$2),'De para simbolos'!$A$3,'De para simbolos'!$B$3),'De para simbolos'!$A$4,'De para simbolos'!$B$4),'De para simbolos'!$A$5,'De para simbolos'!$B$5),'De para simbolos'!$A$6,'De para simbolos'!$B$6),'De para simbolos'!$A$7,'De para simbolos'!$B$7),'De para simbolos'!$A$8,'De para simbolos'!$B$8),'De para simbolos'!$A$9,'De para simbolos'!$B$9),'De para simbolos'!$A$10,'De para simbolos'!$B$10),'De para simbolos'!$A$11,'De para simbolos'!$B$11),'De para simbolos'!$A$12,'De para simbolos'!$B$12),'De para simbolos'!$A$13,'De para simbolos'!$B$13),'De para simbolos'!$A$14,'De para simbolos'!$B$14),'De para simbolos'!$A$15,'De para simbolos'!$B$15),'De para simbolos'!$A$16,'De para simbolos'!$B$16),'De para simbolos'!$A$17,'De para simbolos'!$B$17),'De para simbolos'!$A$18,'De para simbolos'!$B$18),'De para simbolos'!$A$19,'De para simbolos'!$B$19),'De para simbolos'!$A$20,'De para simbolos'!$B$20),'De para simbolos'!$A$21,'De para simbolos'!$B$21),'De para simbolos'!$A$22,'De para simbolos'!$B$22),'De para simbolos'!$A$23,'De para simbolos'!$B$23),'De para simbolos'!$A$24,'De para simbolos'!$B$24) -> Bisabolol rac. Es un ingrediente activo que tiene varias funciones, como proteger y curar la piel de los efectos del estrés diario. Especialmente indicado para pieles sensibles, cuidado de bebés, aplicaciones para después del afeitado y para después del sol. | H37: Pró-idade / Anti-signals | I37: AP_300:dcxsaProductCatalog:Online,AP_1700:dcxsaProductCatalog:Online,AP_400:dcxsaProductCatalog:Online,MS_1400:dcxsaProductCatalog:Online,FU_300:dcxsaProductCatalog:Online,MS_100:dcxsaProductCatalog:Online | J37: false | K37: unapproved | L37: PRODUCT | M37: Ativo | O37: Liquid | P37: Sun Care; AP/Deo; Skin Rinse-off; Face Care; Others; Oral Care | AU37: Informações faltando cadastrar no PIM, Application/ classificationClass
A38: 30530119 | B38: EMB | C38: CEGESOFT® PS 6 | D38: Olus Oil | E38: Gives a rich and intensive skin feel, vegetable alternative for paraffin oil. | F38: Emoliente que proporciona uma sensação intensa de pele cuidada, alternativa vegetal ao óleo mineral (paraffin oil). | G38: Um emulsionante alternativo vegetal ao óleo de parafina, que confere a firmulação um sensorial intenso, dê luxo. | H38: Excelente sensorial, Cosméticos naturais, Beleza transparente, Alternativa aos óleos minerais / Excellent sensory, Transparent beauty | I38: MS_500:dcxsaProductCatalog:Online,MS_810:dcxsaProductCatalog:Online,MS_200:dcxsaProductCatalog:Online,AP_300:dcxsaProductCatalog:Online,AP_1700:dcxsaProductCatalog:Online,AP_1600:dcxsaProductCatalog:Online,AP_1500:dcxsaProductCatalog:Online,AP_1800:dcxsaProductCatalog:Online,AP_400:dcxsaProductCatalog:Online,PG_900:dcxsaProductCatalog:Online,FU_1100:dcxsaProductCatalog:Online,PF:dcxsaProductCatalog:Online,ART:dcxsaProductCatalog:Online | J38: false | K38: unapproved | L38: PRODUCT | M38: Emoliente | O38: Liquid | P38: Sun Care; AP/Deo; Skin Rinse-off; Body Care; Face Care; Others | AU38: Informações faltando cadastrar no PIM, Application/ classificationClass / Description[es] Espanhol, Portugues e Ingles
A39: 30543500 | B39: EMB | C39: CETIOL® 4 All | D39: Dipropylheptylcarbonate | E39: Emollient with medium spreadability for all kind of skin care and color cosmetic applications. | F39: Emoliente de média espalhabilidade para todos os tipos de aplicações cosméticas. | G39: Emoliente de esparcibilidad media para todo tipo de aplicaciones cosméticas. | H39: Excelente sensorial / Excellent sensory | I39: PF:dcxsaProductCatalog:Online,PG:dcxsaProductCatalog:Online,ART:dcxsaProductCatalog:Online,MS:dcxsaProductCatalog:Online,AP:dcxsaProductCatalog:Online,FU:dcxsaProductCatalog:Online,PG_900:dcxsaProductCatalog:Online,AP_100:dcxsaProductCatalog:Online,AP_2300:dcxsaProductCatalog:Online,AP_1500:dcxsaProductCatalog:Online,AP_600:dcxsaProductCatalog:Online,FU_1100:dcxsaProductCatalog:Online | K39: unapproved | L39: PRODUCT | M39: Emoliente | O39: Liquid | P39: AP/Deo; Skin Rinse-off; Body Care; Face Care; Others | AU39: Informações faltando cadastrar no PIM, Application/ classificationClass
A40: 30538241 | B40: EMB | C40: CETIOL® C 5 | D40: Coco-Caprylate | E40: Fast spreading emollient for Personal Care applications, especially suitable as an alternative to volatile silicones like cyclomethicone. | F40: Emoliente de alta espalhabilidade para aplicações de Cuidados Pessoais, especialmente indicado como alternativa aos silicones voláteis como a cyclomethicone. | G40: Emoliente de alta esparcibilidad para aplicaciones de Cuidado Personal, especialmente indicado como alternativa a las siliconas volátiles como la ciclometicona. | H40: Excelente sensorial, Alternativa ao silicone, Beleza transparente / Transparent beauty, Excellent sensory, Alternative to silicone. | I40: PF:dcxsaProductCatalog:Online,PG:dcxsaProductCatalog:Online,ART:dcxsaProductCatalog:Online,MS:dcxsaProductCatalog:Online,AP:dcxsaProductCatalog:Online,FU:dcxsaProductCatalog:Online,EL:DcxsaClassification:1.0,StockLevel:dcxsaProductCatalog:Online | J40: true | K40: approved | L40: PRODUCT | M40: Emoliente | O40: Liquid | P40: Sun Care; AP/Deo; Skin Rinse-off; Body Care; Face Care; Hair Conditioning/Shampoo; Others | AU40: Informações faltando cadastrar no PIM, Application/ classificationClass
A41: 30527965 | B41: EMB | C41: CETIOL® SB 45 | D41: Butyospermum Parkii Butter | E41: Exotic, waxy emollient with slow spreadability with high content of unsaponifiables for all skin care products. | F41: Exótico, emoliente ceroso de espalhabilidade lenta com alto teor de insaponificáveis para todos os produtos de cuidados com a pele. | G41: Exótico emoliente ceroso de dispersión lenta con alto contenido de insaponificables para todos los productos para el cuidado de la piel. | H41: Excelente sensorial / Excellent sensory | I41: ART:dcxsaProductCatalog:Online,PF:dcxsaProductCatalog:Online,MS:dcxsaProductCatalog:Online,PG:dcxsaProductCatalog:Online,AP:dcxsaProductCatalog:Online,FU:dcxsaProductCatalog:Online,AP_600:dcxsaProductCatalog:Online,AP_400:dcxsaProductCatalog:Online,AP_1700:dcxsaProductCatalog:Online,FU_1100:dcxsaProductCatalog:Online,PG_900:dcxsaProductCatalog:Online | K41: approved | L41: PRODUCT | M41: Emoliente | O41: Paste | P41: Sun Care; Skin Rinse-off; Body Care; Face Care; Hair Conditioning/Shampoo; Others | AU41: Informações faltando cadastrar no PIM, Application/ classificationClass / Description[es] Espanhol
A42: 30527789 | B42: EMB | C42: CETIOL® SN | D42: Cetearyl Isononanoate | E42: Medium spreading emollient for all cosmetic applications. | F42: Emoliente de média espalhabilidade para todas as aplicações cosméticas. | G42: =SUBSTITUTE(SUBSTITUTE(SUBSTITUTE(SUBSTITUTE(SUBSTITUTE(SUBSTITUTE(SUBSTITUTE(SUBSTITUTE(SUBSTITUTE(SUBSTITUTE(SUBSTITUTE(SUBSTITUTE(SUBSTITUTE(SUBSTITUTE(SUBSTITUTE(SUBSTITUTE(SUBSTITUTE(SUBSTITUTE(SUBSTITUTE(SUBSTITUTE(SUBSTITUTE(SUBSTITUTE(SUBSTITUTE(VLOOKUP(A42,Sheet1!$C:$G,5,0),'De para simbolos'!$A$2,'De para simbolos'!$B$2),'De para simbolos'!$A$3,'De para simbolos'!$B$3),'De para simbolos'!$A$4,'De para simbolos'!$B$4),'De para simbolos'!$A$5,'De para simbolos'!$B$5),'De para simbolos'!$A$6,'De para simbolos'!$B$6),'De para simbolos'!$A$7,'De para simbolos'!$B$7),'De para simbolos'!$A$8,'De para simbolos'!$B$8),'De para simbolos'!$A$9,'De para simbolos'!$B$9),'De para simbolos'!$A$10,'De para simbolos'!$B$10),'De para simbolos'!$A$11,'De para simbolos'!$B$11),'De para simbolos'!$A$12,'De para simbolos'!$B$12),'De para simbolos'!$A$13,'De para simbolos'!$B$13),'De para simbolos'!$A$14,'De para simbolos'!$B$14),'De para simbolos'!$A$15,'De para simbolos'!$B$15),'De para simbolos'!$A$16,'De para simbolos'!$B$16),'De para simbolos'!$A$17,'De para simbolos'!$B$17),'De para simbolos'!$A$18,'De para simbolos'!$B$18),'De para simbolos'!$A$19,'De para simbolos'!$B$19),'De para simbolos'!$A$20,'De para simbolos'!$B$20),'De para simbolos'!$A$21,'De para simbolos'!$B$21),'De para simbolos'!$A$22,'De para simbolos'!$B$22),'De para simbolos'!$A$23,'De para simbolos'!$B$23),'De para simbolos'!$A$24,'De para simbolos'!$B$24) -> #N/A | H42: Excelente sensorial / Excellent sensory | I42: AP_1600:dcxsaProductCatalog:Online,MS_1400:dcxsaProductCatalog:Online,MS_810:dcxsaProductCatalog:Online,PF:dcxsaProductCatalog:Online,AP_1700:dcxsaProductCatalog:Online,AP_600:dcxsaProductCatalog:Online,PG_900:dcxsaProductCatalog:Online,FU_1100:dcxsaProductCatalog:Online | J42: false | K42: unapproved | L42: PRODUCT | M42: Emoliente | O42: Liquid | P42: Sun Care; Skin Rinse-off; Body Care; Face Care; Others | AU42: Informações faltando cadastrar no PIM, Application/ classificationClass / Description[es] Espanhol, Portugues e Ingles
A43: 30527917 | B43: EMB | C43: CETIOL® V | D43: Decyl Oleate | E43: Medium spreading emollient for all cosmetic applications. | F43: Emoliente de média espalhabilidade, aplicável a todas as aplicações cosméticas. | G43: =SUBSTITUTE(SUBSTITUTE(SUBSTITUTE(SUBSTITUTE(SUBSTITUTE(SUBSTITUTE(SUBSTITUTE(SUBSTITUTE(SUBSTITUTE(SUBSTITUTE(SUBSTITUTE(SUBSTITUTE(SUBSTITUTE(SUBSTITUTE(SUBSTITUTE(SUBSTITUTE(SUBSTITUTE(SUBSTITUTE(SUBSTITUTE(SUBSTITUTE(SUBSTITUTE(SUBSTITUTE(SUBSTITUTE(VLOOKUP(A43,Sheet1!$C:$G,5,0),'De para simbolos'!$A$2,'De para simbolos'!$B$2),'De para simbolos'!$A$3,'De para simbolos'!$B$3),'De para simbolos'!$A$4,'De para simbolos'!$B$4),'De para simbolos'!$A$5,'De para simbolos'!$B$5),'De para simbolos'!$A$6,'De para simbolos'!$B$6),'De para simbolos'!$A$7,'De para simbolos'!$B$7),'De para simbolos'!$A$8,'De para simbolos'!$B$8),'De para simbolos'!$A$9,'De para simbolos'!$B$9),'De para simbolos'!$A$10,'De para simbolos'!$B$10),'De para simbolos'!$A$11,'De para simbolos'!$B$11),'De para simbolos'!$A$12,'De para simbolos'!$B$12),'De para simbolos'!$A$13,'De para simbolos'!$B$13),'De para simbolos'!$A$14,'De para simbolos'!$B$14),'De para simbolos'!$A$15,'De para simbolos'!$B$15),'De para simbolos'!$A$16,'De para simbolos'!$B$16),'De para simbolos'!$A$17,'De para simbolos'!$B$17),'De para simbolos'!$A$18,'De para simbolos'!$B$18),'De para simbolos'!$A$19,'De para simbolos'!$B$19),'De para simbolos'!$A$20,'De para simbolos'!$B$20),'De para simbolos'!$A$21,'De para simbolos'!$B$21),'De para simbolos'!$A$22,'De para simbolos'!$B$22),'De para simbolos'!$A$23,'De para simbolos'!$B$23),'De para simbolos'!$A$24,'De para simbolos'!$B$24) -> Cetiol® V es un emoliente de extensión media para todas las aplicaciones cosméticas. | H43: Excelente sensorial / Excellent sensory | I43: MS_810:dcxsaProductCatalog:Online,MS_1400:dcxsaProductCatalog:Online,MS_200:dcxsaProductCatalog:Online,AP_600:dcxsaProductCatalog:Online,AP_2200:dcxsaProductCatalog:Online,AP_1600:dcxsaProductCatalog:Online,AP_500:dcxsaProductCatalog:Online,PG_900:dcxsaProductCatalog:Online,FU_1100:dcxsaProductCatalog:Online | J43: false | K43: unapproved | L43: PRODUCT | M43: Emoliente | O43: Liquid | P43: Sun Care; Skin Rinse-off; Body Care; Face Care; Others | AU43: Informações faltando cadastrar no PIM, Application/ classificationClass / Description[es] Espanhol, Portugues e Ingles
A44: 30539423 | B44: EMO | C44: COMPERLAN KDB | D44: Cocoamide DEA | E44: Product is a nonionic surfactant, suitable for shampoos, shower and bath preparations and skin cleansers. | F44: Produto é um tensoativo não ionico, indicado para shampoo, produtos para banho e limpadores faciais | G44: El producto es un tensioactivo no iónico, adecuado para champús, productos de baño y limpiadores faciales. | H44: -Cosméticos Vegano, Espuma, Viscosidade /Vegan | I44: AP_700:dcxsaProductCatalog:Online,AP_300:dcxsaProductCatalog:Online,MS:dcxsaProductCatalog:Online,ART:dcxsaProductCatalog:Online,AP_1100:dcxsaProductCatalog:Online,MS_310:dcxsaProductCatalog:Online,PF:dcxsaProductCatalog:Online,MS_500:dcxsaProductCatalog:Online,MS_700:dcxsaProductCatalog:Online,AP_800:dcxsaProductCatalog:Online,AP_1200:dcxsaProductCatalog:Online,AP_200:dcxsaProductCatalog:Online,PG_1300:dcxsaProductCatalog:Online,FU_1400:dcxsaProductCatalog:Online | J44: false | K44: approved | L44: PRODUCT | M44: Tensoativo não iônico | O44: #N/A | P44: #N/A | AU44: Informações faltando cadastrar no PIM, Application/ classificationClass / Description[es] Espanhol
A45: 30640697 | B45: EMO | C45: COMPERLAN® CMEA | D45: Cocamide MEA | E45: Product is a co-surfactant used in cleansing formulations | F45: Produto é um co-surfactante usado em formulas de limpeza | G45: =SUBSTITUTE(SUBSTITUTE(SUBSTITUTE(SUBSTITUTE(SUBSTITUTE(SUBSTITUTE(SUBSTITUTE(SUBSTITUTE(SUBSTITUTE(SUBSTITUTE(SUBSTITUTE(SUBSTITUTE(SUBSTITUTE(SUBSTITUTE(SUBSTITUTE(SUBSTITUTE(SUBSTITUTE(SUBSTITUTE(SUBSTITUTE(SUBSTITUTE(SUBSTITUTE(SUBSTITUTE(SUBSTITUTE(VLOOKUP(A45,Sheet1!$C:$G,5,0),'De para simbolos'!$A$2,'De para simbolos'!$B$2),'De para simbolos'!$A$3,'De para simbolos'!$B$3),'De para simbolos'!$A$4,'De para simbolos'!$B$4),'De para simbolos'!$A$5,'De para simbolos'!$B$5),'De para simbolos'!$A$6,'De para simbolos'!$B$6),'De para simbolos'!$A$7,'De para simbolos'!$B$7),'De para simbolos'!$A$8,'De para simbolos'!$B$8),'De para simbolos'!$A$9,'De para simbolos'!$B$9),'De para simbolos'!$A$10,'De para simbolos'!$B$10),'De para simbolos'!$A$11,'De para simbolos'!$B$11),'De para simbolos'!$A$12,'De para simbolos'!$B$12),'De para simbolos'!$A$13,'De para simbolos'!$B$13),'De para simbolos'!$A$14,'De para simbolos'!$B$14),'De para simbolos'!$A$15,'De para simbolos'!$B$15),'De para simbolos'!$A$16,'De para simbolos'!$B$16),'De para simbolos'!$A$17,'De para simbolos'!$B$17),'De para simbolos'!$A$18,'De para simbolos'!$B$18),'De para simbolos'!$A$19,'De para simbolos'!$B$19),'De para simbolos'!$A$20,'De para simbolos'!$B$20),'De para simbolos'!$A$21,'De para simbolos'!$B$21),'De para simbolos'!$A$22,'De para simbolos'!$B$22),'De para simbolos'!$A$23,'De para simbolos'!$B$23),'De para simbolos'!$A$24,'De para simbolos'!$B$24) -> #N/A | H45: -Cosméticos Vegano -Espuma -Viscosidade / vegan | I45: PG_3200:dcxsaProductCatalog:Online,AP_1700:dcxsaProductCatalog:Online,AP_300:dcxsaProductCatalog:Online,AP_1000:dcxsaProductCatalog:Online,AP_1800:dcxsaProductCatalog:Online,MS:dcxsaProductCatalog:Online,ART:dcxsaProductCatalog:Online,AP_1500:dcxsaProductCatalog:Online,PF:dcxsaProductCatalog:Online,MS_310:dcxsaProductCatalog:Online,MS_500:dcxsaProductCatalog:Online,MS_700:dcxsaProductCatalog:Online,AP_800:dcxsaProductCatalog:Online,FU_4000:dcxsaProductCatalog:Online | J45: false | K45: unapproved | L45: PRODUCT | M45: Tensoativo não iônico | O45: #N/A | P45: #N/A | AU45: Informações faltando cadastrar no PIM, Application/ classificationClass
A46: 30530489 | B46: EMO | C46: COMPERLAN® IP | D46: Cocamide MIPA | E46: Product is is a white to yellowish solid, used in shampoos as a refatting agent and as a foam stabilizer. | F46: Produto é um sólido branco a amarelado, usado em shampoos como um agente doar de óleo e estabilizante de espuma | G46: =SUBSTITUTE(SUBSTITUTE(SUBSTITUTE(SUBSTITUTE(SUBSTITUTE(SUBSTITUTE(SUBSTITUTE(SUBSTITUTE(SUBSTITUTE(SUBSTITUTE(SUBSTITUTE(SUBSTITUTE(SUBSTITUTE(SUBSTITUTE(SUBSTITUTE(SUBSTITUTE(SUBSTITUTE(SUBSTITUTE(SUBSTITUTE(SUBSTITUTE(SUBSTITUTE(SUBSTITUTE(SUBSTITUTE(VLOOKUP(A46,Sheet1!$C:$G,5,0),'De para simbolos'!$A$2,'De para simbolos'!$B$2),'De para simbolos'!$A$3,'De para simbolos'!$B$3),'De para simbolos'!$A$4,'De para simbolos'!$B$4),'De para simbolos'!$A$5,'De para simbolos'!$B$5),'De para simbolos'!$A$6,'De para simbolos'!$B$6),'De para simbolos'!$A$7,'De para simbolos'!$B$7),'De para simbolos'!$A$8,'De para simbolos'!$B$8),'De para simbolos'!$A$9,'De para simbolos'!$B$9),'De para simbolos'!$A$10,'De para simbolos'!$B$10),'De para simbolos'!$A$11,'De para simbolos'!$B$11),'De para simbolos'!$A$12,'De para simbolos'!$B$12),'De para simbolos'!$A$13,'De para simbolos'!$B$13),'De para simbolos'!$A$14,'De para simbolos'!$B$14),'De para simbolos'!$A$15,'De para simbolos'!$B$15),'De para simbolos'!$A$16,'De para simbolos'!$B$16),'De para simbolos'!$A$17,'De para simbolos'!$B$17),'De para simbolos'!$A$18,'De para simbolos'!$B$18),'De para simbolos'!$A$19,'De para simbolos'!$B$19),'De para simbolos'!$A$20,'De para simbolos'!$B$20),'De para simbolos'!$A$21,'De para simbolos'!$B$21),'De para simbolos'!$A$22,'De para simbolos'!$B$22),'De para simbolos'!$A$23,'De para simbolos'!$B$23),'De para simbolos'!$A$24,'De para simbolos'!$B$24) -> #N/A | H46: -Cosméticos Vegano / vegan -Espuma -Viscosidade | I46: ART:dcxsaProductCatalog:Online,MS:dcxsaProductCatalog:Online,PF:dcxsaProductCatalog:Online,AP_500:dcxsaProductCatalog:Online,AP_300:dcxsaProductCatalog:Online,AP_1100:dcxsaProductCatalog:Online,AP_200:dcxsaProductCatalog:Online,FU_1400:dcxsaProductCatalog:Online,PG_1300:dcxsaProductCatalog:Online | J46: false | K46: approved | L46: PRODUCT | M46: Tensoativo não iônico | O46: Pellets | P46: Skin Rinse-off; Hair Conditioning/Shampoo; Hair Coloring | AU46: Informações faltando cadastrar no PIM, Application/ classificationClass
A47: 30528678 | B47: EMO | C47: COMPERLAN® KD | D47: Cocamide DEA | E47: Product is a nonionic surfactant, suitable for shampoos, shower and bath preparations and skin cleansers. | F47: Produto é um tensoativo não ionico, indicado para shampoo, produtos para banho e limpadores faciais | G47: El producto es un tensioactivo no iónico, adecuado para champús, productos de baño y limpiadores faciales. | H47: -Cosméticos Vegano -Espuma -Viscosidade | I47: MS_310:dcxsaProductCatalog:Online,MS:dcxsaProductCatalog:Online,ART:dcxsaProductCatalog:Online,PF:dcxsaProductCatalog:Online,AP_200:dcxsaProductCatalog:Online,AP_300:dcxsaProductCatalog:Online,AP:dcxsaProductCatalog:Online,AP_1100:dcxsaProductCatalog:Online,AP_800:dcxsaProductCatalog:Online,AP_1200:dcxsaProductCatalog:Online,PG:dcxsaProductCatalog:Online,PG_1300:dcxsaProductCatalog:Online,FU:dcxsaProductCatalog:Online,FU_1400:dcxsaProductCatalog:Online,Surfactant:dcxsaProductCatalog:Online | K47: approved | L47: PRODUCT | M47: Tensoativo não iônico | O47: Paste; Solid | P47: Skin Rinse-off; Hair Conditioning/Shampoo | AU47: Informações faltando cadastrar no PIM, Application/ classificationClass / Description[es] Espanhol, Portugues e Ingles
A48: 30740170 | B48: EMB | C48: Cosmedia® A 91 | D48: Sodium Acrylates Copolymer (and) Mineral Oil (and) PPG-1 Trideceth-6 | E48: Thickening, stabilizing and easy-to-use polymer for cosmetic formulations with nice ­sensorial profile. | F48: Polímero de espessamento, estabilização e de uso fácil para formulações cosméticas com ótimo perfil sensorial. | G48: =SUBSTITUTE(SUBSTITUTE(SUBSTITUTE(SUBSTITUTE(SUBSTITUTE(SUBSTITUTE(SUBSTITUTE(SUBSTITUTE(SUBSTITUTE(SUBSTITUTE(SUBSTITUTE(SUBSTITUTE(SUBSTITUTE(SUBSTITUTE(SUBSTITUTE(SUBSTITUTE(SUBSTITUTE(SUBSTITUTE(SUBSTITUTE(SUBSTITUTE(SUBSTITUTE(SUBSTITUTE(SUBSTITUTE(VLOOKUP(A48,Sheet1!$C:$G,5,0),'De para simbolos'!$A$2,'De para simbolos'!$B$2),'De para simbolos'!$A$3,'De para simbolos'!$B$3),'De para simbolos'!$A$4,'De para simbolos'!$B$4),'De para simbolos'!$A$5,'De para simbolos'!$B$5),'De para simbolos'!$A$6,'De para simbolos'!$B$6),'De para simbolos'!$A$7,'De para simbolos'!$B$7),'De para simbolos'!$A$8,'De para simbolos'!$B$8),'De para simbolos'!$A$9,'De para simbolos'!$B$9),'De para simbolos'!$A$10,'De para simbolos'!$B$10),'De para simbolos'!$A$11,'De para simbolos'!$B$11),'De para simbolos'!$A$12,'De para simbolos'!$B$12),'De para simbolos'!$A$13,'De para simbolos'!$B$13),'De para simbolos'!$A$14,'De para simbolos'!$B$14),'De para simbolos'!$A$15,'De para simbolos'!$B$15),'De para simbolos'!$A$16,'De para simbolos'!$B$16),'De para simbolos'!$A$17,'De para simbolos'!$B$17),'De para simbolos'!$A$18,'De para simbolos'!$B$18),'De para simbolos'!$A$19,'De para simbolos'!$B$19),'De para simbolos'!$A$20,'De para simbolos'!$B$20),'De para simbolos'!$A$21,'De para simbolos'!$B$21),'De para simbolos'!$A$22,'De para simbolos'!$B$22),'De para simbolos'!$A$23,'De para simbolos'!$B$23),'De para simbolos'!$A$24,'De para simbolos'!$B$24) -> #N/A | H48: Excelente sensorial | I48: MS_810:dcxsaProductCatalog:Online,AP_600:dcxsaProductCatalog:Online,AP_800:dcxsaProductCatalog:Online,AP_1700:dcxsaProductCatalog:Online,AP_1500:dcxsaProductCatalog:Online,PG:dcxsaProductCatalog:Online,FU_2800:dcxsaProductCatalog:Online,Polymer:dcxsaProductCatalog:Online,ART:dcxsaProductCatalog:Online,MS:dcxsaProductCatalog:Online,PF:dcxsaProductCatalog:Online,AP:dcxsaProductCatalog:Online,FU:dcxsaProductCatalog:Online,MS_500:dcxsaProductCatalog:Online,AP_300:dcxsaProductCatalog:Online,AP_1800:dcxsaProductCatalog:Online,AP_1000:dcxsaProductCatalog:Online,PG_2500:dcxsaProductCatalog:Online,PG_1800:dcxsaProductCatalog:Online,FU_2100:dcxsaProductCatalog:Online,PM:DcxsaClassification:1.0 | J48: false | K48: approved | L48: PRODUCT | M48: Polímero Emulsionante | O48: Liquid | P48: Sun Care; Skin Rinse-off; Body Care; Face Care | AU48: Informações faltando cadastrar no PIM, Application/ classificationClass
A49: 30535837 | B49: EMB | C49: COSMEDIA® CTH€ | D49: Polyquaternium-37 (and) Propylene Glycol Dicaprylate/ | E49: Thickening and stabilizing agent with emulsifying capabilities for cosmetic formulations, especially suitable for cationic systems, conditioner and low pH systems. | F49: Agente espessante, estabilizante e com propriedades emulsificantes, para uma ampla variedade de formulações cosméticas, ideal para sistemas catiônicos, condicionantes e sistemas de baixo pH. | G49: =SUBSTITUTE(SUBSTITUTE(SUBSTITUTE(SUBSTITUTE(SUBSTITUTE(SUBSTITUTE(SUBSTITUTE(SUBSTITUTE(SUBSTITUTE(SUBSTITUTE(SUBSTITUTE(SUBSTITUTE(SUBSTITUTE(SUBSTITUTE(SUBSTITUTE(SUBSTITUTE(SUBSTITUTE(SUBSTITUTE(SUBSTITUTE(SUBSTITUTE(SUBSTITUTE(SUBSTITUTE(SUBSTITUTE(VLOOKUP(A49,Sheet1!$C:$G,5,0),'De para simbolos'!$A$2,'De para simbolos'!$B$2),'De para simbolos'!$A$3,'De para simbolos'!$B$3),'De para simbolos'!$A$4,'De para simbolos'!$B$4),'De para simbolos'!$A$5,'De para simbolos'!$B$5),'De para simbolos'!$A$6,'De para simbolos'!$B$6),'De para simbolos'!$A$7,'De para simbolos'!$B$7),'De para simbolos'!$A$8,'De para simbolos'!$B$8),'De para simbolos'!$A$9,'De para simbolos'!$B$9),'De para simbolos'!$A$10,'De para simbolos'!$B$10),'De para simbolos'!$A$11,'De para simbolos'!$B$11),'De para simbolos'!$A$12,'De para simbolos'!$B$12),'De para simbolos'!$A$13,'De para simbolos'!$B$13),'De para simbolos'!$A$14,'De para simbolos'!$B$14),'De para simbolos'!$A$15,'De para simbolos'!$B$15),'De para simbolos'!$A$16,'De para simbolos'!$B$16),'De para simbolos'!$A$17,'De para simbolos'!$B$17),'De para simbolos'!$A$18,'De para simbolos'!$B$18),'De para simbolos'!$A$19,'De para simbolos'!$B$19),'De para simbolos'!$A$20,'De para simbolos'!$B$20),'De para simbolos'!$A$21,'De para simbolos'!$B$21),'De para simbolos'!$A$22,'De para simbolos'!$B$22),'De para simbolos'!$A$23,'De para simbolos'!$B$23),'De para simbolos'!$A$24,'De para simbolos'!$B$24) -> #N/A | H49: Excelente sensorial / Excellent sensory | I49: ART:dcxsaProductCatalog:Online,MS:dcxsaProductCatalog:Online,PF:dcxsaProductCatalog:Online,MS_500:dcxsaProductCatalog:Online,MS_700:dcxsaProductCatalog:Online,AP_1200:dcxsaProductCatalog:Online,AP_700:dcxsaProductCatalog:Online,AP_1500:dcxsaProductCatalog:Online,FU_4100:dcxsaProductCatalog:Online,PG_3300:dcxsaProductCatalog:Online,MS_310:dcxsaProductCatalog:Online | J49: false | K49: unapproved | L49: PRODUCT | M49: Espessante | O49: Liquid | P49: Sun Care; AP/Deo; Skin Rinse-off; Body Care; Face Care; Hair Conditioning/Shampoo; Others; Hair Styling | AU49: Informações faltando cadastrar no PIM, Application/ classificationClass / Description[es] Espanhol, Portugues e Ingles
A50: 30531817 | B50: EMB | C50: COSMEDIA® DC | D50: Hydrogenated Dimer Dilinoleyl Dimethylcarbonate Copolymer | E50: Multifunctional ingredient providing water resistance in sun care formulations, key ingredient to achieve a unique sensorial profile and an initial moisture boost | F50: Ingrediente multifuncional que oferece resistência à água em formulações de proteção solar, ingrediente chave para obter um perfil sensorial único e um aumento inicial da hidratação. | G50: =SUBSTITUTE(SUBSTITUTE(SUBSTITUTE(SUBSTITUTE(SUBSTITUTE(SUBSTITUTE(SUBSTITUTE(SUBSTITUTE(SUBSTITUTE(SUBSTITUTE(SUBSTITUTE(SUBSTITUTE(SUBSTITUTE(SUBSTITUTE(SUBSTITUTE(SUBSTITUTE(SUBSTITUTE(SUBSTITUTE(SUBSTITUTE(SUBSTITUTE(SUBSTITUTE(SUBSTITUTE(SUBSTITUTE(VLOOKUP(A50,Sheet1!$C:$G,5,0),'De para simbolos'!$A$2,'De para simbolos'!$B$2),'De para simbolos'!$A$3,'De para simbolos'!$B$3),'De para simbolos'!$A$4,'De para simbolos'!$B$4),'De para simbolos'!$A$5,'De para simbolos'!$B$5),'De para simbolos'!$A$6,'De para simbolos'!$B$6),'De para simbolos'!$A$7,'De para simbolos'!$B$7),'De para simbolos'!$A$8,'De para simbolos'!$B$8),'De para simbolos'!$A$9,'De para simbolos'!$B$9),'De para simbolos'!$A$10,'De para simbolos'!$B$10),'De para simbolos'!$A$11,'De para simbolos'!$B$11),'De para simbolos'!$A$12,'De para simbolos'!$B$12),'De para simbolos'!$A$13,'De para simbolos'!$B$13),'De para simbolos'!$A$14,'De para simbolos'!$B$14),'De para simbolos'!$A$15,'De para simbolos'!$B$15),'De para simbolos'!$A$16,'De para simbolos'!$B$16),'De para simbolos'!$A$17,'De para simbolos'!$B$17),'De para simbolos'!$A$18,'De para simbolos'!$B$18),'De para simbolos'!$A$19,'De para simbolos'!$B$19),'De para simbolos'!$A$20,'De para simbolos'!$B$20),'De para simbolos'!$A$21,'De para simbolos'!$B$21),'De para simbolos'!$A$22,'De para simbolos'!$B$22),'De para simbolos'!$A$23,'De para simbolos'!$B$23),'De para simbolos'!$A$24,'De para simbolos'!$B$24) -> #N/A | H50: Excelente sensorial / Excellent sensory | I50: ART:dcxsaProductCatalog:Online,MS:dcxsaProductCatalog:Online,PF:dcxsaProductCatalog:Online,AP_1000:dcxsaProductCatalog:Online,AP_1500:dcxsaProductCatalog:Online,AP_800:dcxsaProductCatalog:Online,AP_1800:dcxsaProductCatalog:Online,AP_1100:dcxsaProductCatalog:Online,PG_3300:dcxsaProductCatalog:Online,FU_4100:dcxsaProductCatalog:Online,PG_4900:dcxsaProductCatalog:Online,FU_5700:dcxsaProductCatalog:Online | J50: false | K50: approved | L50: PRODUCT | M50: Polímero Resistente à água | O50: Liquid | P50: Body Care; Face Care; Skin Rinse-off; Sun Care | AU50: Informações faltando cadastrar no PIM, Application/ classificationClass / Description[es] Espanhol
A51: 30535468 | B51: EMB | C51: COSMEDIA® GEL CC | D51: Dicaprylyl Carbonate (and) Stearalkonium Hectorite (and) Propylene Carbonate | E51: Rheology additive for positive sensory and improved spreadability in skin care products. | F51: Ingrediente de reologia para um sensorial e aumento da espalhabilidade em produtos de cuidados com a pele. | G51: =SUBSTITUTE(SUBSTITUTE(SUBSTITUTE(SUBSTITUTE(SUBSTITUTE(SUBSTITUTE(SUBSTITUTE(SUBSTITUTE(SUBSTITUTE(SUBSTITUTE(SUBSTITUTE(SUBSTITUTE(SUBSTITUTE(SUBSTITUTE(SUBSTITUTE(SUBSTITUTE(SUBSTITUTE(SUBSTITUTE(SUBSTITUTE(SUBSTITUTE(SUBSTITUTE(SUBSTITUTE(SUBSTITUTE(VLOOKUP(A51,Sheet1!$C:$G,5,0),'De para simbolos'!$A$2,'De para simbolos'!$B$2),'De para simbolos'!$A$3,'De para simbolos'!$B$3),'De para simbolos'!$A$4,'De para simbolos'!$B$4),'De para simbolos'!$A$5,'De para simbolos'!$B$5),'De para simbolos'!$A$6,'De para simbolos'!$B$6),'De para simbolos'!$A$7,'De para simbolos'!$B$7),'De para simbolos'!$A$8,'De para simbolos'!$B$8),'De para simbolos'!$A$9,'De para simbolos'!$B$9),'De para simbolos'!$A$10,'De para simbolos'!$B$10),'De para simbolos'!$A$11,'De para simbolos'!$B$11),'De para simbolos'!$A$12,'De para simbolos'!$B$12),'De para simbolos'!$A$13,'De para simbolos'!$B$13),'De para simbolos'!$A$14,'De para simbolos'!$B$14),'De para simbolos'!$A$15,'De para simbolos'!$B$15),'De para simbolos'!$A$16,'De para simbolos'!$B$16),'De para simbolos'!$A$17,'De para simbolos'!$B$17),'De para simbolos'!$A$18,'De para simbolos'!$B$18),'De para simbolos'!$A$19,'De para simbolos'!$B$19),'De para simbolos'!$A$20,'De para simbolos'!$B$20),'De para simbolos'!$A$21,'De para simbolos'!$B$21),'De para simbolos'!$A$22,'De para simbolos'!$B$22),'De para simbolos'!$A$23,'De para simbolos'!$B$23),'De para simbolos'!$A$24,'De para simbolos'!$B$24) -> #N/A | H51: Excelente sensorial / Excellent sensory | I51: PF:dcxsaProductCatalog:Online,PG:dcxsaProductCatalog:Online,MS:dcxsaProductCatalog:Online,ART:dcxsaProductCatalog:Online,AP:dcxsaProductCatalog:Online,FU:dcxsaProductCatalog:Online,StockLevel:dcxsaProductCatalog:Online,FU_6000:dcxsaProductCatalog:Online,PG_5200:dcxsaProductCatalog:Online,AP_1000:dcxsaProductCatalog:Online,MS_810:dcxsaProductCatalog:Online | K51: unapproved | L51: PRODUCT | M51: Modificador Reologico | O51: Paste | P51: AP/Deo; Skin Rinse-off; Body Care; Face Care; Sun Care | AU51: Informações faltando cadastrar no PIM, Application/ classificationClass
A52: 30537849 | B52: EMB | C52: Cosmedia® Triple C | D52: Polyquaternium-37 (and) Dicaprylyl Carbonate (and) Lauryl Glucoside | E52: Thickening and stabilizing agent with emulsifying capabilities, improved electrolyte tolerance. Especially suitable for cationic systems, conditioner and acidic media, excellent sensorial. | F52: Agente espessante e estabilizante com capacidade emulsificante, alta tolerância a eletrólitos. Especialmente adequado para sistemas catiônicos, condicionadores e meios ácidos, excelente sensorial. | G52: =SUBSTITUTE(SUBSTITUTE(SUBSTITUTE(SUBSTITUTE(SUBSTITUTE(SUBSTITUTE(SUBSTITUTE(SUBSTITUTE(SUBSTITUTE(SUBSTITUTE(SUBSTITUTE(SUBSTITUTE(SUBSTITUTE(SUBSTITUTE(SUBSTITUTE(SUBSTITUTE(SUBSTITUTE(SUBSTITUTE(SUBSTITUTE(SUBSTITUTE(SUBSTITUTE(SUBSTITUTE(SUBSTITUTE(VLOOKUP(A52,Sheet1!$C:$G,5,0),'De para simbolos'!$A$2,'De para simbolos'!$B$2),'De para simbolos'!$A$3,'De para simbolos'!$B$3),'De para simbolos'!$A$4,'De para simbolos'!$B$4),'De para simbolos'!$A$5,'De para simbolos'!$B$5),'De para simbolos'!$A$6,'De para simbolos'!$B$6),'De para simbolos'!$A$7,'De para simbolos'!$B$7),'De para simbolos'!$A$8,'De para simbolos'!$B$8),'De para simbolos'!$A$9,'De para simbolos'!$B$9),'De para simbolos'!$A$10,'De para simbolos'!$B$10),'De para simbolos'!$A$11,'De para simbolos'!$B$11),'De para simbolos'!$A$12,'De para simbolos'!$B$12),'De para simbolos'!$A$13,'De para simbolos'!$B$13),'De para simbolos'!$A$14,'De para simbolos'!$B$14),'De para simbolos'!$A$15,'De para simbolos'!$B$15),'De para simbolos'!$A$16,'De para simbolos'!$B$16),'De para simbolos'!$A$17,'De para simbolos'!$B$17),'De para simbolos'!$A$18,'De para simbolos'!$B$18),'De para simbolos'!$A$19,'De para simbolos'!$B$19),'De para simbolos'!$A$20,'De para simbolos'!$B$20),'De para simbolos'!$A$21,'De para simbolos'!$B$21),'De para simbolos'!$A$22,'De para simbolos'!$B$22),'De para simbolos'!$A$23,'De para simbolos'!$B$23),'De para simbolos'!$A$24,'De para simbolos'!$B$24) -> #N/A | H52: Excelente sensorial / Excellent sensory | I52: ART:dcxsaProductCatalog:Online,MS:dcxsaProductCatalog:Online,PF:dcxsaProductCatalog:Online,AP:dcxsaProductCatalog:Online,PG:dcxsaProductCatalog:Online,FU:dcxsaProductCatalog:Online,MS_810:dcxsaProductCatalog:Online,MS_500:dcxsaProductCatalog:Online,MS_700:dcxsaProductCatalog:Online,AP_300:dcxsaProductCatalog:Online,AP_1500:dcxsaProductCatalog:Online,AP_1600:dcxsaProductCatalog:Online,AP_1800:dcxsaProductCatalog:Online,AP_800:dcxsaProductCatalog:Online,AP_600:dcxsaProductCatalog:Online,AP_1000:dcxsaProductCatalog:Online,AP_1700:dcxsaProductCatalog:Online,PG_2500:dcxsaProductCatalog:Online,PG_1800:dcxsaProductCatalog:Online,FU_2800:dcxsaProductCatalog:Online,FU_2100:dcxsaProductCatalog:Online,Polymer:dcxsaProductCatalog:Online,PM:DcxsaClassification:1.0 | J52: false | K52: unapproved | L52: PRODUCT | M52: Polímero Condicionante | O52: Liquid | P52: Sun Care; Skin Rinse-off; Body Care; Hair Conditioning/Shampoo; Face Care; Others; Hair Styling | AU52: Informações faltando cadastrar no PIM, Application/ classificationClass
A53: 30718920 | B53: EMB | C53: CISTE’M® BC10023 | D53: Maltodextrin, Cistus Monspeliensis Flower/Leaf/Stem Extract | F53: Ciste'M®é um ativo extraído da rockrose marroquina, conhecida como a Fênix Vegetal, concentrado em flavonóides com forte poder Antioxidante que protegem a pele dos efeitos da radiação multinível: UVA, UVB, luz azul. Ciste’M acelera a renovação epidérmica, reduzindo visivelmente as linhas de expressão e melhorando a textura da pele. | H53: Antissinais; Antioxidante / Anti-signals; Antioxidant | M53: Ativo | O53: Powder | P53: Sun Care; Face Care | AU53: Informações faltando cadastrar no PIM, Application/ classificationClass / Description[es] Espanhol e Ingles
A54: 30658227 | B54: EMB | C54: COLLALIFT®18 BC10014 | D54: Glycerin (and) Water (and) Khaya Senegalensis Bark Extract (and) Maltodextrin | F54: Collalift® 18 é um ativo extraído da casca do Mogno africano com tecnologia exclusiva que estimula a produção do colágeno XVIII, o único colágeno com atividade biológica nas 3 camadas da pele (epiderme, derme e hipoderme. Collalift® 18 deixa a pele mais firme e elástica, reguzindo rugas e linhas de expressão. | H54: Antissinais;Firmador /Anti-signals | M54: Ativo | O54: Liquid | P54: Face Care | AU54: Informações faltando cadastrar no PIM, Application/ classificationClass / Description[es] Espanhol e Ingles
A55: 30535838 | B55: EMB | C55: COSMEDIA® ULTRAGEL 300 | D55: Polyquaternium-37 | E55: Thickening and stabilizing agent for cosmetic formulations, especially suitable for cationic systems, acidic media and transparent gel formulations, conditioner, excellent sensorics | F55: Espessante e estabilizante para formulações cosméticas, especialmente indicado para sistemas catiônicos, em meio ácio e géis transparentes, condicionadores, com excelente sensorial | G55: =SUBSTITUTE(SUBSTITUTE(SUBSTITUTE(SUBSTITUTE(SUBSTITUTE(SUBSTITUTE(SUBSTITUTE(SUBSTITUTE(SUBSTITUTE(SUBSTITUTE(SUBSTITUTE(SUBSTITUTE(SUBSTITUTE(SUBSTITUTE(SUBSTITUTE(SUBSTITUTE(SUBSTITUTE(SUBSTITUTE(SUBSTITUTE(SUBSTITUTE(SUBSTITUTE(SUBSTITUTE(SUBSTITUTE(VLOOKUP(A55,Sheet1!$C:$G,5,0),'De para simbolos'!$A$2,'De para simbolos'!$B$2),'De para simbolos'!$A$3,'De para simbolos'!$B$3),'De para simbolos'!$A$4,'De para simbolos'!$B$4),'De para simbolos'!$A$5,'De para simbolos'!$B$5),'De para simbolos'!$A$6,'De para simbolos'!$B$6),'De para simbolos'!$A$7,'De para simbolos'!$B$7),'De para simbolos'!$A$8,'De para simbolos'!$B$8),'De para simbolos'!$A$9,'De para simbolos'!$B$9),'De para simbolos'!$A$10,'De para simbolos'!$B$10),'De para simbolos'!$A$11,'De para simbolos'!$B$11),'De para simbolos'!$A$12,'De para simbolos'!$B$12),'De para simbolos'!$A$13,'De para simbolos'!$B$13),'De para simbolos'!$A$14,'De para simbolos'!$B$14),'De para simbolos'!$A$15,'De para simbolos'!$B$15),'De para simbolos'!$A$16,'De para simbolos'!$B$16),'De para simbolos'!$A$17,'De para simbolos'!$B$17),'De para simbolos'!$A$18,'De para simbolos'!$B$18),'De para simbolos'!$A$19,'De para simbolos'!$B$19),'De para simbolos'!$A$20,'De para simbolos'!$B$20),'De para simbolos'!$A$21,'De para simbolos'!$B$21),'De para simbolos'!$A$22,'De para simbolos'!$B$22),'De para simbolos'!$A$23,'De para simbolos'!$B$23),'De para simbolos'!$A$24,'De para simbolos'!$B$24) -> Polímero catiónico excelente para condicionamento | H55: -Cosméticos Vegano -Condicionamento -Penteabilidade -Maciez -Modificador reologico -Sensorial -Processo a frio -Emulsionante -COVID-19* | I55: ART:dcxsaProductCatalog:Online,MS:dcxsaProductCatalog:Online,PF:dcxsaProductCatalog:Online,AP:dcxsaProductCatalog:Online,PG:dcxsaProductCatalog:Online,FU:dcxsaProductCatalog:Online,MS_810:dcxsaProductCatalog:Online,MS_500:dcxsaProductCatalog:Online,MS_310:dcxsaProductCatalog:Online,MS_200:dcxsaProductCatalog:Online,MS_700:dcxsaProductCatalog:Online,MS_410:dcxsaProductCatalog:Online,AP_1700:dcxsaProductCatalog:Online,AP_300:dcxsaProductCatalog:Online,AP_1500:dcxsaProductCatalog:Online,AP_600:dcxsaProductCatalog:Online,AP_700:dcxsaProductCatalog:Online,AP_1800:dcxsaProductCatalog:Online,AP_800:dcxsaProductCatalog:Online,AP_500:dcxsaProductCatalog:Online,AP_1600:dcxsaProductCatalog:Online,AP_400:dcxsaProductCatalog:Online,AP_1300:dcxsaProductCatalog:Online,AP_1000:dcxsaProductCatalog:Online,PG_2300:dcxsaProductCatalog:Online,PG_1800:dcxsaProductCatalog:Online,FU_2600:dcxsaProductCatalog:Online,FU_2100:dcxsaProductCatalog:Online,Polymer:dcxsaProductCatalog:Online,PM:DcxsaClassification:1.0,StockLevel:dcxsaProductCatalog:Online | J55: true | K55: approved | L55: PRODUCT | M55: Polímero Emulsionante | O55: #N/A | P55: #N/A | AU55: Informações faltando cadastrar no PIM, Application/ classificationClass
A56: 30663832 | B56: EMB | C56: COLLREPAIR® DG BC 10036 | D56: Water (and) Niacinamide (and) Glycerin (and) Caprylyl Glycol (and) Xanthan Gum (and) Salvia Miltiorrhiza Leaf Extract | F56: Collrepair® DG é um ativo natural anti-glicante e desglicante, que reverte 20 anos de glicação em apenas 4 meses, obtido de um blend sinérgico de sálvia vermelha com vitamina B3. Além de atenuar sinais de idade, Collrepair® DG melhora a elasticidade da pele e recupera sua estrutura, conferindo firmeza. | G56: =SUBSTITUTE(SUBSTITUTE(SUBSTITUTE(SUBSTITUTE(SUBSTITUTE(SUBSTITUTE(SUBSTITUTE(SUBSTITUTE(SUBSTITUTE(SUBSTITUTE(SUBSTITUTE(SUBSTITUTE(SUBSTITUTE(SUBSTITUTE(SUBSTITUTE(SUBSTITUTE(SUBSTITUTE(SUBSTITUTE(SUBSTITUTE(SUBSTITUTE(SUBSTITUTE(SUBSTITUTE(SUBSTITUTE(VLOOKUP(A56,Sheet1!$C:$G,5,0),'De para simbolos'!$A$2,'De para simbolos'!$B$2),'De para simbolos'!$A$3,'De para simbolos'!$B$3),'De para simbolos'!$A$4,'De para simbolos'!$B$4),'De para simbolos'!$A$5,'De para simbolos'!$B$5),'De para simbolos'!$A$6,'De para simbolos'!$B$6),'De para simbolos'!$A$7,'De para simbolos'!$B$7),'De para simbolos'!$A$8,'De para simbolos'!$B$8),'De para simbolos'!$A$9,'De para simbolos'!$B$9),'De para simbolos'!$A$10,'De para simbolos'!$B$10),'De para simbolos'!$A$11,'De para simbolos'!$B$11),'De para simbolos'!$A$12,'De para simbolos'!$B$12),'De para simbolos'!$A$13,'De para simbolos'!$B$13),'De para simbolos'!$A$14,'De para simbolos'!$B$14),'De para simbolos'!$A$15,'De para simbolos'!$B$15),'De para simbolos'!$A$16,'De para simbolos'!$B$16),'De para simbolos'!$A$17,'De para simbolos'!$B$17),'De para simbolos'!$A$18,'De para simbolos'!$B$18),'De para simbolos'!$A$19,'De para simbolos'!$B$19),'De para simbolos'!$A$20,'De para simbolos'!$B$20),'De para simbolos'!$A$21,'De para simbolos'!$B$21),'De para simbolos'!$A$22,'De para simbolos'!$B$22),'De para simbolos'!$A$23,'De para simbolos'!$B$23),'De para simbolos'!$A$24,'De para simbolos'!$B$24) -> #N/A | H56: Antissinais;Firmador /Anti-signals | M56: Ativo | O56: Liquid | P56: Face Care | AU56: Informações faltando cadastrar no PIM, Application/ classificationClass / Description[es] Espanhol e Ingles
A57: 30035134 | B57: EMB | C57: CREMOPHOR® RH 40 | D57: PEG-40 Hydrogenated Castor Oil | E57: Solubiliser for aqueous cosmetic preparations | F57: Solubilizante para formulações aquosas | G57: =SUBSTITUTE(SUBSTITUTE(SUBSTITUTE(SUBSTITUTE(SUBSTITUTE(SUBSTITUTE(SUBSTITUTE(SUBSTITUTE(SUBSTITUTE(SUBSTITUTE(SUBSTITUTE(SUBSTITUTE(SUBSTITUTE(SUBSTITUTE(SUBSTITUTE(SUBSTITUTE(SUBSTITUTE(SUBSTITUTE(SUBSTITUTE(SUBSTITUTE(SUBSTITUTE(SUBSTITUTE(SUBSTITUTE(VLOOKUP(A57,Sheet1!$C:$G,5,0),'De para simbolos'!$A$2,'De para simbolos'!$B$2),'De para simbolos'!$A$3,'De para simbolos'!$B$3),'De para simbolos'!$A$4,'De para simbolos'!$B$4),'De para simbolos'!$A$5,'De para simbolos'!$B$5),'De para simbolos'!$A$6,'De para simbolos'!$B$6),'De para simbolos'!$A$7,'De para simbolos'!$B$7),'De para simbolos'!$A$8,'De para simbolos'!$B$8),'De para simbolos'!$A$9,'De para simbolos'!$B$9),'De para simbolos'!$A$10,'De para simbolos'!$B$10),'De para simbolos'!$A$11,'De para simbolos'!$B$11),'De para simbolos'!$A$12,'De para simbolos'!$B$12),'De para simbolos'!$A$13,'De para simbolos'!$B$13),'De para simbolos'!$A$14,'De para simbolos'!$B$14),'De para simbolos'!$A$15,'De para simbolos'!$B$15),'De para simbolos'!$A$16,'De para simbolos'!$B$16),'De para simbolos'!$A$17,'De para simbolos'!$B$17),'De para simbolos'!$A$18,'De para simbolos'!$B$18),'De para simbolos'!$A$19,'De para simbolos'!$B$19),'De para simbolos'!$A$20,'De para simbolos'!$B$20),'De para simbolos'!$A$21,'De para simbolos'!$B$21),'De para simbolos'!$A$22,'De para simbolos'!$B$22),'De para simbolos'!$A$23,'De para simbolos'!$B$23),'De para simbolos'!$A$24,'De para simbolos'!$B$24) -> #N/A | H57: -Cosméticos Veganos -Solubilizante | I57: ART:dcxsaProductCatalog:Online,MS:dcxsaProductCatalog:Online,PF:dcxsaProductCatalog:Online,PG_300:dcxsaProductCatalog:Online,FU_3400:dcxsaProductCatalog:Online,AP_1500:dcxsaProductCatalog:Online,AP_1800:dcxsaProductCatalog:Online | J57: true | K57: approved | L57: PRODUCT | M57: Solubilizante | O57: Paste | P57: Sun Care; AP/Deo; Skin Rinse-off; Body Care; Face Care; Others; Hair Conditioning/Shampoo; Hair Styling; Oral Care | AU57: Informações faltando cadastrar no PIM, Application/ classificationClass / Description[es] Espanhol
A58: 30527862 | B58: EMB | C58: Cutina HR Powder | E58: Thickener, stabilizer and gelling agent for all skin care preparations, especially suitable for sticks. | F58: Agente estabilizante e gelificante ideal para todas as aplicações de cuidados com a pele, ideal para produtos do tipo bastão. | G58: =SUBSTITUTE(SUBSTITUTE(SUBSTITUTE(SUBSTITUTE(SUBSTITUTE(SUBSTITUTE(SUBSTITUTE(SUBSTITUTE(SUBSTITUTE(SUBSTITUTE(SUBSTITUTE(SUBSTITUTE(SUBSTITUTE(SUBSTITUTE(SUBSTITUTE(SUBSTITUTE(SUBSTITUTE(SUBSTITUTE(SUBSTITUTE(SUBSTITUTE(SUBSTITUTE(SUBSTITUTE(SUBSTITUTE(VLOOKUP(A58,Sheet1!$C:$G,5,0),'De para simbolos'!$A$2,'De para simbolos'!$B$2),'De para simbolos'!$A$3,'De para simbolos'!$B$3),'De para simbolos'!$A$4,'De para simbolos'!$B$4),'De para simbolos'!$A$5,'De para simbolos'!$B$5),'De para simbolos'!$A$6,'De para simbolos'!$B$6),'De para simbolos'!$A$7,'De para simbolos'!$B$7),'De para simbolos'!$A$8,'De para simbolos'!$B$8),'De para simbolos'!$A$9,'De para simbolos'!$B$9),'De para simbolos'!$A$10,'De para simbolos'!$B$10),'De para simbolos'!$A$11,'De para simbolos'!$B$11),'De para simbolos'!$A$12,'De para simbolos'!$B$12),'De para simbolos'!$A$13,'De para simbolos'!$B$13),'De para simbolos'!$A$14,'De para simbolos'!$B$14),'De para simbolos'!$A$15,'De para simbolos'!$B$15),'De para simbolos'!$A$16,'De para simbolos'!$B$16),'De para simbolos'!$A$17,'De para simbolos'!$B$17),'De para simbolos'!$A$18,'De para simbolos'!$B$18),'De para simbolos'!$A$19,'De para simbolos'!$B$19),'De para simbolos'!$A$20,'De para simbolos'!$B$20),'De para simbolos'!$A$21,'De para simbolos'!$B$21),'De para simbolos'!$A$22,'De para simbolos'!$B$22),'De para simbolos'!$A$23,'De para simbolos'!$B$23),'De para simbolos'!$A$24,'De para simbolos'!$B$24) -> Cera espesante, estabilizante y gelificante para todas las preparaciones para el cuidado de la piel, especialmente indicada para las barras AP / Deo. | H58: Excelente sensorial | I58: PG:dcxsaProductCatalog:Online,PF:dcxsaProductCatalog:Online,MS:dcxsaProductCatalog:Online,ART:dcxsaProductCatalog:Online,FU:dcxsaProductCatalog:Online,AP:dcxsaProductCatalog:Online | J58: false | K58: unapproved | L58: PRODUCT | M58: Agente de consistência | O58: #N/A | P58: #N/A | AU58: Informações faltando cadastrar no PIM, Application/ classificationClass / Description[es] Espanhol, Portugues e Ingles
A59: 30528344 | B59: EMB | C59: CUTINA® AGS | D59: Glycol Distearate | E59: Cera perolizante indicada para formulações enxgauváveis. Também utilizada como um agente de consistência para emulsões cosméticas. | F59: Cera perolizante indicada para formulações enxgauváveis. Também utilizada como um agente de consistência para emulsões cosméticas. | G59: =SUBSTITUTE(SUBSTITUTE(SUBSTITUTE(SUBSTITUTE(SUBSTITUTE(SUBSTITUTE(SUBSTITUTE(SUBSTITUTE(SUBSTITUTE(SUBSTITUTE(SUBSTITUTE(SUBSTITUTE(SUBSTITUTE(SUBSTITUTE(SUBSTITUTE(SUBSTITUTE(SUBSTITUTE(SUBSTITUTE(SUBSTITUTE(SUBSTITUTE(SUBSTITUTE(SUBSTITUTE(SUBSTITUTE(VLOOKUP(A59,Sheet1!$C:$G,5,0),'De para simbolos'!$A$2,'De para simbolos'!$B$2),'De para simbolos'!$A$3,'De para simbolos'!$B$3),'De para simbolos'!$A$4,'De para simbolos'!$B$4),'De para simbolos'!$A$5,'De para simbolos'!$B$5),'De para simbolos'!$A$6,'De para simbolos'!$B$6),'De para simbolos'!$A$7,'De para simbolos'!$B$7),'De para simbolos'!$A$8,'De para simbolos'!$B$8),'De para simbolos'!$A$9,'De para simbolos'!$B$9),'De para simbolos'!$A$10,'De para simbolos'!$B$10),'De para simbolos'!$A$11,'De para simbolos'!$B$11),'De para simbolos'!$A$12,'De para simbolos'!$B$12),'De para simbolos'!$A$13,'De para simbolos'!$B$13),'De para simbolos'!$A$14,'De para simbolos'!$B$14),'De para simbolos'!$A$15,'De para simbolos'!$B$15),'De para simbolos'!$A$16,'De para simbolos'!$B$16),'De para simbolos'!$A$17,'De para simbolos'!$B$17),'De para simbolos'!$A$18,'De para simbolos'!$B$18),'De para simbolos'!$A$19,'De para simbolos'!$B$19),'De para simbolos'!$A$20,'De para simbolos'!$B$20),'De para simbolos'!$A$21,'De para simbolos'!$B$21),'De para simbolos'!$A$22,'De para simbolos'!$B$22),'De para simbolos'!$A$23,'De para simbolos'!$B$23),'De para simbolos'!$A$24,'De para simbolos'!$B$24) -> Agente perlado y opacificante para formulaciones limpiadoras, champús, preparaciones para ducha y baño, jabones líquidos, limpieza facial. | H59: -Cosméticos veganos -Brilho para formulações | I59: PG_3400:dcxsaProductCatalog:Online,MS:dcxsaProductCatalog:Online,AP_1100:dcxsaProductCatalog:Online,PF:dcxsaProductCatalog:Online,MS_310:dcxsaProductCatalog:Online,MS_500:dcxsaProductCatalog:Online,MS_700:dcxsaProductCatalog:Online,AP_1200:dcxsaProductCatalog:Online,AP_200:dcxsaProductCatalog:Online,AP_800:dcxsaProductCatalog:Online,FU_4200:dcxsaProductCatalog:Online | J59: false | K59: approved | L59: PRODUCT | M59: =VLOOKUP(C59,'[2]Revisão Produtos'!$B:$I,8,0) -> Cera perolizante | O59: Flakes | P59: Skin Rinse-off; Hair Conditioning/Shampoo | AU59: Informações faltando cadastrar no PIM, Application/ classificationClass / Description[es] Espanhol, Portugues e Ingles
A60: 30527819 | B60: EMB | C60: CUTINA® CP | D60: Cetyl Palmitate | E60: Consistency wax for the viscosity adjustment in O/W emulsions. | F60: Cera de consistência para ajuste de viscosidade em emulsões O/W. | G60: Cera de consistencia para ajuste de viscosidad en emulsiones O/W. | H60: Excelente sensorial / Excellent sensory | I60: MS:dcxsaProductCatalog:Online,PF:dcxsaProductCatalog:Online,AP:dcxsaProductCatalog:Online,FU:dcxsaProductCatalog:Online,MS_1400:dcxsaProductCatalog:Online,MS_310:dcxsaProductCatalog:Online,MS_700:dcxsaProductCatalog:Online,AP_1500:dcxsaProductCatalog:Online,FU_1100:dcxsaProductCatalog:Online,PG_900:dcxsaProductCatalog:Online | J60: false | K60: approved | L60: PRODUCT | M60: Emoliente | O60: Pellets | P60: Sun Care; AP/Deo; Skin Rinse-off; Body Care; Face Care | AU60: Informações faltando cadastrar no PIM, Application/ classificationClass / Description[es] Espanhol, Portugues e Ingles
A61: 30527812 | B61: EMB | C61: CUTINA® GMS V | D61: Glyceryl Stearate | E61: Consistency wax for the viscosity adjustment in O/W emulsions. | F61: Cera de consistência para ajuste de viscosidade em emulsões O/A. | G61: Cera de consistencia para ajuste de viscosidad en emulsiones O/W. | H61: Excelente sensorial / Excellent sensory | I61: ART:dcxsaProductCatalog:Online,PF:dcxsaProductCatalog:Online,PG:dcxsaProductCatalog:Online,AP:dcxsaProductCatalog:Online,MS:dcxsaProductCatalog:Online,FU:dcxsaProductCatalog:Online,AP_1700:dcxsaProductCatalog:Online,PG_900:dcxsaProductCatalog:Online,PG_3400:dcxsaProductCatalog:Online,AP_500:dcxsaProductCatalog:Online,AP_400:dcxsaProductCatalog:Online,AP_1500:dcxsaProductCatalog:Online,FU_1100:dcxsaProductCatalog:Online | K61: approved | L61: PRODUCT | M61: Agente de consistência | O61: Powder | P61: Sun Care; Skin Rinse-off; Body Care; Face Care; Hair Coloring | AU61: Informações faltando cadastrar no PIM, Application/ classificationClass / Description[es] Espanhol, Portugues e Ingles
A62: 30527873 | B62: EMB | C62: CUTINA® GMS-SE | D62: Glyceryl Stearate SE | E62: Anionic self-emulsifying cream base for the preparation of O/W emulsions for skin and hair care. | F62: Base auto emulsionante, aniônica, para emulsões O/W de pele e cabelo. | G62: Base aniónica autoemulsionable para emulsiones O/W para piel y cabello. | H62: Excelente sensorial / Excellent sensory | I62: PG:dcxsaProductCatalog:Online,AP_700:dcxsaProductCatalog:Online,FU_700:dcxsaProductCatalog:Online,MS_700:dcxsaProductCatalog:Online,MS:dcxsaProductCatalog:Online,AP:dcxsaProductCatalog:Online,FU:dcxsaProductCatalog:Online,PF:dcxsaProductCatalog:Online,MS_1400:dcxsaProductCatalog:Online,MS_310:dcxsaProductCatalog:Online,AP_1200:dcxsaProductCatalog:Online,PG_600:dcxsaProductCatalog:Online | J62: false | K62: unapproved | L62: PRODUCT | M62: Base Emulsionante O/A | O62: Granules | P62: Sun Care; Skin Rinse-off; Body Care; Face Care; Hair Conditioning/Shampoo; Hair Coloring | AU62: Informações faltando cadastrar no PIM, Application/ classificationClass
A63: 30532605 | B63: EMB | C63: CUTINA® PES | D63: Pentaerythrityl Distearate | E63: Consistency wax with additional sensorial benefit. | F63: Cera de consistência com benefício sensorial adicional. | G63: =SUBSTITUTE(SUBSTITUTE(SUBSTITUTE(SUBSTITUTE(SUBSTITUTE(SUBSTITUTE(SUBSTITUTE(SUBSTITUTE(SUBSTITUTE(SUBSTITUTE(SUBSTITUTE(SUBSTITUTE(SUBSTITUTE(SUBSTITUTE(SUBSTITUTE(SUBSTITUTE(SUBSTITUTE(SUBSTITUTE(SUBSTITUTE(SUBSTITUTE(SUBSTITUTE(SUBSTITUTE(SUBSTITUTE(VLOOKUP(A63,Sheet1!$C:$G,5,0),'De para simbolos'!$A$2,'De para simbolos'!$B$2),'De para simbolos'!$A$3,'De para simbolos'!$B$3),'De para simbolos'!$A$4,'De para simbolos'!$B$4),'De para simbolos'!$A$5,'De para simbolos'!$B$5),'De para simbolos'!$A$6,'De para simbolos'!$B$6),'De para simbolos'!$A$7,'De para simbolos'!$B$7),'De para simbolos'!$A$8,'De para simbolos'!$B$8),'De para simbolos'!$A$9,'De para simbolos'!$B$9),'De para simbolos'!$A$10,'De para simbolos'!$B$10),'De para simbolos'!$A$11,'De para simbolos'!$B$11),'De para simbolos'!$A$12,'De para simbolos'!$B$12),'De para simbolos'!$A$13,'De para simbolos'!$B$13),'De para simbolos'!$A$14,'De para simbolos'!$B$14),'De para simbolos'!$A$15,'De para simbolos'!$B$15),'De para simbolos'!$A$16,'De para simbolos'!$B$16),'De para simbolos'!$A$17,'De para simbolos'!$B$17),'De para simbolos'!$A$18,'De para simbolos'!$B$18),'De para simbolos'!$A$19,'De para simbolos'!$B$19),'De para simbolos'!$A$20,'De para simbolos'!$B$20),'De para simbolos'!$A$21,'De para simbolos'!$B$21),'De para simbolos'!$A$22,'De para simbolos'!$B$22),'De para simbolos'!$A$23,'De para simbolos'!$B$23),'De para simbolos'!$A$24,'De para simbolos'!$B$24) -> #N/A | H63: Excelente sensorial / Excellent sensory | I63: MS:dcxsaProductCatalog:Online,FU:dcxsaProductCatalog:Online,ART:dcxsaProductCatalog:Online,PG:dcxsaProductCatalog:Online,PF:dcxsaProductCatalog:Online,MS_500:dcxsaProductCatalog:Online,MS_310:dcxsaProductCatalog:Online,MS_700:dcxsaProductCatalog:Online,AP_1500:dcxsaProductCatalog:Online,AP_1800:dcxsaProductCatalog:Online,AP_1200:dcxsaProductCatalog:Online,PG_3400:dcxsaProductCatalog:Online,FU_4200:dcxsaProductCatalog:Online | J63: false | K63: approved | L63: PRODUCT | M63: Agente de consistência | O63: Pellets | P63: Sun Care; Skin Rinse-off; Body Care; Face Care; Hair Conditioning/Shampoo; Hair Coloring | AU63: Informações faltando cadastrar no PIM, Application/ classificationClass
A64: 30528569 | B64: EMB | C64: DEHYDOL® LS 3 DEO N | D64: Laureth-3 | E64: Nonionic solubilizer for the preparation of oil and cream baths | F64: Solubilizante não ionico para óleos e creme de banhos | G64: Solubilizante no iónico para aceites y cremas de baño | H64: -Cosméticos Veganos -Solubilizante | I64: ART:dcxsaProductCatalog:Online,MS:dcxsaProductCatalog:Online,PF:dcxsaProductCatalog:Online,AP:dcxsaProductCatalog:Online,PG:dcxsaProductCatalog:Online,FU:dcxsaProductCatalog:Online,MS_500:dcxsaProductCatalog:Online,MS_310:dcxsaProductCatalog:Online,AP_600:dcxsaProductCatalog:Online,AP_800:dcxsaProductCatalog:Online,AP_1100:dcxsaProductCatalog:Online,AP_1200:dcxsaProductCatalog:Online,AP_200:dcxsaProductCatalog:Online,PG_300:dcxsaProductCatalog:Online,PG_1300:dcxsaProductCatalog:Online,FU_3400:dcxsaProductCatalog:Online,FU_1400:dcxsaProductCatalog:Online,Emulsifier:dcxsaProductCatalog:Online,SO:DcxsaClassification:1.0 | K64: unapproved | L64: PRODUCT | M64: Solubilizante | O64: Liquid | P64: Face Care; Skin Rinse-off; Hair Conditioning/Shampoo | AU64: Informações faltando cadastrar no PIM, Application/ classificationClass / Description[es] Espanhol /
A65: 30531563 | B65: EMB | C65: DEHYQUART AU | D65: Sample Technical Name | E65: DEHYQUART AU | F65: DEHYQUART AU | G65: =SUBSTITUTE(SUBSTITUTE(SUBSTITUTE(SUBSTITUTE(SUBSTITUTE(SUBSTITUTE(SUBSTITUTE(SUBSTITUTE(SUBSTITUTE(SUBSTITUTE(SUBSTITUTE(SUBSTITUTE(SUBSTITUTE(SUBSTITUTE(SUBSTITUTE(SUBSTITUTE(SUBSTITUTE(SUBSTITUTE(SUBSTITUTE(SUBSTITUTE(SUBSTITUTE(SUBSTITUTE(SUBSTITUTE(VLOOKUP(A65,Sheet1!$C:$G,5,0),'De para simbolos'!$A$2,'De para simbolos'!$B$2),'De para simbolos'!$A$3,'De para simbolos'!$B$3),'De para simbolos'!$A$4,'De para simbolos'!$B$4),'De para simbolos'!$A$5,'De para simbolos'!$B$5),'De para simbolos'!$A$6,'De para simbolos'!$B$6),'De para simbolos'!$A$7,'De para simbolos'!$B$7),'De para simbolos'!$A$8,'De para simbolos'!$B$8),'De para simbolos'!$A$9,'De para simbolos'!$B$9),'De para simbolos'!$A$10,'De para simbolos'!$B$10),'De para simbolos'!$A$11,'De para simbolos'!$B$11),'De para simbolos'!$A$12,'De para simbolos'!$B$12),'De para simbolos'!$A$13,'De para simbolos'!$B$13),'De para simbolos'!$A$14,'De para simbolos'!$B$14),'De para simbolos'!$A$15,'De para simbolos'!$B$15),'De para simbolos'!$A$16,'De para simbolos'!$B$16),'De para simbolos'!$A$17,'De para simbolos'!$B$17),'De para simbolos'!$A$18,'De para simbolos'!$B$18),'De para simbolos'!$A$19,'De para simbolos'!$B$19),'De para simbolos'!$A$20,'De para simbolos'!$B$20),'De para simbolos'!$A$21,'De para simbolos'!$B$21),'De para simbolos'!$A$22,'De para simbolos'!$B$22),'De para simbolos'!$A$23,'De para simbolos'!$B$23),'De para simbolos'!$A$24,'De para simbolos'!$B$24) -> DEHYQUART AU | H65: Produto descontinuado | I65: MS:dcxsaProductCatalog:Online,ART:dcxsaProductCatalog:Online,PF:dcxsaProductCatalog:Online,MS_900:dcxsaProductCatalog:Online,AP:dcxsaProductCatalog:Online,AP_1900:dcxsaProductCatalog:Online,PG:dcxsaProductCatalog:Online,PG_3200:dcxsaProductCatalog:Online,FU:dcxsaProductCatalog:Online,FU_4000:dcxsaProductCatalog:Online | K65: unapproved | L65: PRODUCT | M65: Produto descontinuado | O65: #N/A | P65: #N/A | AU65: Informações faltando cadastrar no PIM, Application/ classificationClass
A66: 30531563 | B66: EMB | C66: DEHYQUART AU | D66: Sample Technical Name | E66: DEHYQUART AU | F66: DEHYQUART AU | G66: =SUBSTITUTE(SUBSTITUTE(SUBSTITUTE(SUBSTITUTE(SUBSTITUTE(SUBSTITUTE(SUBSTITUTE(SUBSTITUTE(SUBSTITUTE(SUBSTITUTE(SUBSTITUTE(SUBSTITUTE(SUBSTITUTE(SUBSTITUTE(SUBSTITUTE(SUBSTITUTE(SUBSTITUTE(SUBSTITUTE(SUBSTITUTE(SUBSTITUTE(SUBSTITUTE(SUBSTITUTE(SUBSTITUTE(VLOOKUP(A66,Sheet1!$C:$G,5,0),'De para simbolos'!$A$2,'De para simbolos'!$B$2),'De para simbolos'!$A$3,'De para simbolos'!$B$3),'De para simbolos'!$A$4,'De para simbolos'!$B$4),'De para simbolos'!$A$5,'De para simbolos'!$B$5),'De para simbolos'!$A$6,'De para simbolos'!$B$6),'De para simbolos'!$A$7,'De para simbolos'!$B$7),'De para simbolos'!$A$8,'De para simbolos'!$B$8),'De para simbolos'!$A$9,'De para simbolos'!$B$9),'De para simbolos'!$A$10,'De para simbolos'!$B$10),'De para simbolos'!$A$11,'De para simbolos'!$B$11),'De para simbolos'!$A$12,'De para simbolos'!$B$12),'De para simbolos'!$A$13,'De para simbolos'!$B$13),'De para simbolos'!$A$14,'De para simbolos'!$B$14),'De para simbolos'!$A$15,'De para simbolos'!$B$15),'De para simbolos'!$A$16,'De para simbolos'!$B$16),'De para simbolos'!$A$17,'De para simbolos'!$B$17),'De para simbolos'!$A$18,'De para simbolos'!$B$18),'De para simbolos'!$A$19,'De para simbolos'!$B$19),'De para simbolos'!$A$20,'De para simbolos'!$B$20),'De para simbolos'!$A$21,'De para simbolos'!$B$21),'De para simbolos'!$A$22,'De para simbolos'!$B$22),'De para simbolos'!$A$23,'De para simbolos'!$B$23),'De para simbolos'!$A$24,'De para simbolos'!$B$24) -> DEHYQUART AU | H66: Produto descontinuado | I66: MS:dcxsaProductCatalog:Online,ART:dcxsaProductCatalog:Online,PF:dcxsaProductCatalog:Online,MS_900:dcxsaProductCatalog:Online,AP:dcxsaProductCatalog:Online,AP_1900:dcxsaProductCatalog:Online,PG:dcxsaProductCatalog:Online,PG_3200:dcxsaProductCatalog:Online,FU:dcxsaProductCatalog:Online,FU_4000:dcxsaProductCatalog:Online | K66: unapproved | L66: PRODUCT | M66: Produto descontinuado | O66: #N/A | P66: #N/A | AU66: Informações faltando cadastrar no PIM, Application/ classificationClass / Description[es] Espanhol /
A67: 30599580 | B67: EMB | C67: Dehyquart L 80 T | D67: Dicocoylethyl Hydroxyethylmonium Methosulfate (and) Propylene Glycol | E67: Conditioning agent for all kind of hair care preparations | F67: Agente condicionante para todo tipo de aplicação de cuidados com cabelos | G67: =SUBSTITUTE(SUBSTITUTE(SUBSTITUTE(SUBSTITUTE(SUBSTITUTE(SUBSTITUTE(SUBSTITUTE(SUBSTITUTE(SUBSTITUTE(SUBSTITUTE(SUBSTITUTE(SUBSTITUTE(SUBSTITUTE(SUBSTITUTE(SUBSTITUTE(SUBSTITUTE(SUBSTITUTE(SUBSTITUTE(SUBSTITUTE(SUBSTITUTE(SUBSTITUTE(SUBSTITUTE(SUBSTITUTE(VLOOKUP(A67,Sheet1!$C:$G,5,0),'De para simbolos'!$A$2,'De para simbolos'!$B$2),'De para simbolos'!$A$3,'De para simbolos'!$B$3),'De para simbolos'!$A$4,'De para simbolos'!$B$4),'De para simbolos'!$A$5,'De para simbolos'!$B$5),'De para simbolos'!$A$6,'De para simbolos'!$B$6),'De para simbolos'!$A$7,'De para simbolos'!$B$7),'De para simbolos'!$A$8,'De para simbolos'!$B$8),'De para simbolos'!$A$9,'De para simbolos'!$B$9),'De para simbolos'!$A$10,'De para simbolos'!$B$10),'De para simbolos'!$A$11,'De para simbolos'!$B$11),'De para simbolos'!$A$12,'De para simbolos'!$B$12),'De para simbolos'!$A$13,'De para simbolos'!$B$13),'De para simbolos'!$A$14,'De para simbolos'!$B$14),'De para simbolos'!$A$15,'De para simbolos'!$B$15),'De para simbolos'!$A$16,'De para simbolos'!$B$16),'De para simbolos'!$A$17,'De para simbolos'!$B$17),'De para simbolos'!$A$18,'De para simbolos'!$B$18),'De para simbolos'!$A$19,'De para simbolos'!$B$19),'De para simbolos'!$A$20,'De para simbolos'!$B$20),'De para simbolos'!$A$21,'De para simbolos'!$B$21),'De para simbolos'!$A$22,'De para simbolos'!$B$22),'De para simbolos'!$A$23,'De para simbolos'!$B$23),'De para simbolos'!$A$24,'De para simbolos'!$B$24) -> #N/A | H67: Vale apenas manter? | I67: ART:dcxsaProductCatalog:Online,MS:dcxsaProductCatalog:Online,PF:dcxsaProductCatalog:Online,AP_700:dcxsaProductCatalog:Online,FU_3700:dcxsaProductCatalog:Online,PG_3000:dcxsaProductCatalog:Online,MS_310:dcxsaProductCatalog:Online | J67: false | K67: approved | L67: PRODUCT | M67: Tensoativo catiônico | O67: #N/A | P67: #N/A | AU67: Informações faltando cadastrar no PIM, Application/ classificationClass / Description[es] Espanhol /
A68: 30528573 | B68: EMB | C68: DEHYQUART® C 4046 | D68: Cetearyl Alcohol (and) Dipalmitoylethyl Hydroxyethylmonium Methosulfate (and) Ceteareth-20 | E68: Conditioning base for hair conditioning creams and emulsions. | F68: Base condicionante para cremes condicionantes e emulsões | G68: Base acondicionadora para cremas y emulsiones acondicionadoras | H68: -Cosméticos Vegano -Condicionamento -Volume -Frizz -Maciez | I68: ART:dcxsaProductCatalog:Online,PF:dcxsaProductCatalog:Online,MS:dcxsaProductCatalog:Online,PG_3200:dcxsaProductCatalog:Online,AP_500:dcxsaProductCatalog:Online,AP_1700:dcxsaProductCatalog:Online,AP_600:dcxsaProductCatalog:Online | J68: false | K68: unapproved | L68: PRODUCT | M68: Tensoativo catiônico | O68: Pellets | P68: Sun Care; Body Care; Hair Conditioning/Shampoo; Face Care; Hair Coloring | AU68: Informações faltando cadastrar no PIM, Application/ classificationClass / Description[es] Espanhol, Portugues e Ingles
A69: 30537018 | B69: EMB | C69: Dehyquart® CC 7 BZ | D69: Polyquaternium-7 | E69: Conditioning polymer for hair conditioning formulations. | F69: Polímero de condicionamento para formulações de cuidados com cabelo | G69: Polímero acondicionador para formulaciones para el cuidado del cabello. | H69: -Cosméticos Vegano -Condicionamento -Volume -Frizz -Maciez | I69: ART:dcxsaProductCatalog:Online,MS:dcxsaProductCatalog:Online,PF:dcxsaProductCatalog:Online,PG:dcxsaProductCatalog:Online,AP:dcxsaProductCatalog:Online,FU:dcxsaProductCatalog:Online,MS_310:dcxsaProductCatalog:Online,MS_200:dcxsaProductCatalog:Online,AP_700:dcxsaProductCatalog:Online,AP_500:dcxsaProductCatalog:Online,AP_1200:dcxsaProductCatalog:Online,PG_3000:dcxsaProductCatalog:Online,FU_3700:dcxsaProductCatalog:Online,SU:DcxsaClassification:1.0,Surfactant:dcxsaProductCatalog:Online,StockLevel:dcxsaProductCatalog:Online | J69: true | K69: approved | L69: PRODUCT | M69: Polímero Condicionante | O69: Liquid | P69: Skin Rinse-off; Hair Conditioning/Shampoo; Hair Coloring | AU69: Informações faltando cadastrar no PIM, Application/ classificationClass / Description[es] Espanhol /
A70: 30543530 | B70: EMB | C70: DEHYQUART® GUAR N | D70: Guar Hydroxypropyltrimonium Chloride | E70: Conditioning agent for all kind of hair care preparations | F70: Agente condicionante para todo tipo de aplicação de cuidados com cabelos | G70: Agente acondicionador para todo tipo de aplicación para el cuidado del cabello | H70: -Cosméticos Vegano -Cosméticos Naturais -Beleza Transparente -Condicionamento -Frizz -Maciez -Penteabilidade | I70: ART:dcxsaProductCatalog:Online,PF:dcxsaProductCatalog:Online,MS:dcxsaProductCatalog:Online,MS_310:dcxsaProductCatalog:Online,AP_1200:dcxsaProductCatalog:Online,AP_700:dcxsaProductCatalog:Online,AP_200:dcxsaProductCatalog:Online,PG_2300:dcxsaProductCatalog:Online,FU_2600:dcxsaProductCatalog:Online | J70: true | K70: approved | L70: PRODUCT | M70: Polímero Condicionante | O70: Powder | P70: Skin Rinse-off; Hair Conditioning/Shampoo | AU70: Informações faltando cadastrar no PIM, Application/ classificationClass / Description[es] Espanhol /
A71: 30572240 | B71: EMO | C71: DEHYTON KB IS | D71: Cocamidopropyl Betaine | E71: Amphoteric surfactant, suitable for shampoos, shower and bath preparations and skin cleansers. | F71: Tensoativo anfotérico, indicado para shampoos, sabonetes de banho e limpadores faciais | G71: =SUBSTITUTE(SUBSTITUTE(SUBSTITUTE(SUBSTITUTE(SUBSTITUTE(SUBSTITUTE(SUBSTITUTE(SUBSTITUTE(SUBSTITUTE(SUBSTITUTE(SUBSTITUTE(SUBSTITUTE(SUBSTITUTE(SUBSTITUTE(SUBSTITUTE(SUBSTITUTE(SUBSTITUTE(SUBSTITUTE(SUBSTITUTE(SUBSTITUTE(SUBSTITUTE(SUBSTITUTE(SUBSTITUTE(VLOOKUP(A71,Sheet1!$C:$G,5,0),'De para simbolos'!$A$2,'De para simbolos'!$B$2),'De para simbolos'!$A$3,'De para simbolos'!$B$3),'De para simbolos'!$A$4,'De para simbolos'!$B$4),'De para simbolos'!$A$5,'De para simbolos'!$B$5),'De para simbolos'!$A$6,'De para simbolos'!$B$6),'De para simbolos'!$A$7,'De para simbolos'!$B$7),'De para simbolos'!$A$8,'De para simbolos'!$B$8),'De para simbolos'!$A$9,'De para simbolos'!$B$9),'De para simbolos'!$A$10,'De para simbolos'!$B$10),'De para simbolos'!$A$11,'De para simbolos'!$B$11),'De para simbolos'!$A$12,'De para simbolos'!$B$12),'De para simbolos'!$A$13,'De para simbolos'!$B$13),'De para simbolos'!$A$14,'De para simbolos'!$B$14),'De para simbolos'!$A$15,'De para simbolos'!$B$15),'De para simbolos'!$A$16,'De para simbolos'!$B$16),'De para simbolos'!$A$17,'De para simbolos'!$B$17),'De para simbolos'!$A$18,'De para simbolos'!$B$18),'De para simbolos'!$A$19,'De para simbolos'!$B$19),'De para simbolos'!$A$20,'De para simbolos'!$B$20),'De para simbolos'!$A$21,'De para simbolos'!$B$21),'De para simbolos'!$A$22,'De para simbolos'!$B$22),'De para simbolos'!$A$23,'De para simbolos'!$B$23),'De para simbolos'!$A$24,'De para simbolos'!$B$24) -> #N/A | H71: -Cosméticos Vegano -Espuma -Viscosidade -Limpeza -Produção Local | I71: ART:dcxsaProductCatalog:Online,MS:dcxsaProductCatalog:Online,PF:dcxsaProductCatalog:Online,MS_700:dcxsaProductCatalog:Online,AP_1200:dcxsaProductCatalog:Online,AP_200:dcxsaProductCatalog:Online,AP_800:dcxsaProductCatalog:Online,PG_3200:dcxsaProductCatalog:Online,FU_4000:dcxsaProductCatalog:Online,MS_500:dcxsaProductCatalog:Online,MS_310:dcxsaProductCatalog:Online | J71: false | K71: approved | L71: PRODUCT | M71: Tensoativo Anfotérico | O71: #N/A | P71: #N/A
A72: 30035110 | B72: EMB | C72: EDETA® BD | D72: Disodium EDETA | E72: Agente quelante, que auxilia no sequestro de ións metalicos, para estabilização de formulações cosméticas | F72: Agente quelante, que auxilia no sequestro de ións metalicos, para estabilização de formulações cosméticas | G72: Agente quelante, que ayuda en el secuestro de iones metálicos, para la estabilización de formulaciones cosméticas | H72: -Cosméticos Vegano -Agente quelante | I72: ART:dcxsaProductCatalog:Online,PF:dcxsaProductCatalog:Online,PG:dcxsaProductCatalog:Online,AP:dcxsaProductCatalog:Online,MS:dcxsaProductCatalog:Online,FT:dcxsaProductCatalog:Online,MS_810:dcxsaProductCatalog:Online,MS_500:dcxsaProductCatalog:Online,PG_1900:dcxsaProductCatalog:Online,PG_500:dcxsaProductCatalog:Online,AP_1800:dcxsaProductCatalog:Online,AP_1500:dcxsaProductCatalog:Online,AP_1000:dcxsaProductCatalog:Online,FU_4400:dcxsaProductCatalog:Online,FU_5600:dcxsaProductCatalog:Online,PG_4800:dcxsaProductCatalog:Online | J72: true | K72: approved | L72: PRODUCT | M72: =VLOOKUP(C72,'[2]Revisão Produtos'!$B:$I,8,0) -> Agente quelante | O72: Powder | P72: Sun Care; Skin Rinse-off; Body Care; Face Care; Others
A73: 30748425 | B73: EMB | C73: EDETA® BX-LB Powder | D73: Tetrasodium EDETA | E73: Agente quelante, que auxilia no sequestro de ións metalicos, para estabilização de formulações cosméticas. Produzido localmente | F73: Agente quelante, que auxilia no sequestro de ións metalicos, para estabilização de formulações cosméticas. Produzido localmente | G73: =SUBSTITUTE(SUBSTITUTE(SUBSTITUTE(SUBSTITUTE(SUBSTITUTE(SUBSTITUTE(SUBSTITUTE(SUBSTITUTE(SUBSTITUTE(SUBSTITUTE(SUBSTITUTE(SUBSTITUTE(SUBSTITUTE(SUBSTITUTE(SUBSTITUTE(SUBSTITUTE(SUBSTITUTE(SUBSTITUTE(SUBSTITUTE(SUBSTITUTE(SUBSTITUTE(SUBSTITUTE(SUBSTITUTE(VLOOKUP(A73,Sheet1!$C:$G,5,0),'De para simbolos'!$A$2,'De para simbolos'!$B$2),'De para simbolos'!$A$3,'De para simbolos'!$B$3),'De para simbolos'!$A$4,'De para simbolos'!$B$4),'De para simbolos'!$A$5,'De para simbolos'!$B$5),'De para simbolos'!$A$6,'De para simbolos'!$B$6),'De para simbolos'!$A$7,'De para simbolos'!$B$7),'De para simbolos'!$A$8,'De para simbolos'!$B$8),'De para simbolos'!$A$9,'De para simbolos'!$B$9),'De para simbolos'!$A$10,'De para simbolos'!$B$10),'De para simbolos'!$A$11,'De para simbolos'!$B$11),'De para simbolos'!$A$12,'De para simbolos'!$B$12),'De para simbolos'!$A$13,'De para simbolos'!$B$13),'De para simbolos'!$A$14,'De para simbolos'!$B$14),'De para simbolos'!$A$15,'De para simbolos'!$B$15),'De para simbolos'!$A$16,'De para simbolos'!$B$16),'De para simbolos'!$A$17,'De para simbolos'!$B$17),'De para simbolos'!$A$18,'De para simbolos'!$B$18),'De para simbolos'!$A$19,'De para simbolos'!$B$19),'De para simbolos'!$A$20,'De para simbolos'!$B$20),'De para simbolos'!$A$21,'De para simbolos'!$B$21),'De para simbolos'!$A$22,'De para simbolos'!$B$22),'De para simbolos'!$A$23,'De para simbolos'!$B$23),'De para simbolos'!$A$24,'De para simbolos'!$B$24) -> #N/A | H73: -Cosméticos Vegano -Agente quelante | I73: ART:dcxsaProductCatalog:Online,PF:dcxsaProductCatalog:Online,StockLevel:dcxsaProductCatalog:Online,MS_1000:dcxsaProductCatalog:Online,MS_1100:dcxsaProductCatalog:Online,MS_1300:dcxsaProductCatalog:Online,MS_1400:dcxsaProductCatalog:Online,MS_810:dcxsaProductCatalog:Online,MS_820:dcxsaProductCatalog:Online,AP_1700:dcxsaProductCatalog:Online,AP_1000:dcxsaProductCatalog:Online,AP_1500:dcxsaProductCatalog:Online,AP_1800:dcxsaProductCatalog:Online,AP_2300:dcxsaProductCatalog:Online,AP_400:dcxsaProductCatalog:Online,PG_4800:dcxsaProductCatalog:Online,FU_5600:dcxsaProductCatalog:Online | K73: approved | L73: PRODUCT | M73: =VLOOKUP(C73,'[2]Revisão Produtos'!$B:$I,8,0) -> Agente quelante | O73: #N/A | P73: #N/A
A74: 30569187 | B74: EMB | C74: CYLASPHERE® RETINOL C00479 | D74: Water (and) Butylene Glycol (and) Retinol (and) Pentylene Glycol (and) Carbomer (and) Glycine Soja Oil (and) Tocopherol (and) Acacia Senegal (and) Propylene Glycol (and) Alginate | F74: Cylasphere® Retinol é um ativo composto por microesferas de retinol encapsulado. Os benefícios do retinol em uma tecnologia de liberação lenta para melhor biodisponibilade e estabilidade da molécula ativa, | G74: =SUBSTITUTE(SUBSTITUTE(SUBSTITUTE(SUBSTITUTE(SUBSTITUTE(SUBSTITUTE(SUBSTITUTE(SUBSTITUTE(SUBSTITUTE(SUBSTITUTE(SUBSTITUTE(SUBSTITUTE(SUBSTITUTE(SUBSTITUTE(SUBSTITUTE(SUBSTITUTE(SUBSTITUTE(SUBSTITUTE(SUBSTITUTE(SUBSTITUTE(SUBSTITUTE(SUBSTITUTE(SUBSTITUTE(VLOOKUP(A74,Sheet1!$C:$G,5,0),'De para simbolos'!$A$2,'De para simbolos'!$B$2),'De para simbolos'!$A$3,'De para simbolos'!$B$3),'De para simbolos'!$A$4,'De para simbolos'!$B$4),'De para simbolos'!$A$5,'De para simbolos'!$B$5),'De para simbolos'!$A$6,'De para simbolos'!$B$6),'De para simbolos'!$A$7,'De para simbolos'!$B$7),'De para simbolos'!$A$8,'De para simbolos'!$B$8),'De para simbolos'!$A$9,'De para simbolos'!$B$9),'De para simbolos'!$A$10,'De para simbolos'!$B$10),'De para simbolos'!$A$11,'De para simbolos'!$B$11),'De para simbolos'!$A$12,'De para simbolos'!$B$12),'De para simbolos'!$A$13,'De para simbolos'!$B$13),'De para simbolos'!$A$14,'De para simbolos'!$B$14),'De para simbolos'!$A$15,'De para simbolos'!$B$15),'De para simbolos'!$A$16,'De para simbolos'!$B$16),'De para simbolos'!$A$17,'De para simbolos'!$B$17),'De para simbolos'!$A$18,'De para simbolos'!$B$18),'De para simbolos'!$A$19,'De para simbolos'!$B$19),'De para simbolos'!$A$20,'De para simbolos'!$B$20),'De para simbolos'!$A$21,'De para simbolos'!$B$21),'De para simbolos'!$A$22,'De para simbolos'!$B$22),'De para simbolos'!$A$23,'De para simbolos'!$B$23),'De para simbolos'!$A$24,'De para simbolos'!$B$24) -> #N/A | H74: Antissinais; Tratamento de manchas | M74: Ativo | O74: Liquid | P74: Face Care
A75: 30398164 | B75: EMB | C75: CYTOVECTOR® FERULIC L00018 | D75: Water (and) Butylene Glycol (and) Lecithin (and) Ferulic Acid (and) Laurdimonium Hydroxypropyl Hydrolyzed Soy Protein (and) Hydroxyethylcellulose | F75: Cytovector® Ferulic é um ativo composto por lipossomas de ácido ferúlico para uma melhor estabilidade. Oferece maior afinidade a pele e maior permeação transcutânea do ativo para uma eficácia mais potente. | G75: =SUBSTITUTE(SUBSTITUTE(SUBSTITUTE(SUBSTITUTE(SUBSTITUTE(SUBSTITUTE(SUBSTITUTE(SUBSTITUTE(SUBSTITUTE(SUBSTITUTE(SUBSTITUTE(SUBSTITUTE(SUBSTITUTE(SUBSTITUTE(SUBSTITUTE(SUBSTITUTE(SUBSTITUTE(SUBSTITUTE(SUBSTITUTE(SUBSTITUTE(SUBSTITUTE(SUBSTITUTE(SUBSTITUTE(VLOOKUP(A75,Sheet1!$C:$G,5,0),'De para simbolos'!$A$2,'De para simbolos'!$B$2),'De para simbolos'!$A$3,'De para simbolos'!$B$3),'De para simbolos'!$A$4,'De para simbolos'!$B$4),'De para simbolos'!$A$5,'De para simbolos'!$B$5),'De para simbolos'!$A$6,'De para simbolos'!$B$6),'De para simbolos'!$A$7,'De para simbolos'!$B$7),'De para simbolos'!$A$8,'De para simbolos'!$B$8),'De para simbolos'!$A$9,'De para simbolos'!$B$9),'De para simbolos'!$A$10,'De para simbolos'!$B$10),'De para simbolos'!$A$11,'De para simbolos'!$B$11),'De para simbolos'!$A$12,'De para simbolos'!$B$12),'De para simbolos'!$A$13,'De para simbolos'!$B$13),'De para simbolos'!$A$14,'De para simbolos'!$B$14),'De para simbolos'!$A$15,'De para simbolos'!$B$15),'De para simbolos'!$A$16,'De para simbolos'!$B$16),'De para simbolos'!$A$17,'De para simbolos'!$B$17),'De para simbolos'!$A$18,'De para simbolos'!$B$18),'De para simbolos'!$A$19,'De para simbolos'!$B$19),'De para simbolos'!$A$20,'De para simbolos'!$B$20),'De para simbolos'!$A$21,'De para simbolos'!$B$21),'De para simbolos'!$A$22,'De para simbolos'!$B$22),'De para simbolos'!$A$23,'De para simbolos'!$B$23),'De para simbolos'!$A$24,'De para simbolos'!$B$24) -> #N/A | H75: Tratamento de manchas | M75: Ativo | O75: Liquid | P75: Face Care
A76: 30537412 | B76: EMB | C76: EMULGADE BB | D76: Cetearyl Alcohol (and) Stearyl Alcohol (and) Ceteareth-50 | E76: <p>EMULGADE BB</p> | F76: EMULGADE BB | G76: =SUBSTITUTE(SUBSTITUTE(SUBSTITUTE(SUBSTITUTE(SUBSTITUTE(SUBSTITUTE(SUBSTITUTE(SUBSTITUTE(SUBSTITUTE(SUBSTITUTE(SUBSTITUTE(SUBSTITUTE(SUBSTITUTE(SUBSTITUTE(SUBSTITUTE(SUBSTITUTE(SUBSTITUTE(SUBSTITUTE(SUBSTITUTE(SUBSTITUTE(SUBSTITUTE(SUBSTITUTE(SUBSTITUTE(VLOOKUP(A76,Sheet1!$C:$G,5,0),'De para simbolos'!$A$2,'De para simbolos'!$B$2),'De para simbolos'!$A$3,'De para simbolos'!$B$3),'De para simbolos'!$A$4,'De para simbolos'!$B$4),'De para simbolos'!$A$5,'De para simbolos'!$B$5),'De para simbolos'!$A$6,'De para simbolos'!$B$6),'De para simbolos'!$A$7,'De para simbolos'!$B$7),'De para simbolos'!$A$8,'De para simbolos'!$B$8),'De para simbolos'!$A$9,'De para simbolos'!$B$9),'De para simbolos'!$A$10,'De para simbolos'!$B$10),'De para simbolos'!$A$11,'De para simbolos'!$B$11),'De para simbolos'!$A$12,'De para simbolos'!$B$12),'De para simbolos'!$A$13,'De para simbolos'!$B$13),'De para simbolos'!$A$14,'De para simbolos'!$B$14),'De para simbolos'!$A$15,'De para simbolos'!$B$15),'De para simbolos'!$A$16,'De para simbolos'!$B$16),'De para simbolos'!$A$17,'De para simbolos'!$B$17),'De para simbolos'!$A$18,'De para simbolos'!$B$18),'De para simbolos'!$A$19,'De para simbolos'!$B$19),'De para simbolos'!$A$20,'De para simbolos'!$B$20),'De para simbolos'!$A$21,'De para simbolos'!$B$21),'De para simbolos'!$A$22,'De para simbolos'!$B$22),'De para simbolos'!$A$23,'De para simbolos'!$B$23),'De para simbolos'!$A$24,'De para simbolos'!$B$24) | H76: Produto descontinuado | I76: MS_100:dcxsaProductCatalog:Online,MS_200:dcxsaProductCatalog:Online,MS:dcxsaProductCatalog:Online,ART:dcxsaProductCatalog:Online,PF:dcxsaProductCatalog:Online,MS_500:dcxsaProductCatalog:Online,MS_810:dcxsaProductCatalog:Online,AP_100:dcxsaProductCatalog:Online,AP_300:dcxsaProductCatalog:Online,AP_400:dcxsaProductCatalog:Online,AP_500:dcxsaProductCatalog:Online,AP_600:dcxsaProductCatalog:Online,AP:dcxsaProductCatalog:Online,AP_800:dcxsaProductCatalog:Online,AP_1000:dcxsaProductCatalog:Online,AP_1500:dcxsaProductCatalog:Online,AP_1700:dcxsaProductCatalog:Online,AP_1800:dcxsaProductCatalog:Online,PG_600:dcxsaProductCatalog:Online,PG:dcxsaProductCatalog:Online,FU_700:dcxsaProductCatalog:Online,FU:dcxsaProductCatalog:Online,Emulsifier:dcxsaProductCatalog:Online | K76: unapproved | L76: PRODUCT | M76: Produto descontinuado | O76: #N/A | P76: #N/A
A77: 30538139 | B77: EMB | C77: EMULGADE BLOND 1902 | D77: Sample Technical Name | E77: EMULGADE BLOND | F77: EMULGADE BLOND | G77: =SUBSTITUTE(SUBSTITUTE(SUBSTITUTE(SUBSTITUTE(SUBSTITUTE(SUBSTITUTE(SUBSTITUTE(SUBSTITUTE(SUBSTITUTE(SUBSTITUTE(SUBSTITUTE(SUBSTITUTE(SUBSTITUTE(SUBSTITUTE(SUBSTITUTE(SUBSTITUTE(SUBSTITUTE(SUBSTITUTE(SUBSTITUTE(SUBSTITUTE(SUBSTITUTE(SUBSTITUTE(SUBSTITUTE(VLOOKUP(A77,Sheet1!$C:$G,5,0),'De para simbolos'!$A$2,'De para simbolos'!$B$2),'De para simbolos'!$A$3,'De para simbolos'!$B$3),'De para simbolos'!$A$4,'De para simbolos'!$B$4),'De para simbolos'!$A$5,'De para simbolos'!$B$5),'De para simbolos'!$A$6,'De para simbolos'!$B$6),'De para simbolos'!$A$7,'De para simbolos'!$B$7),'De para simbolos'!$A$8,'De para simbolos'!$B$8),'De para simbolos'!$A$9,'De para simbolos'!$B$9),'De para simbolos'!$A$10,'De para simbolos'!$B$10),'De para simbolos'!$A$11,'De para simbolos'!$B$11),'De para simbolos'!$A$12,'De para simbolos'!$B$12),'De para simbolos'!$A$13,'De para simbolos'!$B$13),'De para simbolos'!$A$14,'De para simbolos'!$B$14),'De para simbolos'!$A$15,'De para simbolos'!$B$15),'De para simbolos'!$A$16,'De para simbolos'!$B$16),'De para simbolos'!$A$17,'De para simbolos'!$B$17),'De para simbolos'!$A$18,'De para simbolos'!$B$18),'De para simbolos'!$A$19,'De para simbolos'!$B$19),'De para simbolos'!$A$20,'De para simbolos'!$B$20),'De para simbolos'!$A$21,'De para simbolos'!$B$21),'De para simbolos'!$A$22,'De para simbolos'!$B$22),'De para simbolos'!$A$23,'De para simbolos'!$B$23),'De para simbolos'!$A$24,'De para simbolos'!$B$24) | H77: Produto descontinuado | I77: ART:dcxsaProductCatalog:Online,MS:dcxsaProductCatalog:Online,PF:dcxsaProductCatalog:Online,AP:dcxsaProductCatalog:Online,PG:dcxsaProductCatalog:Online,FU:dcxsaProductCatalog:Online,MS_810:dcxsaProductCatalog:Online,MS_100:dcxsaProductCatalog:Online,MS_500:dcxsaProductCatalog:Online,MS_200:dcxsaProductCatalog:Online,AP_1700:dcxsaProductCatalog:Online,AP_100:dcxsaProductCatalog:Online,AP_300:dcxsaProductCatalog:Online,AP_1500:dcxsaProductCatalog:Online,AP_600:dcxsaProductCatalog:Online,AP_1800:dcxsaProductCatalog:Online,AP_800:dcxsaProductCatalog:Online,AP_500:dcxsaProductCatalog:Online,AP_400:dcxsaProductCatalog:Online,AP_1000:dcxsaProductCatalog:Online,PG_600:dcxsaProductCatalog:Online,FU_700:dcxsaProductCatalog:Online,Emulsifier:dcxsaProductCatalog:Online | K77: unapproved | L77: PRODUCT | M77: Produto descontinuado | O77: #N/A | P77: #N/A
A78: 30532387 | B78: EMB | C78: EMULGADE I | D78: Cetearyl Alcohol (and) Ceteareth-20 (and) PEG-40 Castor Oil | E78: Self emulsifying base and consistency giving factor for cosmetic O/W emulsions. | F78: Base auto emulsionante e agente de consistência para emulsões cosméticas do tipo O/W. | G78: Base autoemulsionante y agente de consistencia para emulsiones cosméticas tipo O/W. | H78: Excelente sensorial | I78: ART:dcxsaProductCatalog:Online,MS:dcxsaProductCatalog:Online,PF:dcxsaProductCatalog:Online,AP:dcxsaProductCatalog:Online,PG:dcxsaProductCatalog:Online,FU:dcxsaProductCatalog:Online,MS_810:dcxsaProductCatalog:Online,MS_100:dcxsaProductCatalog:Online,MS_500:dcxsaProductCatalog:Online,MS_200:dcxsaProductCatalog:Online,AP_1700:dcxsaProductCatalog:Online,AP_100:dcxsaProductCatalog:Online,AP_300:dcxsaProductCatalog:Online,AP_1500:dcxsaProductCatalog:Online,AP_600:dcxsaProductCatalog:Online,AP_1800:dcxsaProductCatalog:Online,AP_800:dcxsaProductCatalog:Online,AP_500:dcxsaProductCatalog:Online,AP_400:dcxsaProductCatalog:Online,AP_1000:dcxsaProductCatalog:Online,PG_600:dcxsaProductCatalog:Online,FU_700:dcxsaProductCatalog:Online,Emulsifier:dcxsaProductCatalog:Online | K78: unapproved | L78: PRODUCT | M78: Base Emulsionante O/A | O78: Pellets | P78: Sun Care; Skin Rinse-off; Body Care; Face Care; Hair Conditioning/Shampoo; Hair Coloring
A79: 30531928 | B79: EMB | C79: EMULGADE NLB | D79: Steareth-2 (and) Ceteareth-12 (and) Stearyl Alcohol (and) Ceteareth-20 (and) Distearyl Ether | E79: Well balanced, robust, nonionic cream base, suitable for low pH values, low viscosities and high levels of electrolytes like in AP / Deo roll-ons and O/ W lotions. | F79: Base de creme não-iônica, equilibrada, robusta, ideal para baixos valores de pH, baixas viscosidades e altos níveis de eletrólitos, como por exemplo, fórmulas de desodorantes roll-ons e loções do tipo O/W. | G79: =SUBSTITUTE(SUBSTITUTE(SUBSTITUTE(SUBSTITUTE(SUBSTITUTE(SUBSTITUTE(SUBSTITUTE(SUBSTITUTE(SUBSTITUTE(SUBSTITUTE(SUBSTITUTE(SUBSTITUTE(SUBSTITUTE(SUBSTITUTE(SUBSTITUTE(SUBSTITUTE(SUBSTITUTE(SUBSTITUTE(SUBSTITUTE(SUBSTITUTE(SUBSTITUTE(SUBSTITUTE(SUBSTITUTE(VLOOKUP(A79,Sheet1!$C:$G,5,0),'De para simbolos'!$A$2,'De para simbolos'!$B$2),'De para simbolos'!$A$3,'De para simbolos'!$B$3),'De para simbolos'!$A$4,'De para simbolos'!$B$4),'De para simbolos'!$A$5,'De para simbolos'!$B$5),'De para simbolos'!$A$6,'De para simbolos'!$B$6),'De para simbolos'!$A$7,'De para simbolos'!$B$7),'De para simbolos'!$A$8,'De para simbolos'!$B$8),'De para simbolos'!$A$9,'De para simbolos'!$B$9),'De para simbolos'!$A$10,'De para simbolos'!$B$10),'De para simbolos'!$A$11,'De para simbolos'!$B$11),'De para simbolos'!$A$12,'De para simbolos'!$B$12),'De para simbolos'!$A$13,'De para simbolos'!$B$13),'De para simbolos'!$A$14,'De para simbolos'!$B$14),'De para simbolos'!$A$15,'De para simbolos'!$B$15),'De para simbolos'!$A$16,'De para simbolos'!$B$16),'De para simbolos'!$A$17,'De para simbolos'!$B$17),'De para simbolos'!$A$18,'De para simbolos'!$B$18),'De para simbolos'!$A$19,'De para simbolos'!$B$19),'De para simbolos'!$A$20,'De para simbolos'!$B$20),'De para simbolos'!$A$21,'De para simbolos'!$B$21),'De para simbolos'!$A$22,'De para simbolos'!$B$22),'De para simbolos'!$A$23,'De para simbolos'!$B$23),'De para simbolos'!$A$24,'De para simbolos'!$B$24) -> #N/A | H79: Excelente sensorial | I79: ART:dcxsaProductCatalog:Online,MS:dcxsaProductCatalog:Online,PF:dcxsaProductCatalog:Online,MS_500:dcxsaProductCatalog:Online,AP_800:dcxsaProductCatalog:Online,AP_1500:dcxsaProductCatalog:Online,AP_1800:dcxsaProductCatalog:Online | J79: false | K79: unapproved | L79: PRODUCT | M79: Base Emulsionante O/A | O79: Wax | P79: Sun Care; AP/Deo; Skin Rinse-off; Body Care; Face Care; Hair Coloring
A80: 30538138 | B80: EMB | C80: EMULGADE YELLOW 1958 | D80: Cetearyl Alcohol (and) Ceteareth-50 (and) Stearyl Alcohol | E80: EMULGADE YELLOW | F80: EMULGADE YELLOW | G80: =SUBSTITUTE(SUBSTITUTE(SUBSTITUTE(SUBSTITUTE(SUBSTITUTE(SUBSTITUTE(SUBSTITUTE(SUBSTITUTE(SUBSTITUTE(SUBSTITUTE(SUBSTITUTE(SUBSTITUTE(SUBSTITUTE(SUBSTITUTE(SUBSTITUTE(SUBSTITUTE(SUBSTITUTE(SUBSTITUTE(SUBSTITUTE(SUBSTITUTE(SUBSTITUTE(SUBSTITUTE(SUBSTITUTE(VLOOKUP(A80,Sheet1!$C:$G,5,0),'De para simbolos'!$A$2,'De para simbolos'!$B$2),'De para simbolos'!$A$3,'De para simbolos'!$B$3),'De para simbolos'!$A$4,'De para simbolos'!$B$4),'De para simbolos'!$A$5,'De para simbolos'!$B$5),'De para simbolos'!$A$6,'De para simbolos'!$B$6),'De para simbolos'!$A$7,'De para simbolos'!$B$7),'De para simbolos'!$A$8,'De para simbolos'!$B$8),'De para simbolos'!$A$9,'De para simbolos'!$B$9),'De para simbolos'!$A$10,'De para simbolos'!$B$10),'De para simbolos'!$A$11,'De para simbolos'!$B$11),'De para simbolos'!$A$12,'De para simbolos'!$B$12),'De para simbolos'!$A$13,'De para simbolos'!$B$13),'De para simbolos'!$A$14,'De para simbolos'!$B$14),'De para simbolos'!$A$15,'De para simbolos'!$B$15),'De para simbolos'!$A$16,'De para simbolos'!$B$16),'De para simbolos'!$A$17,'De para simbolos'!$B$17),'De para simbolos'!$A$18,'De para simbolos'!$B$18),'De para simbolos'!$A$19,'De para simbolos'!$B$19),'De para simbolos'!$A$20,'De para simbolos'!$B$20),'De para simbolos'!$A$21,'De para simbolos'!$B$21),'De para simbolos'!$A$22,'De para simbolos'!$B$22),'De para simbolos'!$A$23,'De para simbolos'!$B$23),'De para simbolos'!$A$24,'De para simbolos'!$B$24) | H80: Produto descontinuado | I80: ART:dcxsaProductCatalog:Online,MS:dcxsaProductCatalog:Online,PF:dcxsaProductCatalog:Online,AP:dcxsaProductCatalog:Online,PG:dcxsaProductCatalog:Online,FU:dcxsaProductCatalog:Online,MS_810:dcxsaProductCatalog:Online,MS_100:dcxsaProductCatalog:Online,MS_500:dcxsaProductCatalog:Online,MS_200:dcxsaProductCatalog:Online,AP_1700:dcxsaProductCatalog:Online,AP_100:dcxsaProductCatalog:Online,AP_300:dcxsaProductCatalog:Online,AP_1500:dcxsaProductCatalog:Online,AP_600:dcxsaProductCatalog:Online,AP_1800:dcxsaProductCatalog:Online,AP_800:dcxsaProductCatalog:Online,AP_500:dcxsaProductCatalog:Online,AP_400:dcxsaProductCatalog:Online,AP_1000:dcxsaProductCatalog:Online,PG_600:dcxsaProductCatalog:Online,FU_700:dcxsaProductCatalog:Online,Emulsifier:dcxsaProductCatalog:Online,MS_1210:dcxsaProductCatalog:Online | K80: unapproved | L80: PRODUCT | M80: Produto descontinuado | O80: #N/A | P80: #N/A
A81: 30527830 | B81: EMB | C81: EMULGADE® 1000 NI | D81: Cetearyl Alcohol (and) Ceteareth-20 | E81: Self-emulsifying, nonionic cream base with very good emulsification properties, suitable for all kinds of O/W emulsions | F81: Base auto emulsionante, não-iônica, aplicável a todo tipo de emulsões cosméticas O/W. | G81: Base autoemulsionable, no iónica, aplicable a todo tipo de emulsiones cosméticas O/W. | H81: Excelente sensorial / Excellent sensory | I81: MS:dcxsaProductCatalog:Online,PF:dcxsaProductCatalog:Online,AP:dcxsaProductCatalog:Online,PG:dcxsaProductCatalog:Online,FU:dcxsaProductCatalog:Online,MS_1400:dcxsaProductCatalog:Online,AP_1500:dcxsaProductCatalog:Online,FU_700:dcxsaProductCatalog:Online,PG_600:dcxsaProductCatalog:Online | J81: false | K81: unapproved | L81: PRODUCT | M81: Base Emulsionante O/A | O81: Pellets | P81: Sun Care; AP/Deo; Skin Rinse-off; Body Care; Face Care; Hair Conditioning/Shampoo; Hair Coloring
A82: 30534308 | B82: EMB | C82: EMULGADE® 165 | D82: Glyceryl Stearate (and) Peg-100 Stearate | E82: All purpose, standard, nonionic self-emulsifying cream base for all kinds of skin care applications. | F82: Base de creme auto emulsionante, não-iônica, ideal para todos os tipos de aplicações de cuidados com a pele. | G82: =SUBSTITUTE(SUBSTITUTE(SUBSTITUTE(SUBSTITUTE(SUBSTITUTE(SUBSTITUTE(SUBSTITUTE(SUBSTITUTE(SUBSTITUTE(SUBSTITUTE(SUBSTITUTE(SUBSTITUTE(SUBSTITUTE(SUBSTITUTE(SUBSTITUTE(SUBSTITUTE(SUBSTITUTE(SUBSTITUTE(SUBSTITUTE(SUBSTITUTE(SUBSTITUTE(SUBSTITUTE(SUBSTITUTE(VLOOKUP(A82,Sheet1!$C:$G,5,0),'De para simbolos'!$A$2,'De para simbolos'!$B$2),'De para simbolos'!$A$3,'De para simbolos'!$B$3),'De para simbolos'!$A$4,'De para simbolos'!$B$4),'De para simbolos'!$A$5,'De para simbolos'!$B$5),'De para simbolos'!$A$6,'De para simbolos'!$B$6),'De para simbolos'!$A$7,'De para simbolos'!$B$7),'De para simbolos'!$A$8,'De para simbolos'!$B$8),'De para simbolos'!$A$9,'De para simbolos'!$B$9),'De para simbolos'!$A$10,'De para simbolos'!$B$10),'De para simbolos'!$A$11,'De para simbolos'!$B$11),'De para simbolos'!$A$12,'De para simbolos'!$B$12),'De para simbolos'!$A$13,'De para simbolos'!$B$13),'De para simbolos'!$A$14,'De para simbolos'!$B$14),'De para simbolos'!$A$15,'De para simbolos'!$B$15),'De para simbolos'!$A$16,'De para simbolos'!$B$16),'De para simbolos'!$A$17,'De para simbolos'!$B$17),'De para simbolos'!$A$18,'De para simbolos'!$B$18),'De para simbolos'!$A$19,'De para simbolos'!$B$19),'De para simbolos'!$A$20,'De para simbolos'!$B$20),'De para simbolos'!$A$21,'De para simbolos'!$B$21),'De para simbolos'!$A$22,'De para simbolos'!$B$22),'De para simbolos'!$A$23,'De para simbolos'!$B$23),'De para simbolos'!$A$24,'De para simbolos'!$B$24) -> #N/A | H82: Excelente sensorial | I82: ART:dcxsaProductCatalog:Online,MS:dcxsaProductCatalog:Online,PF:dcxsaProductCatalog:Online,AP:dcxsaProductCatalog:Online,PG:dcxsaProductCatalog:Online,FU:dcxsaProductCatalog:Online,MS_810:dcxsaProductCatalog:Online,MS_100:dcxsaProductCatalog:Online,MS_500:dcxsaProductCatalog:Online,MS_200:dcxsaProductCatalog:Online,AP_1700:dcxsaProductCatalog:Online,AP_100:dcxsaProductCatalog:Online,AP_300:dcxsaProductCatalog:Online,AP_1500:dcxsaProductCatalog:Online,AP_600:dcxsaProductCatalog:Online,AP_1800:dcxsaProductCatalog:Online,AP_800:dcxsaProductCatalog:Online,AP_500:dcxsaProductCatalog:Online,AP_400:dcxsaProductCatalog:Online,AP_1000:dcxsaProductCatalog:Online,PG_600:dcxsaProductCatalog:Online,FU_700:dcxsaProductCatalog:Online,Emulsifier:dcxsaProductCatalog:Online | J82: true | K82: approved | L82: PRODUCT | M82: Emulsionante O/A | O82: Pellets | P82: Sun Care; AP/Deo; Skin Rinse-off; Body Care; Face Care; Hair Coloring
A83: 30527888 | B83: EMB | C83: EMULGADE® F | D83: Cetearyl Alcohol (and) PEG-40 Castor Oil (and) Sodium Cetearyl Sulfate | E83: Self-emulsifying cream base for various O/W emulsions including hair coloring, suitable for low viscous systems. | F83: Base auto emulsionante aplicável a emulsões do tipo O/W, incluindo coloração capilar. Ideal para sistemas de baixa viscosidade. | G83: =SUBSTITUTE(SUBSTITUTE(SUBSTITUTE(SUBSTITUTE(SUBSTITUTE(SUBSTITUTE(SUBSTITUTE(SUBSTITUTE(SUBSTITUTE(SUBSTITUTE(SUBSTITUTE(SUBSTITUTE(SUBSTITUTE(SUBSTITUTE(SUBSTITUTE(SUBSTITUTE(SUBSTITUTE(SUBSTITUTE(SUBSTITUTE(SUBSTITUTE(SUBSTITUTE(SUBSTITUTE(SUBSTITUTE(VLOOKUP(A83,Sheet1!$C:$G,5,0),'De para simbolos'!$A$2,'De para simbolos'!$B$2),'De para simbolos'!$A$3,'De para simbolos'!$B$3),'De para simbolos'!$A$4,'De para simbolos'!$B$4),'De para simbolos'!$A$5,'De para simbolos'!$B$5),'De para simbolos'!$A$6,'De para simbolos'!$B$6),'De para simbolos'!$A$7,'De para simbolos'!$B$7),'De para simbolos'!$A$8,'De para simbolos'!$B$8),'De para simbolos'!$A$9,'De para simbolos'!$B$9),'De para simbolos'!$A$10,'De para simbolos'!$B$10),'De para simbolos'!$A$11,'De para simbolos'!$B$11),'De para simbolos'!$A$12,'De para simbolos'!$B$12),'De para simbolos'!$A$13,'De para simbolos'!$B$13),'De para simbolos'!$A$14,'De para simbolos'!$B$14),'De para simbolos'!$A$15,'De para simbolos'!$B$15),'De para simbolos'!$A$16,'De para simbolos'!$B$16),'De para simbolos'!$A$17,'De para simbolos'!$B$17),'De para simbolos'!$A$18,'De para simbolos'!$B$18),'De para simbolos'!$A$19,'De para simbolos'!$B$19),'De para simbolos'!$A$20,'De para simbolos'!$B$20),'De para simbolos'!$A$21,'De para simbolos'!$B$21),'De para simbolos'!$A$22,'De para simbolos'!$B$22),'De para simbolos'!$A$23,'De para simbolos'!$B$23),'De para simbolos'!$A$24,'De para simbolos'!$B$24) -> Emulgade® F es una base de crema autoemulsionante para varias emulsiones O / W, incluida la coloración del cabello. Adecuada para sistemas de baja viscosidad | H83: Excelente sensorial / Excellent sensory | I83: MS_1400:dcxsaProductCatalog:Online,MS_310:dcxsaProductCatalog:Online,MS_200:dcxsaProductCatalog:Online,AP_1500:dcxsaProductCatalog:Online,AP_1200:dcxsaProductCatalog:Online,MS:dcxsaProductCatalog:Online,AP:dcxsaProductCatalog:Online,PF:dcxsaProductCatalog:Online,FU_700:dcxsaProductCatalog:Online,PG_600:dcxsaProductCatalog:Online | J83: false | K83: unapproved | L83: PRODUCT | M83: Base Emulsionante O/A | O83: Pellets | P83: Sun Care; Skin Rinse-off; Body Care; Face Care; Hair Coloring
A84: 30528535 | B84: EMB | C84: Dehyquart® EC-A | D84: Hydroxycetyl Hydroxyethyl Dimonium Chloride | E84: Conditioning agent for hair | F84: Conditioning agent for hair | G84: Agente acondicionador para el cabello | H84: Produto descontinuado | I84: MS_310:dcxsaProductCatalog:Online,MS_200:dcxsaProductCatalog:Online,MS:dcxsaProductCatalog:Online,ART:dcxsaProductCatalog:Online,PF:dcxsaProductCatalog:Online,AP_500:dcxsaProductCatalog:Online,AP_700:dcxsaProductCatalog:Online,AP:dcxsaProductCatalog:Online,AP_1200:dcxsaProductCatalog:Online,PG:dcxsaProductCatalog:Online,PG_3000:dcxsaProductCatalog:Online,FU:dcxsaProductCatalog:Online,FU_3700:dcxsaProductCatalog:Online,Surfactant:dcxsaProductCatalog:Online,SU:DcxsaClassification:1.0 | K84: unapproved | L84: PRODUCT | M84: Produto descontinuado | O84: #N/A | P84: #N/A | AG84: Tambor de plástico 210kg
